Workbook

Sheet Cover
L2: HMS Project No. 26013
A13: STATE OF ALASKA
A14: DRAFT ESCALATION COST STUDY
A17: MODEL SCHOOL BUILDING
A18: ANCHORAGE, ALASKA (BASE)
A21: APRIL 2026
A41: 4103 Minnesota Drive • Anchorage, Alaska 99503 p: 907.561.1653 • f: 907.562.0420 • e: mail@hmsalaska.com

Sheet Notes-GFA
A1: MODIFICATIONS BASED ON THE FOLLOWING
A3: LABOR RATES
B5: A.S. Title 36 Minimum Rates of Pay for Laborers and Mechanics, Pamphlet No. 600, Issue 52, effective April 1, 2026.
A7: SBS RATES
B9: Price List February 2026.
A11: PLUMBING PIPING
B13: Ferguson, February 2026; RSMeans 2026; Google product searches.
A15: CONCRETE
B17: Anchorage Sand & Gravel, Spring 2026 based on standard 4,000 lb., 5 1/2 sack mix, 4,000 psi design strength, no air entrainment.
A19: ELECTRICAL WIRE/CONDUIT
B21: Crescent Electric and North Coast Electric, February 2026.
B23: Light fixture pricing is based on review of recent lighting quotes, RSMeans 2026, and Google product searches.
A25: STRUCTURAL STEEL
B27: Steel Fab of Anchorage, Alaska, March 2026.
B29: Bar Joists and Metal Deck, Andy Milner Company, March 2026.

Sheet Escalation Index
A1: ALASKAN CONSTRUCTION ESCALATION INDEX
B2: Base Year 1980 | F2: Estimated Basis for Calculations | H2: 100.00
B4: 1980 | F4: 1038604 | H4: 100
B5: 1981 | F5: 1084425 | H5: 104.4
B6: 1982 | F6: 1125068 | H6: 107.7
B7: 1983 | F7: 1200180 | H7: 115.6
B8: 1984 | F8: 1231503 | H8: 118.6
B9: 1985 | F9: 1222949 | H9: 117.7
B10: 1986 | F10: 1261102 | H10: 121.4
B11: 1987 | F11: 1277361 | H11: 123
B12: 1988 | F12: 1296492 | H12: 124.8
B13: 1989 | F13: 1312471 | H13: 126.4
B14: 1990 | F14: 1368466 | H14: 131.8
B15: 1991 | F15: 1394828 | H15: 134.3
... B20: 1996 | F20: 1518343 | H20: 146.2
B21: 1997* | F21: 5895775 | H21: 146.7
B22: 1998* | F22: 6038745 | H22: 149.12
B23: 1999* | F23: 6146839 | H23: 150.96
B24: 2000* | F24: 6243856 | H24: 152.6
B25: 2001* | F25: 6357677 | H25: 154.53
B26: 2002* | F26: 6829911 | H26: 162.54
B27: 2003* | F27: 7053768 | H27: 166.34
B28: 2004* | F28: 7999739 | H28: 176.57
B29: 2005* | F29: 8719586 | H29: 188.55
B30: 2006* | F30: 9629545 | H30: 198.41
B31: 2007* | F31: 10306665 | H31: 205.73
B32: 2008** | F32: 12742474 | H32: 208.59
... B45: 2021*** | F45: 18537450 | H45: 246.92
B46: 2022 | F46: 21343029 | H46: 262.23
B47: 2023 | F47: 22276520 | H47: 266.6
B48: 2024 | F48: 24147110 | H48: 275
B49: 2025 | F49: 25448744 | H49: 280.39
B50: 2026 | F50: =Summary!I24 -> 27692652 | H50: 289.21
A55: * | B55: These are a representative project which was updated in 1997 through 2007 to reflect, at that time, changes for a representative
B56: project including technological developments.
A58: ** | B58: Improved school including current IT electrical installation, steel structure and other improvements.
A60: *** | B60: Improved school including incorporation of ASHRAE 90.1 envelope requirements.

Sheet Summary
A1: MODEL SCHOOL ESCALATION COST SUMMARY
G2: Material | H2: Labor | I2: Total
B4: =Check!A4 -> 01 - SITE | G4: =SUM(Check!E5:E11) -> 1627157 | H4: =SUM(Check!F5:F11) -> 697519 | I4: =SUM(G4:H4) -> 2324676
B5: =Check!A12 -> 02 - SUBSTRUCTURE | G5: =SUM(Check!E14:E17) -> 538084 | H5: =SUM(Check!F14:F17) -> 598574 | I5: =SUM(G5:H5) -> 1136658
B6: =Check!A18 -> 03 - SUPERSTRUCTURE | G6: =SUM(Check!E19:E21) -> 3252827 | H6: =SUM(Check!F19:F21) -> 712032 | I6: =SUM(G6:H6) -> 3964859
B7: =Check!A22 -> 04 - EXTERIOR CLOSURE | G7: =SUM(Check!E23:E26) -> 1204126 | H7: =SUM(Check!F23:F26) -> 666325 | I7: =SUM(G7:H7) -> 1870451
B8: =Check!A27 -> 05 - ROOF SYSTEMS | G8: =SUM(Check!E28:E30) -> 1311851 | H8: =SUM(Check!F28:F30) -> 809950 | I8: =SUM(G8:H8) -> 2121801
B9: =Check!A36 -> 06 - INTERIORS | G9: =SUM(Check!E37:E42) -> 1830768 | H9: =SUM(Check!F37:F42) -> 1099908 | I9: =SUM(G9:H9) -> 2930676
B10: =Check!A43 -> 07 - CONVEYORS | G10: =Check!E45 -> 0 | H10: =Check!F45 -> 0 | I10: =SUM(G10:H10) -> 0
B11: =Check!A46 -> 08 - MECHANICAL | G11: =SUM(Check!E47:E51) -> 2635116 | H11: =SUM(Check!F47:F51) -> 1322523 | I11: =SUM(G11:H11) -> 3957639
B12: =Check!A52 -> 09 - ELECTRICAL | G12: =SUM(Check!E53:E57) -> 1145370 | H12: =SUM(Check!F53:F57) -> 1009299 | I12: =SUM(G12:H12) -> 2154669
B13: =Check!A58 -> 10 - EQUIPMENT AND FURNISHINGS | G13: =SUM(Check!E59:E60) -> 199260 | H13: =SUM(Check!F59:F60) -> 26188 | I13: =SUM(G13:H13) -> 225448
B14: =Check!A61 -> 11 - SPECIAL CONDITIONS | G14: =SUM(Check!E62:E64) -> 0 | H14: =SUM(Check!F62:F64) -> 0 | I14: =SUM(G14:H14) -> 0
B16: SUBTOTAL: | G16: =SUM(G3:G15) -> 13744559 | H16: =SUM(H3:H15) -> 6942318 | I16: =SUM(I3:I15) -> 20686877
B18: =Check!A67 -> 12 - GENERAL CONDITIONS | I18: =Check!H67 -> 4488261
B20: SUBTOTAL: | I20: =SUM(I15:I18) -> 25175138
B22: =Check!A76 -> 13 - CONTINGENCIES | I22: =Check!H76 -> 2517514
B24: TOTAL ESTIMATED CONSTRUCTION COST: | I24: =SUM(I20:I22) -> 27692652
B25: COST PER SQUARE FOOT: | I25: =I24/I26 -> 668.9 | J25: /SF
B26: GROSS FLOOR AREA: | I26: 41400 | J26: SF

Sheet Check
A1: ELEMENTAL SUMMARY
G2: Total | I2: Cost | J2: Cost
B3: Code and Building System | C3: Quantity | D3: Unit | E3: Material | F3: Labor | G3: Material/Labor | H3: Total Cost | I3: per Unit | J3: per GSF | K3: %
A4: 01 - SITE | C4: 3.44 | D4: ACRE | H4: =SUM(G5:G11) -> 2324676 | I4: 0 | J4: =H4/$C$79 -> 56.15 | K4: =(H4/$H$79) -> 0.0839
B5: ='011'!A4 -> 011 - Reserved | C5: ='011'!B36 -> 0 | D5: ='011'!C36 -> 0 | E5: ='011'!E36 -> 0 | F5: ='011'!G36 -> 0 | G5: =SUM(E5:F5) -> 0 | I5: 0 | J5: =G5/$C$79 -> 0 | K5: =G5/$H$79 -> 0
B6: ='012'!A4 -> 012 - Site Preparation | C6: ='012'!B36 -> 3.44 | D6: ='012'!C36 -> AC | E6: ='012'!E36 -> 852581 | F6: ='012'!G36 -> 452890 | G6: =SUM(E6:F6) -> 1305471 | I6: =G6/C6 -> 379497.38 | J6: =G6/$C$79 -> 31.53 | K6: =G6/$H$79 -> 0.0471
B7: ='013'!A4 -> 013 - Site Improvements | C7: ='013'!B98 -> 77200 | D7: ='013'!C98 -> SISF | E7: ='013'!E98 -> 530389 | F7: ='013'!G98 -> 167888 | G7: =SUM(E7:F7) -> 698277 | I7: =G7/C7 -> 9.05 | J7: =G7/$C$79 -> 16.87 | K7: =G7/$H$79 -> 0.0252
B8: ='014'!A4 -> 014 - Site Structures | C8: ='014'!B36 -> 0 | D8: ='014'!C36 -> STSF | E8: ='014'!E36 -> 0 | F8: ='014'!G36 -> 0 | G8: =SUM(E8:F8) -> 0 | I8: 0 | J8: =G8/$C$79 -> 0 | K8: =G8/$H$79 -> 0
B9: ='015'!A4 -> 015 - Civil/Mechanical Utilities | C9: ='015'!B67 -> 490 | D9: ='015'!C67 -> CMLF | E9: ='015'!E67 -> 184480 | F9: ='015'!G67 -> 33541 | G9: =SUM(E9:F9) -> 218021 | I9: =G9/C9 -> 444.94 | J9: =G9/$C$79 -> 5.27 | K9: =G9/$H$79 -> 0.0079
B10: ='016'!A4 -> 016 - Site Electrical | C10: ='016'!B98 -> 1002 | D10: ='016'!C98 -> SELF | E10: ='016'!E98 -> 59707 | F10: ='016'!G98 -> 43200 | G10: =SUM(E10:F10) -> 102907 | I10: =G10/C10 -> 102.7 | J10: =G10/$C$79 -> 2.49 | K10: =G10/$H$79 -> 0.0037
B11: ='017'!A4 -> 017 - Off-Site Work | C11: ='017'!B36 -> 0 | D11: ='017'!C36 -> OWLS | E11: ='017'!E36 -> 0 | F11: ='017'!G36 -> 0 | G11: =SUM(E11:F11) -> 0 | I11: 0 | J11: =G11/$C$79 -> 0 | K11: =G11/$H$79 -> 0
A12: 02 - SUBSTRUCTURE | C12: 40400 | D12: TFSF | H12: =SUM(G14:G17) -> 1136658 | I12: =H12/C12 -> 28.14 | J12: =H12/$C$79 -> 27.46 | K12: =(H12/$H$79) -> 0.041
B13: 021 - Standard Foundations and
B14: Basements | C14: ='021'!B36 -> 40400 | D14: ='021'!C36 -> FASF | E14: ='021'!E36 -> 287197 | F14: ='021'!G36 -> 407920 | G14: =SUM(E14:F14) -> 695117 | I14: =G14/C14 -> 17.21 | J14: =G14/$C$79 -> 16.79 | K14: =G14/$H$79 -> 0.0251
B15: ='022'!A4 -> 022 - Slab on Grade | C15: ='022'!B36 -> 40400 | D15: ='022'!C36 -> SLSF | E15: ='022'!E36 -> 250887 | F15: ='022'!G36 -> 190654 | G15: =SUM(E15:F15) -> 441541 | I15: =G15/C15 -> 10.93 | J15: =G15/$C$79 -> 10.67 | K15: =G15/$H$79 -> 0.0159
B16: ='023'!A4 -> 023 - Reserved | C16: ='023'!B36 -> 0 | D16: ='023'!C36 -> 0 | E16: ='023'!E36 -> 0 | F16: ='023'!G36 -> 0 | G16: =SUM(E16:F16) -> 0 | I16: 0 | J16: =G16/$C$79 -> 0 | K16: =G16/$H$79 -> 0
B17: ='024'!A4 -> 024 - Special Foundations | C17: ='024'!B36 -> 0 | D17: ='024'!C36 -> SFSF | E17: ='024'!E36 -> 0 | F17: ='024'!G36 -> 0 | G17: =SUM(E17:F17) -> 0 | I17: 0 | J17: =G17/$C$79 -> 0 | K17: =G17/$H$79 -> 0
A18: 03 - SUPERSTRUCTURE | C18: 45170 | D18: SSF | H18: =SUM(G19:G21) -> 3964859 | I18: =H18/C18 -> 87.78 | J18: =H18/$C$79 -> 95.77 | K18: =(H18/$H$79) -> 0.1432
B19: ='031'!A4 -> 031 - Floor Structure | C19: ='031'!B67 -> 1000 | D19: ='031'!C67 -> FSSF | E19: ='031'!E67 -> 101914 | F19: ='031'!G67 -> 26638 | G19: =SUM(E19:F19) -> 128552 | I19: =G19/C19 -> 128.55 | J19: =G19/$C$79 -> 3.11 | K19: =G19/$H$79 -> 0.0046
B20: ='032'!A4 -> 032 - Roof Structure | C20: ='032'!B36 -> 44170 | D20: ='032'!C36 -> RSSF | E20: ='032'!E36 -> 3150913 | F20: ='032'!G36 -> 685394 | G20: =SUM(E20:F20) -> 3836307 | I20: =G20/C20 -> 86.85 | J20: =G20/$C$79 -> 92.66 | K20: =G20/$H$79 -> 0.1385
B21: ='033'!A4 -> 033 - Stairs | C21: ='033'!B36 -> 0 | D21: ='033'!C36 -> FLT | E21: ='033'!E36 -> 0 | F21: ='033'!G36 -> 0 | G21: =SUM(E21:F21) -> 0 | I21: 0 | J21: =G21/$C$79 -> 0 | K21: =G21/$H$79 -> 0
A22: 04 - EXTERIOR CLOSURE | C22: 27165 | D22: ECSF | H22: =SUM(G23:G26) -> 1870451 | I22: =H22/C22 -> 68.86 | J22: =H22/$C$79 -> 45.18 | K22: =(H22/$H$79) -> 0.0675
B23: ='041'!A4 -> 041 - Exterior Walls and Soffits | C23: ='041'!B67 -> 23665 | D23: ='041'!C67 -> EWSF | E23: ='041'!E67 -> 757182 | F23: ='041'!G67 -> 581635 | G23: =SUM(E23:F23) -> 1338817 | I23: =G23/C23 -> 56.57 | J23: =G23/$C$79 -> 32.34 | K23: =G23/$H$79 -> 0.0483
B24: ='042'!A4 -> 042 - Exterior Glazing | C24: ='042'!B36 -> 3500 | D24: ='042'!C36 -> EGSF | E24: ='042'!E36 -> 352902 | F24: ='042'!G36 -> 75072 | G24: =SUM(E24:F24) -> 427974 | I24: =G24/C24 -> 122.28 | J24: =G24/$C$79 -> 10.34 | K24: =G24/$H$79 -> 0.0155
B25: ='043'!A4 -> 043 - Exterior Doors | C25: ='043'!B36 -> 14 | D25: ='043'!C36 -> EDLF | E25: ='043'!E36 -> 94042 | F25: ='043'!G36 -> 9618 | G25: =SUM(E25:F25) -> 103660 | I25: =G25/C25 -> 7404.29 | J25: =G25/$C$79 -> 2.5 | K25: =G25/$H$79 -> 0.0037
B26: ='044'!A4 -> 044 - Exterior Accessories | C26: ='044'!B36 -> 0 | D26: ='044'!C36 -> EASF | E26: ='044'!E36 -> 0 | F26: ='044'!G36 -> 0 | G26: =SUM(E26:F26) -> 0 | I26: 0 | J26: =G26/$C$79 -> 0 | K26: =G26/$H$79 -> 0
A27: 05 - ROOF SYSTEMS | C27: 44170 | D27: RSF | H27: =SUM(G28:G30) -> 2121801 | I27: =H27/C27 -> 48.04 | J27: =H27/$C$79 -> 51.25 | K27: =(H27/$H$79) -> 0.0766
B28: ='051'!A4 -> 051 - Pitched Roof | C28: ='051'!B67 -> 44170 | D28: ='051'!C67 -> PRSF | E28: ='051'!E67 -> 1311851 | F28: ='051'!G67 -> 809950 | G28: =SUM(E28:F28) -> 2121801 | I28: =G28/C28 -> 48.04 | J28: =G28/$C$79 -> 51.25 | K28: =G28/$H$79 -> 0.0766
B29: ='052'!A4 -> 052 - Flat Roof | C29: ='052'!B36 -> 0 | D29: ='052'!C36 -> FRSF | E29: ='052'!E36 -> 0 | F29: ='052'!G36 -> 0 | G29: =SUM(E29:F29) -> 0 | I29: 0 | J29: =G29/$C$79 -> 0 | K29: =G29/$H$79 -> 0
B30: ='053'!A4 -> 053 - Roof Accessories | C30: ='053'!B36 -> 0 | D30: ='053'!C36 -> RASF | E30: ='053'!E36 -> 0 | F30: ='053'!G36 -> 0 | G30: =SUM(E30:F30) -> 0 | I30: 0 | J30: =G30/$C$79 -> 0 | K30: =G30/$H$79 -> 0
A36: 06 - INTERIORS | C36: 49500 | D36: PSF | H36: =SUM(G37:G42) -> 2930676 | I36: =H36/C36 -> 59.21 | J36: =H36/$C$79 -> 70.79 | K36: =(H36/$H$79) -> 0.1058
B37: ='061'!A4 -> 061 - Partitions and Soffits | C37: ='061'!B36 -> 49500 | D37: ='061'!C36 -> PSSF | E37: ='061'!E36 -> 276418 | F37: ='061'!G36 -> 364112 | G37: =SUM(E37:F37) -> 640530 | I37: =G37/C37 -> 12.94 | J37: =G37/$C$79 -> 15.47 | K37: =G37/$H$79 -> 0.0231
B38: ='062'!A4 -> 062 - Special Partitions | C38: ='062'!B36 -> 0 | D38: ='062'!C36 -> SPSF | E38: ='062'!E36 -> 0 | F38: ='062'!G36 -> 0 | G38: =SUM(E38:F38) -> 0 | I38: 0 | J38: =G38/$C$79 -> 0 | K38: =G38/$H$79 -> 0
B39: ='063'!A4 -> 063 - Interior Openings | C39: ='063'!B67 -> 79 | D39: ='063'!C67 -> IOEA | E39: ='063'!E67 -> 318746 | F39: ='063'!G67 -> 68406 | G39: =SUM(E39:F39) -> 387152 | I39: =G39/C39 -> 4900.66 | J39: =G39/$C$79 -> 9.35 | K39: =G39/$H$79 -> 0.014
B40: ='064'!A4 -> 064 - Special Floors | C40: ='064'!B36 -> 0 | D40: ='064'!C36 -> RFSF | E40: ='064'!E36 -> 0 | F40: ='064'!G36 -> 0 | G40: =SUM(E40:F40) -> 0 | I40: 0 | J40: =G40/$C$79 -> 0 | K40: =G40/$H$79 -> 0
B41: ='065'!A4 -> 065 - Interior Finishes | C41: ='065'!B98 -> 190540 | D41: ='065'!C98 -> IFSF | E41: ='065'!E98 -> 783317 | F41: ='065'!G98 -> 536988 | G41: =SUM(E41:F41) -> 1320305 | I41: =G41/C41 -> 6.93 | J41: =G41/$C$79 -> 31.89 | K41: =G41/$H$79 -> 0.0477
B42: ='066'!A4 -> 066 - Specialties | C42: ='066'!B98 -> 2255 | D42: ='066'!C98 -> SGSF | E42: ='066'!E98 -> 452287 | F42: ='066'!G98 -> 130402 | G42: =SUM(E42:F42) -> 582689 | I42: =G42/C42 -> 258.4 | J42: =G42/$C$79 -> 14.07 | K42: =G42/$H$79 -> 0.021
A43: 07 - CONVEYORS | C43: 0 | D43: CEA | H43: =SUM(G44:G45) -> 0 | I43: 0 | J43: =H43/$C$79 -> 0 | K43: =(H43/$H$79) -> 0
B44: ='071'!A4 -> 071 - Passenger Conveyors | C44: ='071'!B36 -> 0 | D44: ='071'!C36 -> STOP | E44: ='071'!E36 -> 0 | F44: ='071'!G36 -> 0 | G44: =SUM(E44:F44) -> 0 | I44: 0 | J44: =G44/$C$79 -> 0 | K44: =G44/$H$79 -> 0
B45: ='072'!A4 -> 072 - Material Handling Systems | C45: ='072'!B36 -> 0 | D45: ='072'!C36 -> MHEA | E45: ='072'!E36 -> 0 | F45: ='072'!G36 -> 0 | G45: =SUM(E45:F45) -> 0 | I45: 0 | J45: =G45/$C$79 -> 0 | K45: =G45/$H$79 -> 0
A46: 08 - MECHANICAL | C46: 8065 | D46: MPLF | H46: =SUM(G47:G51) -> 3957639 | I46: =H46/C46 -> 490.72 | J46: =H46/$C$79 -> 95.6 | K46: =(H46/$H$79) -> 0.1429
B47: ='081'!A4 -> 081 - Plumbing | C47: ='081'!B160 -> 85 | D47: ='081'!C160 -> PFXT | E47: ='081'!E160 -> 202336 | F47: ='081'!G160 -> 190121 | G47: =SUM(E47:F47) -> 392457 | I47: =G47/C47 -> 4617.14 | J47: =G47/$C$79 -> 9.48 | K47: =G47/$H$79 -> 0.0142
B48: ='082'!A4 -> 082 - HVAC | C48: ='082'!B192 -> 68950 | D48: ='082'!C192 -> CFM | E48: ='082'!E192 -> 1999139 | F48: ='082'!G192 -> 715594 | G48: =SUM(E48:F48) -> 2714733 | I48: =G48/C48 -> 39.37 | J48: =G48/$C$79 -> 65.57 | K48: =G48/$H$79 -> 0.098
B49: ='083'!A4 -> 083 - Integrated Automation | C49: ='083'!B36 -> 160 | D49: ='083'!C36 -> IAEA | E49: ='083'!E36 -> 277759 | F49: ='083'!G36 -> 266030 | G49: =SUM(E49:F49) -> 543789 | I49: =G49/C49 -> 3398.68 | J49: =G49/$C$79 -> 13.14 | K49: =G49/$H$79 -> 0.0196
B50: ='084'!A4 -> 084 - Fire Protection | C50: ='084'!B36 -> 41400 | D50: ='084'!C36 -> FPSF | E50: ='084'!E36 -> 135356 | F50: ='084'!G36 -> 144110 | G50: =SUM(E50:F50) -> 279466 | I50: =G50/C50 -> 6.75 | J50: =G50/$C$79 -> 6.75 | K50: =G50/$H$79 -> 0.0101
B51: ='085'!A4 -> 085 - Special Mechanical Systems | C51: ='085'!B36 -> 4 | D51: ='085'!C36 -> SMPT | E51: ='085'!E36 -> 20526 | F51: ='085'!G36 -> 6668 | G51: =SUM(E51:F51) -> 27194 | I51: =G51/C51 -> 6798.5 | J51: =G51/$C$79 -> 0.66 | K51: =G51/$H$79 -> 0.001
A52: 09 - ELECTRICAL | C52: 2200 | D52: TAMP | H52: =SUM(G53:G57) -> 2154669 | I52: =H52/C52 -> 979.4 | J52: =H52/$C$79 -> 52.05 | K52: =(H52/$H$79) -> 0.0778
B53: ='091'!A4 -> 091 - Service and Distribution | C53: ='091'!B67 -> 1600 | D53: ='091'!C67 -> SAMP | E53: ='091'!E67 -> 83378 | F53: ='091'!G67 -> 44534 | G53: =SUM(E53:F53) -> 127912 | I53: =G53/C53 -> 79.95 | J53: =G53/$C$79 -> 3.09 | K53: =G53/$H$79 -> 0.0046
B54: ='092'!A4 -> 092 - Lighting | C54: ='092'!B98 -> 732 | D54: ='092'!C98 -> LFXT | E54: ='092'!E98 -> 365366 | F54: ='092'!G98 -> 327811 | G54: =SUM(E54:F54) -> 693177 | I54: =G54/C54 -> 946.96 | J54: =G54/$C$79 -> 16.74 | K54: =G54/$H$79 -> 0.025
B55: ='093'!A4 -> 093 - Power | C55: ='093'!B98 -> 461 | D55: ='093'!C98 -> PDEA | E55: ='093'!E98 -> 106264 | F55: ='093'!G98 -> 177194 | G55: =SUM(E55:F55) -> 283458 | I55: =G55/C55 -> 614.88 | J55: =G55/$C$79 -> 6.85 | K55: =G55/$H$79 -> 0.0102
B56: ='094'!A4 -> 094 - Special Systems | C56: ='094'!B315 -> 8 | D56: ='094'!C315 -> SEPT | E56: ='094'!E315 -> 422394 | F56: ='094'!G315 -> 419700 | G56: =SUM(E56:F56) -> 842094 | I56: =G56/C56 -> 105261.75 | J56: =G56/$C$79 -> 20.34 | K56: =G56/$H$79 -> 0.0304
B57: ='095'!A4 -> 095 - Other Electrical Systems | C57: ='095'!B67 -> 600 | D57: ='095'!C67 -> EAMP | E57: ='095'!E67 -> 167968 | F57: ='095'!G67 -> 40060 | G57: =SUM(E57:F57) -> 208028 | I57: =G57/C57 -> 346.71 | J57: =G57/$C$79 -> 5.02 | K57: =G57/$H$79 -> 0.0075
A58: 10 - EQUIPMENT AND FURNISHINGS | C58: 177 | D58: EFEA | H58: =SUM(G59:G60) -> 225448 | I58: =H58/C58 -> 1273.72 | J58: =H58/$C$79 -> 5.45 | K58: =(H58/$H$79) -> 0.0081
B59: ='101'!A4 -> 101 - Equipment | C59: ='101'!B67 -> 65 | D59: ='101'!C67 -> EQEA | E59: ='101'!E67 -> 194490 | F59: ='101'!G67 -> 25564 | G59: =SUM(E59:F59) -> 220054 | I59: =G59/C59 -> 3385.45 | J59: =G59/$C$79 -> 5.32 | K59: =G59/$H$79 -> 0.0079
B60: ='102'!A4 -> 102 - Furnishings | C60: ='102'!B36 -> 112 | D60: ='102'!C36 -> FUEA | E60: ='102'!E36 -> 4770 | F60: ='102'!G36 -> 624 | G60: =SUM(E60:F60) -> 5394 | I60: =G60/C60 -> 48.16 | J60: =G60/$C$79 -> 0.13 | K60: =G60/$H$79 -> 0.0002
A61: 11 - SPECIAL CONDITIONS | C61: 0 | D61: SSF | H61: =SUM(G62:G64) -> 0 | I61: 0 | J61: =H61/$C$79 -> 0 | K61: =(H61/$H$79) -> 0
B62: ='111'!A4 -> 111 - Special Construction | C62: ='111'!B36 -> 0 | D62: ='111'!C36 -> SCSF | E62: ='111'!E36 -> 0 | F62: ='111'!G36 -> 0 | G62: =SUM(E62:F62) -> 0 | I62: 0 | J62: =G62/$C$79 -> 0 | K62: =G62/$H$79 -> 0
B63: ='112'!A4 -> 112 - Special Demolition | C63: ='112'!B36 -> 0 | D63: ='112'!C36 -> SCSF | E63: ='112'!E36 -> 0 | F63: ='112'!G36 -> 0 | G63: =SUM(E63:F63) -> 0 | I63: 0 | J63: =G63/$C$79 -> 0 | K63: =G63/$H$79 -> 0
B64: ='113'!A4 -> 113 - Special Site Conditions | C64: ='113'!B36 -> 0 | D64: ='113'!C36 -> EWCY | E64: ='113'!E36 -> 0 | F64: ='113'!G36 -> 0 | G64: =SUM(E64:F64) -> 0 | I64: 0 | J64: =G64/$C$79 -> 0 | K64: =G64/$H$79 -> 0
A65: SUBTOTAL DIRECT COST: | C65: =C79 -> 41400 | D65: GSF | E65: =SUM(E4:E64) -> 13744559 | F65: =SUM(F4:F64) -> 6942318 | G65: =SUM(G4:G64) -> 20686877 | H65: =SUM(H4:H64) -> 20686877 | I65: =H65/C65 -> 499.68 | J65: =H65/$C$79 -> 499.68 | K65: =(H65/$H$79) -> 0.747
A67: 12 - GENERAL CONDITIONS | C67: 14 | D67: MOS | H67: =SUM(G68:G74) -> 4488261 | I67: =H67/C67 -> 320590 | J67: =H67/$C$79 -> 108.41 | K67: =(H67/$H$79) -> 0.1621
B68: ='121'!A4 -> 121 - Mobilization/Demobilization | C68: ='121'!B36 -> 50 | D68: ='121'!C36 -> TONS | E68: ='121'!E36 -> 63875 | F68: ='121'!G36 -> 28205 | G68: =SUM(E68:F68) -> 92080 | I68: =G68/C68 -> 1841.6 | J68: =G68/$C$79 -> 2.22 | K68: =G68/$H$79 -> 0.0033
B69: ='122'!A4 -> 122 - Site Staff | C69: ='122'!B36 -> 14 | D69: ='122'!C36 -> MOS | E69: ='122'!E36 -> 25000 | F69: ='122'!G36 -> 507100 | G69: =SUM(E69:F69) -> 532100 | I69: =G69/C69 -> 38007.14 | J69: =G69/$C$79 -> 12.85 | K69: =G69/$H$79 -> 0.0192
B70: ='123'!A4 -> 123 - Temporary Construction | C70: ='123'!B36 -> 14 | D70: ='123'!C36 -> MOS | E70: ='123'!E36 -> 91640 | F70: ='123'!G36 -> 53419 | G70: =SUM(E70:F70) -> 145059 | I70: =G70/C70 -> 10361.36 | J70: =G70/$C$79 -> 3.5 | K70: =G70/$H$79 -> 0.0052
B71: ='124'!A4 -> 124 - Equipment and Tools | C71: ='124'!B36 -> 14 | D71: ='124'!C36 -> MOS | E71: ='124'!E36 -> 121870 | F71: ='124'!G36 -> 65812 | G71: =SUM(E71:F71) -> 187682 | I71: =G71/C71 -> 13405.86 | J71: =G71/$C$79 -> 4.53 | K71: =G71/$H$79 -> 0.0068
B72: ='125'!A4 -> 125 - Miscellaneous | C72: ='125'!B36 -> 14 | D72: ='125'!C36 -> MOS | E72: ='125'!E36 -> 86000 | F72: ='125'!G36 -> 51966 | G72: =SUM(E72:F72) -> 137966 | I72: =G72/C72 -> 9854.71 | J72: =G72/$C$79 -> 3.33 | K72: =G72/$H$79 -> 0.005
B73: ='126'!A4 -> 126 - Labor Employment Costs | C73: ='126'!B36 -> 0 | D73: ='126'!C36 -> DAYS | E73: ='126'!E36 -> 0 | F73: ='126'!G36 -> 0 | G73: ='126'!I36 -> 0 | I73: 0 | J73: =G73/$C$79 -> 0 | K73: =G73/$H$79 -> 0
B74: ='127'!A4 -> 127 - Mark-Ups | C74: ='127'!B36 -> 0.1495 | D74: ='127'!C36 -> MU% | G74: ='127'!I36 -> 3393374 | I74: N/A | J74: =G74/$C$79 -> 81.97 | K74: =G74/$H$79 -> 0.1225
A75: SUBTOTAL PROJECT COSTS: | C75: =C67 -> 14 | D75: MOS | H75: =SUM(G68:G74) -> 4488261 | I75: =H75/C75 -> 320590 | J75: =H75/$C$79 -> 108.41 | K75: =(H75/$H$79) -> 0.1621
A76: 13 - CONTINGENCIES | C76: =C77 -> 0.1 | D76: TC% | H76: =SUM(G77:G78) -> 2517514 | J76: =H76/$C$79 -> 60.81 | K76: =(H76/$H$79) -> 0.0909
B77: 131 - Estimator's Contingency | C77: ='131'!B36 -> 0.1 | D77: ='131'!C36 -> EST | G77: ='131'!I36 -> 2517514 | I77: N/A | J77: =G77/$C$79 -> 60.81 | K77: =G77/$H$79 -> 0.0909
B78: 132 - Escalation Contingency | C78: ='132'!B36 -> 0 | D78: ='132'!C36 -> ESC | G78: ='132'!I36 -> 0 | I78: N/A | J78: =G78/$C$79 -> 0 | K78: =G78/$H$79 -> 0
A79: TOTAL CONSTRUCTION COST: | C79: =Summary!I26 -> 41400 | D79: GSF | H79: =SUM(H75:H78)+H65 -> 27692652 | J79: =H79/C79 -> 668.9 | K79: =K76+K67+K61+K58+K52+K46+K43+K36+K27+K22+K18+K12+K4 -> 1

Sheet 011
A2: 01 - SITE | D2: MATERIAL/EQUIPMENT | F2: LABOR | H2: TOTAL | I2: TOTAL
B3: QUANTITY | C3: UNIT | D3: RATE | E3: TOTAL | F3: HOURS | G3: TOTAL | H3: UNIT RATE | I3: MATERIAL/LABOR
A4: 011 - Reserved | D4: $ | E4: $ | G4: $ | H4: $ | I4: $
E6: =B6*D6 -> 0 | G6: =B6*F6 -> 0 | H6: =D6+F6 -> 0 | I6: =SUM(E6,G6) -> 0
E7: =B7*D7 -> 0 | G7: =B7*F7 -> 0 | H7: =D7+F7 -> 0 | I7: =SUM(E7,G7) -> 0
E8: =B8*D8 -> 0 | G8: =B8*F8 -> 0 | H8: =D8+F8 -> 0 | I8: =SUM(E8,G8) -> 0
E9: =B9*D9 -> 0 | G9: =B9*F9 -> 0 | H9: =D9+F9 -> 0 | I9: =SUM(E9,G9) -> 0
E10: =B10*D10 -> 0 | G10: =B10*F10 -> 0 | H10: =D10+F10 -> 0 | I10: =SUM(E10,G10) -> 0
E11: =B11*D11 -> 0 | G11: =B11*F11 -> 0 | H11: =D11+F11 -> 0 | I11: =SUM(E11,G11) -> 0
E12: =B12*D12 -> 0 | G12: =B12*F12 -> 0 | H12: =D12+F12 -> 0 | I12: =SUM(E12,G12) -> 0
E13: =B13*D13 -> 0 | G13: =B13*F13 -> 0 | H13: =D13+F13 -> 0 | I13: =SUM(E13,G13) -> 0
E14: =B14*D14 -> 0 | G14: =B14*F14 -> 0 | H14: =D14+F14 -> 0 | I14: =SUM(E14,G14) -> 0
E15: =B15*D15 -> 0 | G15: =B15*F15 -> 0 | H15: =D15+F15 -> 0 | I15: =SUM(E15,G15) -> 0
E16: =B16*D16 -> 0 | G16: =B16*F16 -> 0 | H16: =D16+F16 -> 0 | I16: =SUM(E16,G16) -> 0
E17: =B17*D17 -> 0 | G17: =B17*F17 -> 0 | H17: =D17+F17 -> 0 | I17: =SUM(E17,G17) -> 0
... E26: =B26*D26 -> 0 | G26: =B26*F26 -> 0 | H26: =D26+F26 -> 0 | I26: =SUM(E26,G26) -> 0
A27: SUBTOTAL: | E27: =SUM(E1:E26) -> 0 | G27: =SUM(G1:G26) -> 0 | I27: =SUM(I1:I26) -> 0
A29: Labor Premium Time | B29: ='Notes-GFA'!$C$14 -> 0 | G29: =G27*B29 -> 0 | I29: =G29 -> 0
E30: =B30*D30 -> 0 | G30: =B30*F30 -> 0 | H30: =D30+F30 -> 0 | I30: =SUM(E30,G30) -> 0
E31: =B31*D31 -> 0 | G31: =B31*F31 -> 0 | H31: =D31+F31 -> 0 | I31: =SUM(E31,G31) -> 0
E32: =B32*D32 -> 0 | G32: =B32*F32 -> 0 | H32: =D32+F32 -> 0 | I32: =SUM(E32,G32) -> 0
E33: =B33*D33 -> 0 | G33: =B33*F33 -> 0 | H33: =D33+F33 -> 0 | I33: =SUM(E33,G33) -> 0
E34: =B34*D34 -> 0 | G34: =B34*F34 -> 0 | H34: =D34+F34 -> 0 | I34: =SUM(E34,G34) -> 0
E35: =B35*D35 -> 0 | G35: =B35*F35 -> 0 | H35: =D35+F35 -> 0 | I35: =SUM(E35,G35) -> 0
A36: TOTAL ESTIMATED COST: | E36: =SUM(E27:E35) -> 0 | G36: =SUM(G27:G35) -> 0 | I36: =SUM(I27:I35) -> 0

Sheet 012
A2: 01 - SITE | D2: MATERIAL/EQUIPMENT | F2: LABOR | H2: TOTAL | I2: TOTAL
B3: QUANTITY | C3: UNIT | D3: RATE | E3: TOTAL | F3: HOURS | G3: TOTAL | H3: UNIT RATE | I3: MATERIAL/LABOR
A4: 012 - Site Preparation | D4: $ | E4: $ | G4: $ | H4: $ | I4: $
E6: =B6*D6 -> 0 | G6: =B6*F6 -> 0 | H6: =D6+F6 -> 0 | I6: =SUM(E6,G6) -> 0
A7: Clear site, grub up roots and remove from site | E7: =B7*D7 -> 0 | G7: =B7*F7 -> 0
A8: (excludes trees) | B8: 3.44 | C8: AC | D8: 2805 | E8: =B8*D8 -> 9649 | F8: 48 | G8: =B8*F8 -> 165.12
E9: =B9*D9 -> 0 | G9: =B9*F9 -> 0 | H9: =D9+F9 -> 0 | I9: =SUM(E9,G9) -> 0
A10: Staking and survey | B10: 3.44 | C10: AC | D10: 1000 | E10: =B10*D10 -> 3440 | F10: 76.35 | G10: =B10*F10 -> 262.64
E11: =B11*D11 -> 0 | G11: =B11*F11 -> 0
A12: SWPPP including inspection and | E12: =B12*D12 -> 0 | G12: =B12*F12 -> 0
A13: maintenance | B13: 1 | C13: LOT | D13: 20000 | E13: =B13*D13 -> 20000 | F13: 240 | G13: =B13*F13 -> 240
E14: =B14*D14 -> 0 | G14: =B14*F14 -> 0
A15: Dewatering pump | B15: 12 | C15: WKS | D15: 1295 | E15: =B15*D15 -> 15540 | F15: 10 | G15: =B15*F15 -> 120
E16: =B16*D16 -> 0 | G16: =B16*F16 -> 0
A17: Excavate and remove material from site | B17: 16660 | C17: CY | D17: 15 | E17: =B17*D17 -> 249900 | F17: 0.105 | G17: =B17*F17 -> 1749.3
E18: =B18*D18 -> 0 | G18: =B18*F18 -> 0
A19: Geotextile fabric | B19: 2300 | C19: SY | D19: 1.95 | E19: =B19*D19 -> 4485 | F19: 0.016 | G19: =B19*F19 -> 36.8
E20: =B20*D20 -> 0 | G20: =B20*F20 -> 0
A21: Type 2 fill and compaction, 4" minus | B21: 22200 | C21: CY | D21: 24.46 | E21: =B21*D21 -> 543012 | F21: 0.105 | G21: =B21*F21 -> 2331
E22: =B22*D22 -> 0 | G22: =B22*F22 -> 0
A23: Dust control | B23: 1 | C23: LOT | D23: 2055 | E23: =B23*D23 -> 2055 | F23: 100 | G23: =B23*F23 -> 100
E24: =B24*D24 -> 0 | G24: =B24*F24 -> 0
A25: Compaction tests | B25: 20 | C25: EA | D25: 225 | E25: =B25*D25 -> 4500 | F25: 0 | G25: =B25*F25 -> 0
E26: =B26*D26 -> 0 | G26: =B26*F26 -> 0 | H26: =D26+F26 -> 0 | I26: =SUM(E26,G26) -> 0
A27: TOTAL LABOR HOURS: | E27: =B27*D27 -> 0 | G27: =SUM(G1:G26) -> 5004.86 | H27: Hours
A29: Labor Rate | G29: ='Labor Rates'!M23 -> 90.49 | H29: /Hour
E32: =B32*D32 -> 0 | G32: =B32*F32 -> 0 | H32: =D32+F32 -> 0 | I32: =SUM(E32,G32) -> 0
E33: =B33*D33 -> 0 | G33: =B33*F33 -> 0 | H33: =D33+F33 -> 0 | I33: =SUM(E33,G33) -> 0
E34: =B34*D34 -> 0 | G34: =B34*F34 -> 0 | H34: =D34+F34 -> 0 | I34: =SUM(E34,G34) -> 0
E35: =B35*D35 -> 0 | G35: =B35*F35 -> 0 | H35: =D35+F35 -> 0 | I35: =SUM(E35,G35) -> 0
A36: TOTAL ESTIMATED COST: | B36: 3.44 | C36: AC | E36: =SUM(E1:E35) -> 852581 | G36: =G27*G29 -> 452890 | I36: =E36+G36 -> 1305471

Sheet 013
A2: 01 - SITE | D2: MATERIAL/EQUIPMENT | F2: LABOR | H2: TOTAL | I2: TOTAL
B3: QUANTITY | C3: UNIT | D3: RATE | E3: TOTAL | F3: HOURS | G3: TOTAL | H3: UNIT RATE | I3: MATERIAL/LABOR
A4: 013 - Site Improvements | D4: $ | E4: $ | G4: $ | H4: $ | I4: $
E6: =B6*D6 -> 0 | G6: =B6*F6 -> 0 | H6: =D6+F6 -> 0 | I6: =SUM(E6,G6) -> 0
A7: VEHICULAR SURFACES | E7: =B7*D7 -> 0 | G7: =B7*F7 -> 0 | H7: =D7+F7 -> 0 | I7: =SUM(E7,G7) -> 0
E8: =B8*D8 -> 0 | G8: =B8*F8 -> 0 | H8: =D8+F8 -> 0 | I8: =SUM(E8,G8) -> 0
A9: Type 2 fill and compaction, 4" minus | B9: 756 | C9: CY | D9: 24.46 | E9: =B9*D9 -> 18492 | F9: 0.105 | G9: =B9*F9 -> 79.38
E10: =B10*D10 -> 0 | G10: =B10*F10 -> 0
A11: 4" D1 base course | B11: 117 | C11: CY | D11: 39.63 | E11: =B11*D11 -> 4637 | F11: 0.125 | G11: =B11*F11 -> 14.63
E12: =B12*D12 -> 0 | G12: =B12*F12 -> 0
A13: 2" asphalt paving | B13: 8400 | C13: SF | D13: 1.9 | E13: =B13*D13 -> 15960 | F13: 0.016 | G13: =B13*F13 -> 134.4
E14: =B14*D14 -> 0 | G14: =B14*F14 -> 0
A15: Joint to existing | B15: 100 | C15: LF | D15: 2.5 | E15: =B15*D15 -> 250 | F15: 0.046 | G15: =B15*F15 -> 4.6
E16: =B16*D16 -> 0 | G16: =B16*F16 -> 0 | H16: =D16+F16 -> 0 | I16: =SUM(E16,G16) -> 0
A17: Marking | B17: 300 | C17: LF | D17: 0.95 | E17: =B17*D17 -> 285 | F17: 0.018 | G17: =B17*F17 -> 5.4
E18: =B18*D18 -> 0 | G18: =B18*F18 -> 0
A19: 24" diameter, 14 gauge CMP culvert | B19: 40 | C19: LF | D19: 57.6 | E19: =B19*D19 -> 2304 | F19: 0.29 | G19: =B19*F19 -> 11.6
E20: =B20*D20 -> 0 | G20: =B20*F20 -> 0
A21: Traffic sign, post and footing | B21: 2 | C21: EA | D21: 312 | E21: =B21*D21 -> 624 | F21: 4.37 | G21: =B21*F21 -> 8.74
E22: =B22*D22 -> 0 | G22: =B22*F22 -> 0
A23: Concrete curbs | B23: 1000 | C23: LF | D23: 23 | E23: =B23*D23 -> 23000 | F23: 0.18 | G23: =B23*F23 -> 180
E24: =B24*D24 -> 0 | G24: =B24*F24 -> 0 | H24: =D24+F24 -> 0 | I24: =SUM(E24,G24) -> 0
A25: 4" concrete walks | B25: 1800 | C25: SF | D25: 6.51 | E25: =B25*D25 -> 11718 | F25: 0.055 | G25: =B25*F25 -> 99
E26: =B26*D26 -> 0 | G26: =B26*F26 -> 0
A27: LANDSCAPING AND IRRIGATION | E27: =B27*D27 -> 0 | G27: =B27*F27 -> 0
E28: =B28*D28 -> 0 | G28: =B28*F28 -> 0
A29: Topsoil | B29: 800 | C29: CY | D29: 42 | E29: =B29*D29 -> 33600 | F29: 0.125 | G29: =B29*F29 -> 100
E30: =B30*D30 -> 0 | G30: =B30*F30 -> 0
A31: Seeding | B31: 9 | C31: MSF | D31: 295 | E31: =B31*D31 -> 2655 | F31: 3.68 | G31: =B31*F31 -> 33.12
E32: =B32*D32 -> 0 | G32: =B32*F32 -> 0
A33: 6'0" to 8'0" birch | B33: 20 | C33: EA | D33: 500 | E33: =B33*D33 -> 10000 | F33: 1.6 | G33: =B33*F33 -> 32
E34: =B34*D34 -> 0 | G34: =B34*F34 -> 0
A35: 8'0" to 10'0" mountain ash | B35: 25 | C35: EA | D35: 595 | E35: =B35*D35 -> 14875 | F35: 2 | G35: =B35*F35 -> 50
E36: =B36*D36 -> 0 | G36: =B36*F36 -> 0
E37: =B37*D37 -> 0 | G37: =B37*F37 -> 0
A38: LANDSCAPING AND IRRIGATION (Continued) | E38: =B38*D38 -> 0 | G38: =B38*F38 -> 0
E39: =B39*D39 -> 0 | G39: =B39*F39 -> 0
A40: 6'0" to 8'0" crab apple | B40: 35 | C40: EA | D40: 595 | E40: =B40*D40 -> 20825 | F40: 1.6 | G40: =B40*F40 -> 56
E41: =B41*D41 -> 0 | G41: =B41*F41 -> 0
A42: 15" to 18" cotoneaster | B42: 75 | C42: EA | D42: 52.5 | E42: =B42*D42 -> 3938 | F42: 0.35 | G42: =B42*F42 -> 26.25
E43: =B43*D43 -> 0 | G43: =B43*F43 -> 0
A44: 3'0" to 4'0" spirea | B44: 75 | C44: EA | D44: 52.5 | E44: =B44*D44 -> 3938 | F44: 0.45 | G44: =B44*F44 -> 33.75
E45: =B45*D45 -> 0 | G45: =B45*F45 -> 0
A46: Aluminum edging with stakes | B46: 800 | C46: LF | D46: 3.2 | E46: =B46*D46 -> 2560 | F46: 0.059 | G46: =B46*F46 -> 47.2
E47: =B47*D47 -> 0 | G47: =B47*F47 -> 0
A48: Mulch wood chips | B48: 2500 | C48: SF | D48: 3 | E48: =B48*D48 -> 7500 | F48: 0.004 | G48: =B48*F48 -> 10
E49: =B49*D49 -> 0 | G49: =B49*F49 -> 0
A50: SITE FURNISHINGS AND EQUIPMENT | E50: =B50*D50 -> 0 | G50: =B50*F50 -> 0
E51: =B51*D51 -> 0 | G51: =B51*F51 -> 0
A52: Building sign | B52: 1 | C52: EA | D52: 6500 | E52: =B52*D52 -> 6500 | F52: 24.5 | G52: =B52*F52 -> 24.5
E53: =B53*D53 -> 0 | G53: =B53*F53 -> 0
A54: 14-bike rack | B54: 1 | C54: EA | D54: 1465 | E54: =B54*D54 -> 1465 | F54: 3.3 | G54: =B54*F54 -> 3.3
E55: =B55*D55 -> 0 | G55: =B55*F55 -> 0
A56: 8'0" aluminum bench with back | B56: 1 | C56: EA | D56: 2600 | E56: =B56*D56 -> 2600 | F56: 1.8 | G56: =B56*F56 -> 1.8
E57: =B57*D57 -> 0 | G57: =B57*F57 -> 0
A58: 24" square x 30" high trash receptacle | B58: 1 | C58: EA | D58: 1145 | E58: =B58*D58 -> 1145 | F58: 1.55 | G58: =B58*F58 -> 1.55
E59: =B59*D59 -> 0 | G59: =B59*F59 -> 0
A60: 30'0" aluminum flag pole and concrete base | B60: 1 | C60: EA | D60: 5210 | E60: =B60*D60 -> 5210 | F60: 13.9 | G60: =B60*F60 -> 13.9
E61: =B61*D61 -> 0 | G61: =B61*F61 -> 0
A62: PLAYGROUNDS AND PLAY FIELDS | E62: =B62*D62 -> 0 | G62: =B62*F62 -> 0
E63: =B63*D63 -> 0 | G63: =B63*F63 -> 0
A64: 50'0"x60'0" game time composite play | E64: =B64*D64 -> 0 | G64: =B64*F64 -> 0
A65: structure | B65: 1 | C65: EA | D65: 85000 | E65: =B65*D65 -> 85000 | F65: 110 | G65: =B65*F65 -> 110
E66: =B66*D66 -> 0 | G66: =B66*F66 -> 0
A67: Two-seat structure swing set | B67: 4 | C67: EA | D67: 2010 | E67: =B67*D67 -> 8040 | F67: 8 | G67: =B67*F67 -> 32
E68: =B68*D68 -> 0 | G68: =B68*F68 -> 0
A69: PLAYGROUNDS AND PLAY FIELDS (Continued) | E69: =B69*D69 -> 0 | G69: =B69*F69 -> 0
E70: =B70*D70 -> 0 | G70: =B70*F70 -> 0
A71: 4'0" crawl tube | B71: 1 | C71: EA | D71: 1805 | E71: =B71*D71 -> 1805 | F71: 3 | G71: =B71*F71 -> 3
E72: =B72*D72 -> 0 | G72: =B72*F72 -> 0
A73: Soccer goals (two each) | B73: 1 | C73: SET | D73: 5530 | E73: =B73*D73 -> 5530 | F73: 15.4 | G73: =B73*F73 -> 15.4
E74: =B74*D74 -> 0 | G74: =B74*F74 -> 0
A75: 2 1/2" thick interlocking rubber tiles, | E75: =B75*D75 -> 0 | G75: =B75*F75 -> 0
A76: 24"x24" safety surface | B76: 4000 | C76: SF | D76: 23.7 | E76: =B76*D76 -> 94800 | F76: 0.055 | G76: =B76*F76 -> 220
E77: =B77*D77 -> 0 | G77: =B77*F77 -> 0 | H77: =D77+F77 -> 0 | I77: =SUM(E77,G77) -> 0
A78: FENCING AND GATES | E78: =B78*D78 -> 0 | G78: =B78*F78 -> 0 | H78: =D78+F78 -> 0 | I78: =SUM(E78,G78) -> 0
E79: =B79*D79 -> 0 | G79: =B79*F79 -> 0 | H79: =D79+F79 -> 0 | I79: =SUM(E79,G79) -> 0
A80: 6'0" high chainlink fence | B80: 2500 | C80: LF | D80: 55.64 | E80: =B80*D80 -> 139100 | F80: 0.2 | G80: =B80*F80 -> 500
E81: =B81*D81 -> 0 | G81: =B81*F81 -> 0
A82: 6'0"x10'0" gate | B82: 1 | C82: EA | D82: 2033 | E82: =B82*D82 -> 2033 | F82: 3.8 | G82: =B82*F82 -> 3.8
E83: =B83*D83 -> 0 | G83: =B83*F83 -> 0 | H83: =D83+F83 -> 0 | I83: =SUM(E83,G83) -> 0
A84: TOTAL LABOR HOURS: | E84: =B84*D84 -> 0 | G84: =SUM(G1:G83) -> 1855.32 | H84: Hours
A86: Labor Rate | G86: ='Labor Rates'!M23 -> 90.49 | H86: /Hour
E95: =B95*D95 -> 0 | G95: =B95*F95 -> 0 | H95: =D95+F95 -> 0 | I95: =SUM(E95,G95) -> 0
E96: =B96*D96 -> 0 | G96: =B96*F96 -> 0 | H96: =D96+F96 -> 0 | I96: =SUM(E96,G96) -> 0
E97: =B97*D97 -> 0 | G97: =B97*F97 -> 0 | H97: =D97+F97 -> 0 | I97: =SUM(E97,G97) -> 0
A98: TOTAL ESTIMATED COST: | B98: 77200 | C98: SISF | E98: =SUM(E1:E97) -> 530389 | G98: =G84*G86 -> 167888 | I98: =G98+E98 -> 698277

Sheet 014
A2: 01 - SITE | D2: MATERIAL/EQUIPMENT | F2: LABOR | H2: TOTAL | I2: TOTAL
B3: QUANTITY | C3: UNIT | D3: RATE | E3: TOTAL | F3: HOURS | G3: TOTAL | H3: UNIT RATE | I3: MATERIAL/LABOR
A4: 014 - Site Structures | D4: $ | E4: $ | G4: $ | H4: $ | I4: $
E6: =B6*D6 -> 0 | G6: =B6*F6 -> 0 | H6: =D6+F6 -> 0 | I6: =SUM(E6,G6) -> 0
E7: =B7*D7 -> 0 | G7: =B7*F7 -> 0 | H7: =D7+F7 -> 0 | I7: =SUM(E7,G7) -> 0
E8: =B8*D8 -> 0 | G8: =B8*F8 -> 0 | H8: =D8+F8 -> 0 | I8: =SUM(E8,G8) -> 0
E9: =B9*D9 -> 0 | G9: =B9*F9 -> 0 | H9: =D9+F9 -> 0 | I9: =SUM(E9,G9) -> 0
E10: =B10*D10 -> 0 | G10: =B10*F10 -> 0 | H10: =D10+F10 -> 0 | I10: =SUM(E10,G10) -> 0
E11: =B11*D11 -> 0 | G11: =B11*F11 -> 0 | H11: =D11+F11 -> 0 | I11: =SUM(E11,G11) -> 0
E12: =B12*D12 -> 0 | G12: =B12*F12 -> 0 | H12: =D12+F12 -> 0 | I12: =SUM(E12,G12) -> 0
E13: =B13*D13 -> 0 | G13: =B13*F13 -> 0 | H13: =D13+F13 -> 0 | I13: =SUM(E13,G13) -> 0
E14: =B14*D14 -> 0 | G14: =B14*F14 -> 0 | H14: =D14+F14 -> 0 | I14: =SUM(E14,G14) -> 0
E15: =B15*D15 -> 0 | G15: =B15*F15 -> 0 | H15: =D15+F15 -> 0 | I15: =SUM(E15,G15) -> 0
E16: =B16*D16 -> 0 | G16: =B16*F16 -> 0 | H16: =D16+F16 -> 0 | I16: =SUM(E16,G16) -> 0
E17: =B17*D17 -> 0 | G17: =B17*F17 -> 0 | H17: =D17+F17 -> 0 | I17: =SUM(E17,G17) -> 0
... E35: =B35*D35 -> 0 | G35: =B35*F35 -> 0 | H35: =D35+F35 -> 0 | I35: =SUM(E35,G35) -> 0
A36: TOTAL ESTIMATED COST: | C36: STSF | E36: =SUM(E1:E35) -> 0 | G36: =SUM(G30:G35) -> 0 | I36: =G36+E36 -> 0

Sheet 015
A2: 01 - SITE | D2: MATERIAL/EQUIPMENT | F2: LABOR | H2: TOTAL | I2: TOTAL
B3: QUANTITY | C3: UNIT | D3: RATE | E3: TOTAL | F3: HOURS | G3: TOTAL | H3: UNIT RATE | I3: MATERIAL/LABOR
A4: 015 - Civil/Mechanical Utilities | D4: $ | E4: $ | G4: $ | H4: $ | I4: $
E6: =B6*D6 -> 0 | G6: =B6*F6 -> 0 | H6: =D6+F6 -> 0 | I6: =SUM(E6,G6) -> 0
A7: Trench for gas pipe with bedding and tape | B7: 100 | C7: LF | D7: 7.08 | E7: =B7*D7 -> 708 | F7: 0.1 | G7: =B7*F7 -> 10
E8: =B8*D8 -> 0 | G8: =B8*F8 -> 0 | H8: =D8+F8 -> 0 | I8: =SUM(E8,G8) -> 0
A9: SANITARY SEWER | E9: =B9*D9 -> 0 | G9: =B9*F9 -> 0 | H9: =D9+F9 -> 0 | I9: =SUM(E9,G9) -> 0
E10: =B10*D10 -> 0 | G10: =B10*F10 -> 0 | H10: =D10+F10 -> 0 | I10: =SUM(E10,G10) -> 0
A11: 4" diameter DI sewer line | B11: 150 | C11: LF | D11: 163.93 | E11: =B11*D11 -> 24590 | F11: 0.3 | G11: =B11*F11 -> 45
E12: =B12*D12 -> 0 | G12: =B12*F12 -> 0
A13: Manhole | B13: 1 | C13: EA | D13: 10229 | E13: =B13*D13 -> 10229 | F13: 30 | G13: =B13*F13 -> 30
E14: =B14*D14 -> 0 | G14: =B14*F14 -> 0
A15: Connect to existing | B15: 1 | C15: EA | D15: 413 | E15: =B15*D15 -> 413 | F15: 3 | G15: =B15*F15 -> 3
E16: =B16*D16 -> 0 | G16: =B16*F16 -> 0
A17: WATER SYSTEM | E17: =B17*D17 -> 0 | G17: =B17*F17 -> 0
E18: =B18*D18 -> 0 | G18: =B18*F18 -> 0
A19: 4" diameter DI water main and fittings | B19: 200 | C19: LF | D19: 163.93 | E19: =B19*D19 -> 32786 | F19: 0.3 | G19: =B19*F19 -> 60
E20: =B20*D20 -> 0 | G20: =B20*F20 -> 0
A21: 4" hydrant | B21: 1 | C21: EA | D21: 5626.83 | E21: =B21*D21 -> 5627 | F21: 27.25 | G21: =B21*F21 -> 27.25
E22: =B22*D22 -> 0 | G22: =B22*F22 -> 0
A23: 4" valve, valve box and marker, 10'0" deep | B23: 1 | C23: EA | D23: 1425 | E23: =B23*D23 -> 1425 | F23: 3.85 | G23: =B23*F23 -> 3.85
E24: =B24*D24 -> 0 | G24: =B24*F24 -> 0
A25: Connect to existing | B25: 1 | C25: EA | D25: 413 | E25: =B25*D25 -> 413 | F25: 7.24 | G25: =B25*F25 -> 7.24
E26: =B26*D26 -> 0 | G26: =B26*F26 -> 0
A27: Excavate trench, backfill, and warning tape | B27: 350 | C27: LF | D27: 13.12 | E27: =B27*D27 -> 4592 | F27: 0.21 | G27: =B27*F27 -> 73.5
E28: =B28*D28 -> 0 | G28: =B28*F28 -> 0
A29: Testing and cleaning | B29: 1 | C29: LOT | D29: 156 | E29: =B29*D29 -> 156 | F29: 16 | G29: =B29*F29 -> 16
E30: =B30*D30 -> 0 | G30: =B30*F30 -> 0
A31: FUEL SYSTEMS | E31: =B31*D31 -> 0 | G31: =B31*F31 -> 0
E32: =B32*D32 -> 0 | G32: =B32*F32 -> 0
A33: 5,000 gallon FireGuard double wall, above | E33: =B33*D33 -> 0 | G33: =B33*F33 -> 0
A34: grade fuel oil tank | B34: 1 | C34: EA | D34: 84800 | E34: =B34*D34 -> 84800 | F34: 11 | G34: =B34*F34 -> 11
E35: =B35*D35 -> 0 | G35: =B35*F35 -> 0
A36: Leak detection system | B36: 1 | C36: LOT | D36: 9306 | E36: =B36*D36 -> 9306 | F36: 6.5 | G36: =B36*F36 -> 6.5
E37: =B37*D37 -> 0 | G37: =B37*F37 -> 0
A38: FUEL SYSTEMS (Continued) | E38: =B38*D38 -> 0 | G38: =B38*F38 -> 0
E39: =B39*D39 -> 0 | G39: =B39*F39 -> 0
A40: Fuel for testing | B40: 500 | C40: GAL | D40: 5.8 | E40: =B40*D40 -> 2900 | F40: 0.004 | G40: =B40*F40 -> 2
E41: =B41*D41 -> 0 | G41: =B41*F41 -> 0
A42: 1" diameter black steel pipe and fittings | B42: 140 | C42: LF | D42: 5.04 | E42: =B42*D42 -> 706 | F42: 0.228 | G42: =B42*F42 -> 31.92
E43: =B43*D43 -> 0 | G43: =B43*F43 -> 0
A44: Trench, backfilling and tape | B44: 100 | C44: LF | D44: 7.08 | E44: =B44*D44 -> 708 | F44: 0.1 | G44: =B44*F44 -> 10
E45: =B45*D45 -> 0 | G45: =B45*F45 -> 0
A46: 4'0"x8'0" concrete pad | B46: 1 | C46: EA | D46: 1378 | E46: =B46*D46 -> 1378 | F46: 7 | G46: =B46*F46 -> 7
E47: =B47*D47 -> 0 | G47: =B47*F47 -> 0
A48: 6'0" chainlink fence | B48: 28 | C48: LF | D48: 55 | E48: =B48*D48 -> 1540 | F48: 0.2 | G48: =B48*F48 -> 5.6
E49: =B49*D49 -> 0 | G49: =B49*F49 -> 0
A50: 6'0"x10'0" gate | B50: 1 | C50: EA | D50: 2033 | E50: =B50*D50 -> 2033 | F50: 3.8 | G50: =B50*F50 -> 3.8
E51: =B51*D51 -> 0 | G51: =B51*F51 -> 0
A52: Testing | B52: 1 | C52: LOT | D52: 170 | E52: =B52*D52 -> 170 | F52: 17 | G52: =B52*F52 -> 17
E53: =B53*D53 -> 0 | G53: =B53*F53 -> 0 | H53: =D53+F53 -> 0 | I53: =SUM(E53,G53) -> 0
A54: TOTAL LABOR HOURS: | E54: =B54*D54 -> 0 | G54: =SUM(G1:G53) -> 370.66 | H54: Hours
A56: Labor Rate | G56: ='Labor Rates'!M23 -> 90.49 | H56: /Hour
E66: =B66*D66 -> 0 | G66: =B66*F66 -> 0 | H66: =D66+F66 -> 0 | I66: =SUM(E66,G66) -> 0
A67: TOTAL ESTIMATED COST: | B67: 490 | C67: CMLF | E67: =SUM(E1:E66) -> 184480 | G67: =G54*G56 -> 33541 | I67: =G67+E67 -> 218021

Sheet 016
A2: 01 - SITE | D2: MATERIAL/EQUIPMENT | F2: LABOR | H2: TOTAL | I2: TOTAL
B3: QUANTITY | C3: UNIT | D3: RATE | E3: TOTAL | F3: HOURS | G3: TOTAL | H3: UNIT RATE | I3: MATERIAL/LABOR
A4: 016 - Site Electrical | D4: $ | E4: $ | G4: $ | H4: $ | I4: $
E6: =B6*D6 -> 0 | G6: =B6*F6 -> 0 | H6: =D6+F6 -> 0 | I6: =SUM(E6,G6) -> 0
A7: ELECTRICAL SERVICE AND DISTRIBUTION | E7: =B7*D7 -> 0 | G7: =B7*F7 -> 0 | H7: =D7+F7 -> 0 | I7: =SUM(E7,G7) -> 0
E8: =B8*D8 -> 0 | G8: =B8*F8 -> 0 | H8: =D8+F8 -> 0 | I8: =SUM(E8,G8) -> 0
A9: 4'0"x5'0" concrete transformer pad | B9: 1 | C9: EA | D9: 845 | E9: =B9*D9 -> 845 | F9: 4.55 | G9: =B9*F9 -> 4.55
E10: =B10*D10 -> 0 | G10: =B10*F10 -> 0
A11: 6'0" chainlink fence (small quantity) | B11: 22 | C11: LF | D11: 55.64 | E11: =B11*D11 -> 1224 | F11: 0.2 | G11: =B11*F11 -> 4.4
E12: =B12*D12 -> 0 | G12: =B12*F12 -> 0
A13: 6'0"x3'0" gate | B13: 1 | C13: EA | D13: 786 | E13: =B13*D13 -> 786 | F13: 3.1 | G13: =B13*F13 -> 3.1
E14: =B14*D14 -> 0 | G14: =B14*F14 -> 0
A15: Utility transformer | E15: =B15*D15 -> 0 | G15: =B15*F15 -> 0 | I15: By Utility Company
E16: =B16*D16 -> 0 | G16: =B16*F16 -> 0
A17: Primary service | E17: =B17*D17 -> 0 | G17: =B17*F17 -> 0 | I17: By Utility Company
E18: =B18*D18 -> 0 | G18: =B18*F18 -> 0
A19: Trench, tape, and backfilling | B19: 75 | C19: LF | D19: 7.08 | E19: =B19*D19 -> 531 | F19: 0.1 | G19: =B19*F19 -> 7.5
E20: =B20*D20 -> 0 | G20: =B20*F20 -> 0
A21: 3/4"x10'0" ground rods, clamps and | E21: =B21*D21 -> 0 | G21: =B21*F21 -> 0
A22: 10'0" #4 bare copper | B22: 2 | C22: EA | D22: 125 | E22: =B22*D22 -> 250 | F22: 1.94 | G22: =B22*F22 -> 3.88
E23: =B23*D23 -> 0 | G23: =B23*F23 -> 0
A24: #3/0 copper ground wire | B24: 75 | C24: LF | D24: 8.2 | E24: =B24*D24 -> 615 | F24: 0.04 | G24: =B24*F24 -> 3
E25: =B25*D25 -> 0 | G25: =B25*F25 -> 0
A26: 4" diameter RGS conduit | B26: 75 | C26: LF | D26: 44.34 | E26: =B26*D26 -> 3326 | F26: 0.472 | G26: =B26*F26 -> 35.4
E27: =B27*D27 -> 0 | G27: =B27*F27 -> 0
A28: 4" diameter elbow | B28: 1 | C28: EA | D28: 331 | E28: =B28*D28 -> 331 | F28: 3.26 | G28: =B28*F28 -> 3.26
E29: =B29*D29 -> 0 | G29: =B29*F29 -> 0
A30: 350 KCMIL XHHW secondary conductors | B30: 330 | C30: LF | D30: 12.85 | E30: =B30*D30 -> 4241 | F30: 0.056 | G30: =B30*F30 -> 18.48
E31: =B31*D31 -> 0 | G31: =B31*F31 -> 0
A32: Transformer connection and bushing | B32: 1 | C32: LOT | D32: 350 | E32: =B32*D32 -> 350 | F32: 6 | G32: =B32*F32 -> 6
E33: =B33*D33 -> 0 | G33: =B33*F33 -> 0
A34: Testing and certification | B34: 1 | C34: LOT | D34: 450 | E34: =B34*D34 -> 450 | F34: 7 | G34: =B34*F34 -> 7
E35: =B35*D35 -> 0 | G35: =B35*F35 -> 0
E36: =B36*D36 -> 0 | G36: =B36*F36 -> 0
E37: =B37*D37 -> 0 | G37: =B37*F37 -> 0
A38: LIGHTING AND EQUIPMENT | E38: =B38*D38 -> 0 | G38: =B38*F38 -> 0
E39: =B39*D39 -> 0 | G39: =B39*F39 -> 0
A40: 8" diameter x 15'0" extra strong driven steel | E40: =B40*D40 -> 0 | G40: =B40*F40 -> 0
A41: pipe pile foundation with welded top | B41: 4 | C41: EA | D41: 2156 | E41: =B41*D41 -> 8624 | F41: 12 | G41: =B41*F41 -> 48
E42: =B42*D42 -> 0 | G42: =B42*F42 -> 0
A43: 24" diameter x 36" concrete collar at base | B43: 4 | C43: EA | D43: 520 | E43: =B43*D43 -> 2080 | F43: 2.75 | G43: =B43*F43 -> 11
E44: =B44*D44 -> 0 | G44: =B44*F44 -> 0
A45: 6" square x 25'0" steel pole mounted to pile | E45: =B45*D45 -> 0 | G45: =B45*F45 -> 0
A46: cap | B46: 4 | C46: EA | D46: 2961 | E46: =B46*D46 -> 11844 | F46: 9.9 | G46: =B46*F46 -> 39.6
E47: =B47*D47 -> 0 | G47: =B47*F47 -> 0
A48: 250 watt LED fixture with mounting arm | B48: 4 | C48: EA | D48: 1404 | E48: =B48*D48 -> 5616 | F48: 3 | G48: =B48*F48 -> 12
E49: =B49*D49 -> 0 | G49: =B49*F49 -> 0
A50: Trench, tape and backfilling | B50: 600 | C50: LF | D50: 7.08 | E50: =B50*D50 -> 4248 | F50: 0.1 | G50: =B50*F50 -> 60
E51: =B51*D51 -> 0 | G51: =B51*F51 -> 0
A52: 1" diameter PVC conduit | B52: 650 | C52: LF | D52: 2.56 | E52: =B52*D52 -> 1664 | F52: 0.032 | G52: =B52*F52 -> 20.8
E53: =B53*D53 -> 0 | G53: =B53*F53 -> 0
A54: #10 XHHW conductors | B54: 2600 | C54: LF | D54: 0.58 | E54: =B54*D54 -> 1508 | F54: 0.011 | G54: =B54*F54 -> 28.6
E55: =B55*D55 -> 0 | G55: =B55*F55 -> 0
A56: Testing and certification | B56: 1 | C56: LOT | D56: 180 | E56: =B56*D56 -> 180 | F56: 7 | G56: =B56*F56 -> 7
E57: =B57*D57 -> 0 | G57: =B57*F57 -> 0
A58: DATA/COMM SERVICE AND DISTRIBUTION | E58: =B58*D58 -> 0 | G58: =B58*F58 -> 0
E59: =B59*D59 -> 0 | G59: =B59*F59 -> 0
A60: Trench, tape, and backfilling | B60: 75 | C60: LF | D60: 7.08 | E60: =B60*D60 -> 531 | F60: 0.1 | G60: =B60*F60 -> 7.5
E61: =B61*D61 -> 0 | G61: =B61*F61 -> 0
A62: 2" diameter PVC empty conduit | B62: 75 | C62: LF | D62: 5.28 | E62: =B62*D62 -> 396 | F62: 0.038 | G62: =B62*F62 -> 2.85
E63: =B63*D63 -> 0 | G63: =B63*F63 -> 0
A64: Pull wire for cable service | B64: 75 | C64: LF | D64: 0.21 | E64: =B64*D64 -> 16 | F64: 0.008 | G64: =B64*F64 -> 0.6
E65: =B65*D65 -> 0 | G65: =B65*F65 -> 0
A66: Testing and certification | B66: 1 | C66: LOT | D66: 100 | E66: =B66*D66 -> 100 | F66: 7 | G66: =B66*F66 -> 7
E67: =B67*D67 -> 0 | G67: =B67*F67 -> 0
A68: SUBTOTAL LABOR HOURS: | E68: =B68*D68 -> 0 | G68: =SUM(G1:G67) -> 341.52 | H68: Hours
A69: Premium Time | B69: 0.1 | G69: =G68*B69 -> 34.15 | H69: Hours
A71: TOTAL LABOR HOURS: | G71: =SUM(G68:G70) -> 375.67 | H71: Hours
A73: Labor Rate | G73: ='Labor Rates'!F66 -> 95.83 | H73: /Hour
A75: SUBTOTAL: | E75: =SUM(E1:E74) -> 49756 | G75: =G71*G73 -> 36000 | I75: =SUM(E75:G75) -> 85756
A77: Subcontractor's Overhead and Profit on
A78: Material and Labor | B78: 0.2 | E78: =E75*B78 -> 9951 | G78: =G75*B78 -> 7200 | I78: =SUM(E78:G78) -> 17151
E97: =B97*D97 -> 0 | G97: =B97*F97 -> 0 | H97: =D97+F97 -> 0 | I97: =SUM(E97,G97) -> 0
A98: TOTAL ESTIMATED COST: | B98: 1002 | C98: SELF | E98: =SUM(E75:E97) -> 59707 | G98: =SUM(G75:G97) -> 43200 | I98: =SUM(I75:I97) -> 102907

Sheet 017
A2: 01 - SITE | D2: MATERIAL/EQUIPMENT | F2: LABOR | H2: TOTAL | I2: TOTAL
B3: QUANTITY | C3: UNIT | D3: RATE | E3: TOTAL | F3: HOURS | G3: TOTAL | H3: UNIT RATE | I3: MATERIAL/LABOR
A4: 017 - Off-Site Work | D4: $ | E4: $ | G4: $ | H4: $ | I4: $
E6: =B6*D6 -> 0 | G6: =B6*F6 -> 0 | H6: =D6+F6 -> 0 | I6: =SUM(E6,G6) -> 0
E7: =B7*D7 -> 0 | G7: =B7*F7 -> 0 | H7: =D7+F7 -> 0 | I7: =SUM(E7,G7) -> 0
E8: =B8*D8 -> 0 | G8: =B8*F8 -> 0 | H8: =D8+F8 -> 0 | I8: =SUM(E8,G8) -> 0
E9: =B9*D9 -> 0 | G9: =B9*F9 -> 0 | H9: =D9+F9 -> 0 | I9: =SUM(E9,G9) -> 0
E10: =B10*D10 -> 0 | G10: =B10*F10 -> 0 | H10: =D10+F10 -> 0 | I10: =SUM(E10,G10) -> 0
E11: =B11*D11 -> 0 | G11: =B11*F11 -> 0 | H11: =D11+F11 -> 0 | I11: =SUM(E11,G11) -> 0
E12: =B12*D12 -> 0 | G12: =B12*F12 -> 0 | H12: =D12+F12 -> 0 | I12: =SUM(E12,G12) -> 0
E13: =B13*D13 -> 0 | G13: =B13*F13 -> 0 | H13: =D13+F13 -> 0 | I13: =SUM(E13,G13) -> 0
E14: =B14*D14 -> 0 | G14: =B14*F14 -> 0 | H14: =D14+F14 -> 0 | I14: =SUM(E14,G14) -> 0
E15: =B15*D15 -> 0 | G15: =B15*F15 -> 0 | H15: =D15+F15 -> 0 | I15: =SUM(E15,G15) -> 0
E16: =B16*D16 -> 0 | G16: =B16*F16 -> 0 | H16: =D16+F16 -> 0 | I16: =SUM(E16,G16) -> 0
E17: =B17*D17 -> 0 | G17: =B17*F17 -> 0 | H17: =D17+F17 -> 0 | I17: =SUM(E17,G17) -> 0
... E26: =B26*D26 -> 0 | G26: =B26*F26 -> 0 | H26: =D26+F26 -> 0 | I26: =SUM(E26,G26) -> 0
A27: SUBTOTAL: | E27: =SUM(E1:E26) -> 0 | G27: =SUM(G1:G26) -> 0 | I27: =SUM(I1:I26) -> 0
A29: Labor Premium Time | B29: ='Notes-GFA'!$C$14 -> 0 | G29: =G27*B29 -> 0 | I29: =G29 -> 0
E30: =B30*D30 -> 0 | G30: =B30*F30 -> 0 | H30: =D30+F30 -> 0 | I30: =SUM(E30,G30) -> 0
E31: =B31*D31 -> 0 | G31: =B31*F31 -> 0 | H31: =D31+F31 -> 0 | I31: =SUM(E31,G31) -> 0
E32: =B32*D32 -> 0 | G32: =B32*F32 -> 0 | H32: =D32+F32 -> 0 | I32: =SUM(E32,G32) -> 0
E33: =B33*D33 -> 0 | G33: =B33*F33 -> 0 | H33: =D33+F33 -> 0 | I33: =SUM(E33,G33) -> 0
E34: =B34*D34 -> 0 | G34: =B34*F34 -> 0 | H34: =D34+F34 -> 0 | I34: =SUM(E34,G34) -> 0
E35: =B35*D35 -> 0 | G35: =B35*F35 -> 0 | H35: =D35+F35 -> 0 | I35: =SUM(E35,G35) -> 0
A36: TOTAL ESTIMATED COST: | C36: OWLS | E36: =SUM(E27:E35) -> 0 | G36: =SUM(G27:G35) -> 0 | I36: =SUM(I27:I35) -> 0

Sheet 021
A2: 02 - SUBSTRUCTURE | D2: MATERIAL/EQUIPMENT | F2: LABOR | H2: TOTAL | I2: TOTAL
A3: 021 - Standard Foundations and | B3: QUANTITY | C3: UNIT | D3: RATE | E3: TOTAL | F3: HOURS | G3: TOTAL | H3: UNIT RATE | I3: MATERIAL/LABOR
A4: Basements | D4: $ | E4: $ | G4: $ | H4: $ | I4: $
E6: =B6*D6 -> 0 | G6: =B6*F6 -> 0 | H6: =D6+F6 -> 0 | I6: =SUM(E6,G6) -> 0
A7: Excavate for footings and backfilling | B7: 650 | C7: CY | D7: 13 | E7: =B7*D7 -> 8450 | F7: 0.2 | G7: =B7*F7 -> 130
E8: =B8*D8 -> 0 | G8: =B8*F8 -> 0
A9: 4,000 psi concrete foundations, including | E9: =B9*D9 -> 0 | G9: =B9*F9 -> 0
A10: waste | B10: 107 | C10: CY | D10: 225 | E10: =B10*D10 -> 24075 | F10: 1.125 | G10: =B10*F10 -> 120.38
E11: =B11*D11 -> 0 | G11: =B11*F11 -> 0
A12: 4,000 psi concrete bases, including waste | B12: 18 | C12: CY | D12: 225 | E12: =B12*D12 -> 4050 | F12: 1.125 | G12: =B12*F12 -> 20.25
E13: =B13*D13 -> 0 | G13: =B13*F13 -> 0
A14: 4,000 psi concrete wall, including waste | B14: 250 | C14: CY | D14: 225 | E14: =B14*D14 -> 56250 | F14: 1.35 | G14: =B14*F14 -> 337.5
E15: =B15*D15 -> 0 | G15: =B15*F15 -> 0
A16: Bar reinforcement | B16: 35000 | C16: LBS | D16: 1.45 | E16: =B16*D16 -> 50750 | F16: 0.01 | G16: =B16*F16 -> 350
E17: =B17*D17 -> 0 | G17: =B17*F17 -> 0
A18: Formwork to footing | B18: 3380 | C18: LF | D18: 3.25 | E18: =B18*D18 -> 10985 | F18: 0.1 | G18: =B18*F18 -> 338
E19: =B19*D19 -> 0 | G19: =B19*F19 -> 0
A20: Formwork to wall | B20: 20300 | C20: SF | D20: 4.15 | E20: =B20*D20 -> 84245 | F20: 0.145 | G20: =B20*F20 -> 2943.5
E21: =B21*D21 -> 0 | G21: =B21*F21 -> 0
A22: 2" insulation to wall | B22: 10150 | C22: SF | D22: 2.33 | E22: =B22*D22 -> 23650 | F22: 0.01 | G22: =B22*F22 -> 101.5
E23: =B23*D23 -> 0 | G23: =B23*F23 -> 0
A24: Dampproof | B24: 12688 | C24: SF | D24: 1.95 | E24: =B24*D24 -> 24742 | F24: 0.026 | G24: =B24*F24 -> 329.89
E25: =B25*D25 -> 0 | G25: =B25*F25 -> 0 | H25: =D25+F25 -> 0 | I25: =SUM(E25,G25) -> 0
A26: TOTAL LABOR HOURS: | E26: =B26*D26 -> 0 | G26: =SUM(G1:G25) -> 4671.02 | H26: Hours
A28: Labor Rate | G28: ='Labor Rates'!I26 -> 87.33 | H28: /Hour
E31: =B31*D31 -> 0 | G31: =B31*F31 -> 0 | H31: =D31+F31 -> 0 | I31: =SUM(E31,G31) -> 0
E32: =B32*D32 -> 0 | G32: =B32*F32 -> 0 | H32: =D32+F32 -> 0 | I32: =SUM(E32,G32) -> 0
E33: =B33*D33 -> 0 | G33: =B33*F33 -> 0 | H33: =D33+F33 -> 0 | I33: =SUM(E33,G33) -> 0
E34: =B34*D34 -> 0 | G34: =B34*F34 -> 0 | H34: =D34+F34 -> 0 | I34: =SUM(E34,G34) -> 0
E35: =B35*D35 -> 0 | G35: =B35*F35 -> 0 | H35: =D35+F35 -> 0 | I35: =SUM(E35,G35) -> 0
A36: TOTAL ESTIMATED COST: | B36: 40400 | C36: FASF | E36: =SUM(E1:E35) -> 287197 | G36: =G26*G28 -> 407920 | I36: =G36+E36 -> 695117

Sheet 022
A2: 02 - SUBSTRUCTURE | D2: MATERIAL/EQUIPMENT | F2: LABOR | H2: TOTAL | I2: TOTAL
B3: QUANTITY | C3: UNIT | D3: RATE | E3: TOTAL | F3: HOURS | G3: TOTAL | H3: UNIT RATE | I3: MATERIAL/LABOR
A4: 022 - Slab on Grade | D4: $ | E4: $ | G4: $ | H4: $ | I4: $
E6: =B6*D6 -> 0 | G6: =B6*F6 -> 0 | H6: =D6+F6 -> 0 | I6: =SUM(E6,G6) -> 0
A7: 6" fill, Type II, 2" minus | B7: 740 | C7: CY | D7: 27 | E7: =B7*D7 -> 19980 | F7: 0.13 | G7: =B7*F7 -> 96.2
E8: =B8*D8 -> 0 | G8: =B8*F8 -> 0
A9: 4,000 psi concrete slab on grade | B9: 495 | C9: CY | D9: 225 | E9: =B9*D9 -> 111375 | F9: 1.25 | G9: =B9*F9 -> 618.75
E10: =B10*D10 -> 0 | G10: =B10*F10 -> 0
A11: 10 mil vapor retarder | B11: 40400 | C11: SF | D11: 0.38 | E11: =B11*D11 -> 15352 | F11: 0.004 | G11: =B11*F11 -> 161.6
E12: =B12*D12 -> 0 | G12: =B12*F12 -> 0
A13: 6"x6" W1.4xW1.4 welded wire mesh | B13: 40400 | C13: SF | D13: 0.59 | E13: =B13*D13 -> 23836 | F13: 0.004 | G13: =B13*F13 -> 161.6
E14: =B14*D14 -> 0 | G14: =B14*F14 -> 0
A15: Cure and finish concrete | B15: 40400 | C15: SF | D15: 0.36 | E15: =B15*D15 -> 14544 | F15: 0.025 | G15: =B15*F15 -> 1010
E16: =B16*D16 -> 0 | G16: =B16*F16 -> 0
A17: Saw cut joint and filler | B17: 3000 | C17: LF | D17: 1.1 | E17: =B17*D17 -> 3300 | F17: 0.035 | G17: =B17*F17 -> 105
E18: =B18*D18 -> 0 | G18: =B18*F18 -> 0 | H18: =D18+F18 -> 0 | I18: =SUM(E18,G18) -> 0
A19: Pump concrete | B19: 870 | C19: CY | D19: 70 | E19: =B19*D19 -> 60900 | G19: =B19*F19 -> 0
E20: =B20*D20 -> 0 | G20: =B20*F20 -> 0
A21: Expansion joint and sealant | B21: 1000 | C21: LF | D21: 1.6 | E21: =B21*D21 -> 1600 | F21: 0.03 | G21: =B21*F21 -> 30
E22: =B22*D22 -> 0 | G22: =B22*F22 -> 0 | H22: =D22+F22 -> 0 | I22: =SUM(E22,G22) -> 0
A23: TOTAL LABOR HOURS: | E23: =B23*D23 -> 0 | G23: =SUM(G1:G22) -> 2183.15 | H23: Hours
A25: Labor Rate | G25: ='Labor Rates'!I26 -> 87.33 | H25: /Hour
E30: =B30*D30 -> 0 | G30: =B30*F30 -> 0 | H30: =D30+F30 -> 0 | I30: =SUM(E30,G30) -> 0
E31: =B31*D31 -> 0 | G31: =B31*F31 -> 0 | H31: =D31+F31 -> 0 | I31: =SUM(E31,G31) -> 0
E32: =B32*D32 -> 0 | G32: =B32*F32 -> 0 | H32: =D32+F32 -> 0 | I32: =SUM(E32,G32) -> 0
E33: =B33*D33 -> 0 | G33: =B33*F33 -> 0 | H33: =D33+F33 -> 0 | I33: =SUM(E33,G33) -> 0
E34: =B34*D34 -> 0 | G34: =B34*F34 -> 0 | H34: =D34+F34 -> 0 | I34: =SUM(E34,G34) -> 0
E35: =B35*D35 -> 0 | G35: =B35*F35 -> 0 | H35: =D35+F35 -> 0 | I35: =SUM(E35,G35) -> 0
A36: TOTAL ESTIMATED COST: | B36: 40400 | C36: SLSF | E36: =SUM(E1:E35) -> 250887 | G36: =G23*G25 -> 190654 | I36: =G36+E36 -> 441541

Sheet 023
A2: 02 - SUBSTRUCTURE | D2: MATERIAL/EQUIPMENT | F2: LABOR | H2: TOTAL | I2: TOTAL
B3: QUANTITY | C3: UNIT | D3: RATE | E3: TOTAL | F3: HOURS | G3: TOTAL | H3: UNIT RATE | I3: MATERIAL/LABOR
A4: 023 - Reserved | D4: $ | E4: $ | G4: $ | H4: $ | I4: $
E6: =B6*D6 -> 0 | G6: =B6*F6 -> 0 | H6: =D6+F6 -> 0 | I6: =SUM(E6,G6) -> 0
E7: =B7*D7 -> 0 | G7: =B7*F7 -> 0 | H7: =D7+F7 -> 0 | I7: =SUM(E7,G7) -> 0
E8: =B8*D8 -> 0 | G8: =B8*F8 -> 0 | H8: =D8+F8 -> 0 | I8: =SUM(E8,G8) -> 0
E9: =B9*D9 -> 0 | G9: =B9*F9 -> 0 | H9: =D9+F9 -> 0 | I9: =SUM(E9,G9) -> 0
E10: =B10*D10 -> 0 | G10: =B10*F10 -> 0 | H10: =D10+F10 -> 0 | I10: =SUM(E10,G10) -> 0
E11: =B11*D11 -> 0 | G11: =B11*F11 -> 0 | H11: =D11+F11 -> 0 | I11: =SUM(E11,G11) -> 0
E12: =B12*D12 -> 0 | G12: =B12*F12 -> 0 | H12: =D12+F12 -> 0 | I12: =SUM(E12,G12) -> 0
E13: =B13*D13 -> 0 | G13: =B13*F13 -> 0 | H13: =D13+F13 -> 0 | I13: =SUM(E13,G13) -> 0
E14: =B14*D14 -> 0 | G14: =B14*F14 -> 0 | H14: =D14+F14 -> 0 | I14: =SUM(E14,G14) -> 0
E15: =B15*D15 -> 0 | G15: =B15*F15 -> 0 | H15: =D15+F15 -> 0 | I15: =SUM(E15,G15) -> 0
E16: =B16*D16 -> 0 | G16: =B16*F16 -> 0 | H16: =D16+F16 -> 0 | I16: =SUM(E16,G16) -> 0
E17: =B17*D17 -> 0 | G17: =B17*F17 -> 0 | H17: =D17+F17 -> 0 | I17: =SUM(E17,G17) -> 0
... E26: =B26*D26 -> 0 | G26: =B26*F26 -> 0 | H26: =D26+F26 -> 0 | I26: =SUM(E26,G26) -> 0
A27: SUBTOTAL: | E27: =SUM(E1:E26) -> 0 | G27: =SUM(G1:G26) -> 0 | I27: =SUM(I1:I26) -> 0
A29: Labor Premium Time | B29: ='Notes-GFA'!$C$14 -> 0 | G29: =G27*B29 -> 0 | I29: =G29 -> 0
E30: =B30*D30 -> 0 | G30: =B30*F30 -> 0 | H30: =D30+F30 -> 0 | I30: =SUM(E30,G30) -> 0
E31: =B31*D31 -> 0 | G31: =B31*F31 -> 0 | H31: =D31+F31 -> 0 | I31: =SUM(E31,G31) -> 0
E32: =B32*D32 -> 0 | G32: =B32*F32 -> 0 | H32: =D32+F32 -> 0 | I32: =SUM(E32,G32) -> 0
E33: =B33*D33 -> 0 | G33: =B33*F33 -> 0 | H33: =D33+F33 -> 0 | I33: =SUM(E33,G33) -> 0
E34: =B34*D34 -> 0 | G34: =B34*F34 -> 0 | H34: =D34+F34 -> 0 | I34: =SUM(E34,G34) -> 0
E35: =B35*D35 -> 0 | G35: =B35*F35 -> 0 | H35: =D35+F35 -> 0 | I35: =SUM(E35,G35) -> 0
A36: TOTAL ESTIMATED COST: | E36: =SUM(E27:E35) -> 0 | G36: =SUM(G27:G35) -> 0 | I36: =SUM(I27:I35) -> 0

Sheet 024
A2: 02 - SUBSTRUCTURE | D2: MATERIAL/EQUIPMENT | F2: LABOR | H2: TOTAL | I2: TOTAL
B3: QUANTITY | C3: UNIT | D3: RATE | E3: TOTAL | F3: HOURS | G3: TOTAL | H3: UNIT RATE | I3: MATERIAL/LABOR
A4: 024 - Special Foundations | D4: $ | E4: $ | G4: $ | H4: $ | I4: $
E6: =B6*D6 -> 0 | G6: =B6*F6 -> 0 | H6: =D6+F6 -> 0 | I6: =SUM(E6,G6) -> 0
E7: =B7*D7 -> 0 | G7: =B7*F7 -> 0 | H7: =D7+F7 -> 0 | I7: =SUM(E7,G7) -> 0
E8: =B8*D8 -> 0 | G8: =B8*F8 -> 0 | H8: =D8+F8 -> 0 | I8: =SUM(E8,G8) -> 0
E9: =B9*D9 -> 0 | G9: =B9*F9 -> 0 | H9: =D9+F9 -> 0 | I9: =SUM(E9,G9) -> 0
E10: =B10*D10 -> 0 | G10: =B10*F10 -> 0 | H10: =D10+F10 -> 0 | I10: =SUM(E10,G10) -> 0
E11: =B11*D11 -> 0 | G11: =B11*F11 -> 0 | H11: =D11+F11 -> 0 | I11: =SUM(E11,G11) -> 0
E12: =B12*D12 -> 0 | G12: =B12*F12 -> 0 | H12: =D12+F12 -> 0 | I12: =SUM(E12,G12) -> 0
E13: =B13*D13 -> 0 | G13: =B13*F13 -> 0 | H13: =D13+F13 -> 0 | I13: =SUM(E13,G13) -> 0
E14: =B14*D14 -> 0 | G14: =B14*F14 -> 0 | H14: =D14+F14 -> 0 | I14: =SUM(E14,G14) -> 0
E15: =B15*D15 -> 0 | G15: =B15*F15 -> 0 | H15: =D15+F15 -> 0 | I15: =SUM(E15,G15) -> 0
E16: =B16*D16 -> 0 | G16: =B16*F16 -> 0 | H16: =D16+F16 -> 0 | I16: =SUM(E16,G16) -> 0
E17: =B17*D17 -> 0 | G17: =B17*F17 -> 0 | H17: =D17+F17 -> 0 | I17: =SUM(E17,G17) -> 0
... E26: =B26*D26 -> 0 | G26: =B26*F26 -> 0 | H26: =D26+F26 -> 0 | I26: =SUM(E26,G26) -> 0
A27: SUBTOTAL: | E27: =SUM(E1:E26) -> 0 | G27: =SUM(G1:G26) -> 0 | I27: =SUM(I1:I26) -> 0
A29: Labor Premium Time | B29: ='Notes-GFA'!$C$14 -> 0 | G29: =G27*B29 -> 0 | I29: =G29 -> 0
E30: =B30*D30 -> 0 | G30: =B30*F30 -> 0 | H30: =D30+F30 -> 0 | I30: =SUM(E30,G30) -> 0
E31: =B31*D31 -> 0 | G31: =B31*F31 -> 0 | H31: =D31+F31 -> 0 | I31: =SUM(E31,G31) -> 0
E32: =B32*D32 -> 0 | G32: =B32*F32 -> 0 | H32: =D32+F32 -> 0 | I32: =SUM(E32,G32) -> 0
E33: =B33*D33 -> 0 | G33: =B33*F33 -> 0 | H33: =D33+F33 -> 0 | I33: =SUM(E33,G33) -> 0
E34: =B34*D34 -> 0 | G34: =B34*F34 -> 0 | H34: =D34+F34 -> 0 | I34: =SUM(E34,G34) -> 0
E35: =B35*D35 -> 0 | G35: =B35*F35 -> 0 | H35: =D35+F35 -> 0 | I35: =SUM(E35,G35) -> 0
A36: TOTAL ESTIMATED COST: | C36: SFSF | E36: =SUM(E27:E35) -> 0 | G36: =SUM(G27:G35) -> 0 | I36: =SUM(I27:I35) -> 0

Sheet 031
A2: 03 - SUPERSTRUCTURE | D2: MATERIAL/EQUIPMENT | F2: LABOR | H2: TOTAL | I2: TOTAL
B3: QUANTITY | C3: UNIT | D3: RATE | E3: TOTAL | F3: HOURS | G3: TOTAL | H3: UNIT RATE | I3: MATERIAL/LABOR
A4: 031 - Floor Structure | D4: $ | E4: $ | G4: $ | H4: $ | I4: $
E6: =B6*D6 -> 0 | G6: =B6*F6 -> 0 | H6: =D6+F6 -> 0 | I6: =SUM(E6,G6) -> 0
A7: MEZZANINE FLOOR (FAN ROOM) | E7: =B7*D7 -> 0 | G7: =B7*F7 -> 0
E8: =B8*D8 -> 0 | G8: =B8*F8 -> 0
A9: W-beams | B9: 2850 | C9: LBS | D9: 3.69 | E9: =B9*D9 -> 10517 | F9: 0.012 | G9: =B9*F9 -> 34.2
E10: =B10*D10 -> 0 | G10: =B10*F10 -> 0
A11: Tube steel columns | B11: 2500 | C11: LBS | D11: 3.65 | E11: =B11*D11 -> 9125 | F11: 0.013 | G11: =B11*F11 -> 32.5
E12: =B12*D12 -> 0 | G12: =B12*F12 -> 0
A13: Plates, anchors and grout | B13: 4 | C13: EA | D13: 300 | E13: =B13*D13 -> 1200 | F13: 1.2 | G13: =B13*F13 -> 4.8
E14: =B14*D14 -> 0 | G14: =B14*F14 -> 0
A15: Steel joists | B15: 6000 | C15: LBS | D15: 7.44 | E15: =B15*D15 -> 44640 | F15: 0.012 | G15: =B15*F15 -> 72
E16: =B16*D16 -> 0 | G16: =B16*F16 -> 0
A17: Angles | B17: 1010 | C17: LBS | D17: 4.01 | E17: =B17*D17 -> 4050 | F17: 0.018 | G17: =B17*F17 -> 18.18
E18: =B18*D18 -> 0 | G18: =B18*F18 -> 0
A19: 1 1/2"x20 gauge metal deck | B19: 1000 | C19: SF | D19: 8.56 | E19: =B19*D19 -> 8560 | F19: 0.015 | G19: =B19*F19 -> 15
E20: =B20*D20 -> 0 | G20: =B20*F20 -> 0
A21: Concrete topping | B21: 9 | C21: CY | D21: 228 | E21: =B21*D21 -> 2052 | F21: 1.4 | G21: =B21*F21 -> 12.6
E22: =B22*D22 -> 0 | G22: =B22*F22 -> 0
A23: 6"x6" W1.4xW1.4 mesh | B23: 1000 | C23: SF | D23: 0.59 | E23: =B23*D23 -> 590 | F23: 0.004 | G23: =B23*F23 -> 4
E24: =B24*D24 -> 0 | G24: =B24*F24 -> 0
A25: Cure and finish concrete | B25: 1000 | C25: SF | D25: 0.36 | E25: =B25*D25 -> 360 | F25: 0.025 | G25: =B25*F25 -> 25
E26: =B26*D26 -> 0 | G26: =B26*F26 -> 0
A27: Formwork to edge | B27: 78 | C27: LF | D27: 3.38 | E27: =B27*D27 -> 264 | F27: 0.1 | G27: =B27*F27 -> 7.8
E28: =B28*D28 -> 0 | G28: =B28*F28 -> 0
A29: Pump concrete | B29: 9 | C29: CY | D29: 70 | E29: =B29*D29 -> 630 | G29: =B29*F29 -> 0
E30: =B30*D30 -> 0 | G30: =B30*F30 -> 0
A31: 12'0" access ladder with cage | B31: 1 | C31: EA | D31: 2940 | E31: =B31*D31 -> 2940 | F31: 2.265 | G31: =B31*F31 -> 2.27
E32: =B32*D32 -> 0 | G32: =B32*F32 -> 0 | H32: =D32+F32 -> 0 | I32: =SUM(E32,G32) -> 0
A33: TOTAL LABOR HOURS: | E33: =B33*D33 -> 0 | G33: =SUM(G1:G32) -> 228.35 | H33: Hours
A35: Labor Rate | G35: ='Labor Rates'!M56 -> 97.21 | H35: /Hour
A37: SUBTOTAL: | E37: =SUM(E1:E36) -> 84928 | G37: =G33*G35 -> 22198 | I37: =SUM(E37:G37) -> 107126
A38: Subcontractor's Overhead and Profit on
A39: Material and Labor | B39: 0.2 | E39: =E37*B39 -> 16986 | G39: =G37*B39 -> 4440 | I39: =SUM(E39:G39) -> 21426
E40: =B40*D40 -> 0 | G40: =B40*F40 -> 0 | H40: =D40+F40 -> 0 | I40: =SUM(E40,G40) -> 0
E64: =B64*D64 -> 0 | G64: =B64*F64 -> 0 | H64: =D64+F64 -> 0 | I64: =SUM(E64,G64) -> 0
E65: =B65*D65 -> 0 | G65: =B65*F65 -> 0 | H65: =D65+F65 -> 0 | I65: =SUM(E65,G65) -> 0
E66: =B66*D66 -> 0 | G66: =B66*F66 -> 0 | H66: =D66+F66 -> 0 | I66: =SUM(E66,G66) -> 0
A67: TOTAL ESTIMATED COST: | B67: 1000 | C67: FSSF | E67: =SUM(E37:E66) -> 101914 | G67: =SUM(G37:G66) -> 26638 | I67: =SUM(I37:I66) -> 128552

Sheet 032
A2: 03 - SUPERSTRUCTURE | D2: MATERIAL/EQUIPMENT | F2: LABOR | H2: TOTAL | I2: TOTAL
B3: QUANTITY | C3: UNIT | D3: RATE | E3: TOTAL | F3: HOURS | G3: TOTAL | H3: UNIT RATE | I3: MATERIAL/LABOR
A4: 032 - Roof Structure | D4: $ | E4: $ | G4: $ | H4: $ | I4: $
E6: =B6*D6 -> 0 | G6: =B6*F6 -> 0 | H6: =D6+F6 -> 0 | I6: =SUM(E6,G6) -> 0
A7: Plates, anchors and grout | B7: 120 | C7: EA | D7: 300 | E7: =B7*D7 -> 36000 | F7: 1.2 | G7: =B7*F7 -> 144
E8: =B8*D8 -> 0 | G8: =B8*F8 -> 0 | H8: =D8+F8 -> 0 | I8: =SUM(E8,G8) -> 0
A9: Tube steel columns | B9: 110000 | C9: LBS | D9: 3.69 | E9: =B9*D9 -> 405900 | F9: 0.013 | G9: =B9*F9 -> 1430
E10: =B10*D10 -> 0 | G10: =B10*F10 -> 0
A11: Steel joists | B11: 199000 | C11: LBS | D11: 7.44 | E11: =B11*D11 -> 1480560 | F11: 0.014 | G11: =B11*F11 -> 2786
E12: =B12*D12 -> 0 | G12: =B12*F12 -> 0
A13: W-beams | B13: 18500 | C13: LBS | D13: 3.45 | E13: =B13*D13 -> 63825 | F13: 0.012 | G13: =B13*F13 -> 222
E14: =B14*D14 -> 0 | G14: =B14*F14 -> 0
A15: Tube steel bracing | B15: 17000 | C15: LBS | D15: 4.11 | E15: =B15*D15 -> 69870 | F15: 0.017 | G15: =B15*F15 -> 289
E16: =B16*D16 -> 0 | G16: =B16*F16 -> 0
A17: Angles, connectors, etc. | B17: 19000 | C17: LBS | D17: 4.01 | E17: =B17*D17 -> 76190 | F17: 0.018 | G17: =B17*F17 -> 342
E18: =B18*D18 -> 0 | G18: =B18*F18 -> 0
A19: 3"x20 gauge metal deck | B19: 44170 | C19: SF | D19: 9 | E19: =B19*D19 -> 397530 | F19: 0.015 | G19: =B19*F19 -> 662.55
E20: =B20*D20 -> 0 | G20: =B20*F20 -> 0 | H20: =D20+F20 -> 0 | I20: =SUM(E20,G20) -> 0
A21: Testing/inspection | B21: 1 | C21: LOT | D21: 3000 | E21: =B21*D21 -> 3000 | G21: =B21*F21 -> 0
E22: =B22*D22 -> 0 | G22: =B22*F22 -> 0
A23: Crane rental | B23: 3 | C23: MOS | D23: 30962 | E23: =B23*D23 -> 92886 | G23: =B23*F23 -> 0
E24: =B24*D24 -> 0 | G24: =B24*F24 -> 0 | H24: =D24+F24 -> 0 | I24: =SUM(E24,G24) -> 0
A25: TOTAL LABOR HOURS: | E25: =B25*D25 -> 0 | G25: =SUM(G1:G24) -> 5875.55 | H25: Hours
A27: Labor Rate | G27: ='Labor Rates'!M56 -> 97.21 | H27: /Hour
A29: SUBTOTAL: | E29: =SUM(E1:E28) -> 2625761 | G29: =G25*G27 -> 571162 | I29: =SUM(E29:G29) -> 3196923
A31: Subcontractor's Overhead and Profit on
A32: Material and Labor | B32: 0.2 | E32: =E29*B32 -> 525152 | G32: =G29*B32 -> 114232 | I32: =SUM(E32:G32) -> 639384
E33: =B33*D33 -> 0 | G33: =B33*F33 -> 0 | H33: =D33+F33 -> 0 | I33: =SUM(E33,G33) -> 0
E34: =B34*D34 -> 0 | G34: =B34*F34 -> 0 | H34: =D34+F34 -> 0 | I34: =SUM(E34,G34) -> 0
E35: =B35*D35 -> 0 | G35: =B35*F35 -> 0 | H35: =D35+F35 -> 0 | I35: =SUM(E35,G35) -> 0
A36: TOTAL ESTIMATED COST: | B36: 44170 | C36: RSSF | E36: =SUM(E29:E35) -> 3150913 | G36: =SUM(G29:G35) -> 685394 | I36: =SUM(I29:I35) -> 3836307

Sheet 033
A2: 03 - SUPERSTRUCTURE | D2: MATERIAL/EQUIPMENT | F2: LABOR | H2: TOTAL | I2: TOTAL
B3: QUANTITY | C3: UNIT | D3: RATE | E3: TOTAL | F3: HOURS | G3: TOTAL | H3: UNIT RATE | I3: MATERIAL/LABOR
A4: 033 - Stairs | D4: $ | E4: $ | G4: $ | H4: $ | I4: $
E6: =B6*D6 -> 0 | G6: =B6*F6 -> 0 | H6: =D6+F6 -> 0 | I6: =SUM(E6,G6) -> 0
E7: =B7*D7 -> 0 | G7: =B7*F7 -> 0 | H7: =D7+F7 -> 0 | I7: =SUM(E7,G7) -> 0
E8: =B8*D8 -> 0 | G8: =B8*F8 -> 0 | H8: =D8+F8 -> 0 | I8: =SUM(E8,G8) -> 0
E9: =B9*D9 -> 0 | G9: =B9*F9 -> 0 | H9: =D9+F9 -> 0 | I9: =SUM(E9,G9) -> 0
E10: =B10*D10 -> 0 | G10: =B10*F10 -> 0 | H10: =D10+F10 -> 0 | I10: =SUM(E10,G10) -> 0
E11: =B11*D11 -> 0 | G11: =B11*F11 -> 0 | H11: =D11+F11 -> 0 | I11: =SUM(E11,G11) -> 0
E12: =B12*D12 -> 0 | G12: =B12*F12 -> 0 | H12: =D12+F12 -> 0 | I12: =SUM(E12,G12) -> 0
E13: =B13*D13 -> 0 | G13: =B13*F13 -> 0 | H13: =D13+F13 -> 0 | I13: =SUM(E13,G13) -> 0
E14: =B14*D14 -> 0 | G14: =B14*F14 -> 0 | H14: =D14+F14 -> 0 | I14: =SUM(E14,G14) -> 0
E15: =B15*D15 -> 0 | G15: =B15*F15 -> 0 | H15: =D15+F15 -> 0 | I15: =SUM(E15,G15) -> 0
E16: =B16*D16 -> 0 | G16: =B16*F16 -> 0 | H16: =D16+F16 -> 0 | I16: =SUM(E16,G16) -> 0
E17: =B17*D17 -> 0 | G17: =B17*F17 -> 0 | H17: =D17+F17 -> 0 | I17: =SUM(E17,G17) -> 0
... E26: =B26*D26 -> 0 | G26: =B26*F26 -> 0 | H26: =D26+F26 -> 0 | I26: =SUM(E26,G26) -> 0
A27: SUBTOTAL: | E27: =SUM(E1:E26) -> 0 | G27: =SUM(G1:G26) -> 0 | I27: =SUM(I1:I26) -> 0
A29: Labor Premium Time | B29: ='Notes-GFA'!$C$14 -> 0 | G29: =G27*B29 -> 0 | I29: =G29 -> 0
E30: =B30*D30 -> 0 | G30: =B30*F30 -> 0 | H30: =D30+F30 -> 0 | I30: =SUM(E30,G30) -> 0
E31: =B31*D31 -> 0 | G31: =B31*F31 -> 0 | H31: =D31+F31 -> 0 | I31: =SUM(E31,G31) -> 0
E32: =B32*D32 -> 0 | G32: =B32*F32 -> 0 | H32: =D32+F32 -> 0 | I32: =SUM(E32,G32) -> 0
E33: =B33*D33 -> 0 | G33: =B33*F33 -> 0 | H33: =D33+F33 -> 0 | I33: =SUM(E33,G33) -> 0
E34: =B34*D34 -> 0 | G34: =B34*F34 -> 0 | H34: =D34+F34 -> 0 | I34: =SUM(E34,G34) -> 0
E35: =B35*D35 -> 0 | G35: =B35*F35 -> 0 | H35: =D35+F35 -> 0 | I35: =SUM(E35,G35) -> 0
A36: TOTAL ESTIMATED COST: | C36: FLT | E36: =SUM(E27:E35) -> 0 | G36: =SUM(G27:G35) -> 0 | I36: =SUM(I27:I35) -> 0

Sheet 041
A2: 04 - EXTERIOR CLOSURE | D2: MATERIAL/EQUIPMENT | F2: LABOR | H2: TOTAL | I2: TOTAL
B3: QUANTITY | C3: UNIT | D3: RATE | E3: TOTAL | F3: HOURS | G3: TOTAL | H3: UNIT RATE | I3: MATERIAL/LABOR
A4: 041 - Exterior Walls and Soffits | D4: $ | E4: $ | G4: $ | H4: $ | I4: $
E6: =B6*D6 -> 0 | G6: =B6*F6 -> 0 | H6: =D6+F6 -> 0 | I6: =SUM(E6,G6) -> 0
A7: 6" metal stud framing | B7: 23665 | C7: SF | D7: 2.72 | E7: =B7*D7 -> 64369 | F7: 0.043 | G7: =B7*F7 -> 1017.6
E8: =B8*D8 -> 0 | G8: =B8*F8 -> 0
A9: 7/8" hat channel furring | B9: 18932 | C9: SF | D9: 0.87 | E9: =B9*D9 -> 16471 | F9: 0.008 | G9: =B9*F9 -> 151.46
A11: 1/2" plywood CDX AWW sheathing | B11: 23665 | C11: SF | D11: 1.71 | E11: =B11*D11 -> 40467 | F11: 0.014 | G11: =B11*F11 -> 331.31
E12: =B12*D12 -> 0 | G12: =B12*F12 -> 0
A13: 2" rigid insulation | B13: 23665 | C13: SF | D13: 2.33 | E13: =B13*D13 -> 55139 | F13: 0.01 | G13: =B13*F13 -> 236.65
A15: Metal siding panel, including flashing and | E15: =B15*D15 -> 0 | G15: =B15*F15 -> 0
A16: trims | B16: 18932 | C16: SF | D16: 12.5 | E16: =B16*D16 -> 236650 | F16: 0.119 | G16: =B16*F16 -> 2252.91
A18: Phenolic resin panel | B18: 4733 | C18: SF | D18: 28 | E18: =B18*D18 -> 132524 | F18: 0.147 | G18: =B18*F18 -> 695.75
A20: VaproShield weather barrier | B20: 4733 | C20: SF | D20: 1.89 | E20: =B20*D20 -> 8945 | F20: 0.01 | G20: =B20*F20 -> 47.33
A22: High performance air barrier | B22: 18932 | C22: SF | D22: 0.68 | E22: =B22*D22 -> 12874 | F22: 0.005 | G22: =B22*F22 -> 94.66
E23: =B23*D23 -> 0 | G23: =B23*F23 -> 0
A24: 6" R-19 batt insulation in stud wall cavity | B24: 23665 | C24: SF | D24: 1.6 | E24: =B24*D24 -> 37864 | F24: 0.007 | G24: =B24*F24 -> 165.66
E25: =B25*D25 -> 0 | G25: =B25*F25 -> 0
A26: 10 mil vapor retarder | B26: 23665 | C26: SF | D26: 0.38 | E26: =B26*D26 -> 8993 | F26: 0.002 | G26: =B26*F26 -> 47.33
E27: =B27*D27 -> 0 | G27: =B27*F27 -> 0
A28: 5/8" Type X gypboard | B28: 23665 | C28: SF | D28: 1.36 | E28: =B28*D28 -> 32184 | F28: 0.02 | G28: =B28*F28 -> 473.3
E29: =B29*D29 -> 0 | G29: =B29*F29 -> 0
A30: Tape and finish | B30: 23665 | C30: SF | D30: 0.2 | E30: =B30*D30 -> 4733 | F30: 0.007 | G30: =B30*F30 -> 165.66
A32: Metal soffit panel | B32: 2060 | C32: SF | D32: 10.91 | E32: =B32*D32 -> 22475 | F32: 0.129 | G32: =B32*F32 -> 265.74
A34: 2"x6" framing and nailers to soffit | B34: 515 | C34: LF | D34: 1.5 | E34: =B34*D34 -> 773 | F34: 0.026 | G34: =B34*F34 -> 13.39
E35: =B35*D35 -> 0 | G35: =B35*F35 -> 0 | H35: =D35+F35 -> 0 | I35: =SUM(E35,G35) -> 0
A36: Rigid eave vent screen | B36: 1130 | C36: LF | D36: 1.1 | E36: =B36*D36 -> 1243 | F36: 0.01 | G36: =B36*F36 -> 11.3
E37: =B37*D37 -> 0 | G37: =B37*F37 -> 0
A38: Fascia 1/2" CDX plywood (both sides) | B38: 5000 | C38: SF | D38: 1 | E38: =B38*D38 -> 5000 | F38: 0.017 | G38: =B38*F38 -> 85
E39: =B39*D39 -> 0 | G39: =B39*F39 -> 0
A40: Metal accent panel at fascia | B40: 2500 | C40: SF | D40: 20.5 | E40: =B40*D40 -> 51250 | F40: 0.09 | G40: =B40*F40 -> 225
E41: =B41*D41 -> 0 | G41: =B41*F41 -> 0
A42: 2"x4" framing for fascia | B42: 2900 | C42: LF | D42: 1.25 | E42: =B42*D42 -> 3625 | F42: 0.017 | G42: =B42*F42 -> 49.3
A44: Flashing | B44: 1690 | C44: LF | D44: 4.4 | E44: =B44*D44 -> 7436 | F44: 0.042 | G44: =B44*F44 -> 70.98
A46: 1"x6" interior trim | B46: 3498 | C46: LF | D46: 4.05 | E46: =B46*D46 -> 14167 | F46: 0.035 | G46: =B46*F46 -> 122.43
E47: =B47*D47 -> 0 | G47: =B47*F47 -> 0 | H47: =D47+F47 -> 0 | I47: =SUM(E47,G47) -> 0
A48: TOTAL LABOR HOURS: | E48: =B48*D48 -> 0 | G48: =SUM(G1:G47) -> 6522.76 | H48: Hours
A50: Labor Rate | G50: ='Labor Rates'!F22 -> 89.17 | H50: /Hour
E51: =B51*D51 -> 0 | G51: =B51*F51 -> 0 | H51: =D51+F51 -> 0 | I51: =SUM(E51,G51) -> 0
E52: =B52*D52 -> 0 | G52: =B52*F52 -> 0 | H52: =D52+F52 -> 0 | I52: =SUM(E52,G52) -> 0
E53: =B53*D53 -> 0 | G53: =B53*F53 -> 0 | H53: =D53+F53 -> 0 | I53: =SUM(E53,G53) -> 0
E61: =B61*D61 -> 0 | G61: =B61*F61 -> 0 | H61: =D61+F61 -> 0 | I61: =SUM(E61,G61) -> 0
E62: =B62*D62 -> 0 | G62: =B62*F62 -> 0 | H62: =D62+F62 -> 0 | I62: =SUM(E62,G62) -> 0
E63: =B63*D63 -> 0 | G63: =B63*F63 -> 0 | H63: =D63+F63 -> 0 | I63: =SUM(E63,G63) -> 0
E64: =B64*D64 -> 0 | G64: =B64*F64 -> 0 | H64: =D64+F64 -> 0 | I64: =SUM(E64,G64) -> 0
E65: =B65*D65 -> 0 | G65: =B65*F65 -> 0 | H65: =D65+F65 -> 0 | I65: =SUM(E65,G65) -> 0
E66: =B66*D66 -> 0 | G66: =B66*F66 -> 0 | H66: =D66+F66 -> 0 | I66: =SUM(E66,G66) -> 0
A67: TOTAL ESTIMATED COST: | B67: 23665 | C67: EWSF | E67: =SUM(E1:E66) -> 757182 | G67: =G48*G50 -> 581635 | I67: =G67+E67 -> 1338817

Sheet 042
A2: 04 - EXTERIOR CLOSURE | D2: MATERIAL/EQUIPMENT | F2: LABOR | H2: TOTAL | I2: TOTAL
B3: QUANTITY | C3: UNIT | D3: RATE | E3: TOTAL | F3: HOURS | G3: TOTAL | H3: UNIT RATE | I3: MATERIAL/LABOR
A4: 042 - Exterior Glazing | D4: $ | E4: $ | G4: $ | H4: $ | I4: $
E6: =B6*D6 -> 0 | G6: =B6*F6 -> 0 | H6: =D6+F6 -> 0 | I6: =SUM(E6,G6) -> 0
A7: Metal clad insulated windows with screens | B7: 3500 | C7: SF | D7: 95 | E7: =B7*D7 -> 332500 | F7: 0.188 | G7: =B7*F7 -> 658
A9: Solid surface sills | B9: 700 | C9: LF | D9: 20 | E9: =B9*D9 -> 14000 | F9: 0.06 | G9: =B9*F9 -> 42
E10: =B10*D10 -> 0 | G10: =B10*F10 -> 0 | H10: =D10+F10 -> 0 | I10: =SUM(E10,G10) -> 0
A11: Sealant and backer rod | B11: 3300 | C11: LF | D11: 1.94 | E11: =B11*D11 -> 6402 | F11: 0.043 | G11: =B11*F11 -> 141.9
E12: =B12*D12 -> 0 | G12: =B12*F12 -> 0 | H12: =D12+F12 -> 0 | I12: =SUM(E12,G12) -> 0
A13: TOTAL LABOR HOURS: | E13: =B13*D13 -> 0 | G13: =SUM(G1:G12) -> 841.9 | H13: Hours
A15: Labor Rate | G15: ='Labor Rates'!F22 -> 89.17 | H15: /Hour
E16: =B16*D16 -> 0 | G16: =B16*F16 -> 0 | H16: =D16+F16 -> 0 | I16: =SUM(E16,G16) -> 0
E17: =B17*D17 -> 0 | G17: =B17*F17 -> 0 | H17: =D17+F17 -> 0 | I17: =SUM(E17,G17) -> 0
E18: =B18*D18 -> 0 | G18: =B18*F18 -> 0 | H18: =D18+F18 -> 0 | I18: =SUM(E18,G18) -> 0
E19: =B19*D19 -> 0 | G19: =B19*F19 -> 0 | H19: =D19+F19 -> 0 | I19: =SUM(E19,G19) -> 0
E20: =B20*D20 -> 0 | G20: =B20*F20 -> 0 | H20: =D20+F20 -> 0 | I20: =SUM(E20,G20) -> 0
E21: =B21*D21 -> 0 | G21: =B21*F21 -> 0 | H21: =D21+F21 -> 0 | I21: =SUM(E21,G21) -> 0
E22: =B22*D22 -> 0 | G22: =B22*F22 -> 0 | H22: =D22+F22 -> 0 | I22: =SUM(E22,G22) -> 0
E23: =B23*D23 -> 0 | G23: =B23*F23 -> 0 | H23: =D23+F23 -> 0 | I23: =SUM(E23,G23) -> 0
E24: =B24*D24 -> 0 | G24: =B24*F24 -> 0 | H24: =D24+F24 -> 0 | I24: =SUM(E24,G24) -> 0
E25: =B25*D25 -> 0 | G25: =B25*F25 -> 0 | H25: =D25+F25 -> 0 | I25: =SUM(E25,G25) -> 0
E30: =B30*D30 -> 0 | G30: =B30*F30 -> 0 | H30: =D30+F30 -> 0 | I30: =SUM(E30,G30) -> 0
E31: =B31*D31 -> 0 | G31: =B31*F31 -> 0 | H31: =D31+F31 -> 0 | I31: =SUM(E31,G31) -> 0
... E35: =B35*D35 -> 0 | G35: =B35*F35 -> 0 | H35: =D35+F35 -> 0 | I35: =SUM(E35,G35) -> 0
A36: TOTAL ESTIMATED COST: | B36: 3500 | C36: EGSF | E36: =SUM(E1:E35) -> 352902 | G36: =G13*G15 -> 75072 | I36: =G36+E36 -> 427974

Sheet 043
A2: 04 - EXTERIOR CLOSURE | D2: MATERIAL/EQUIPMENT | F2: LABOR | H2: TOTAL | I2: TOTAL
B3: QUANTITY | C3: UNIT | D3: RATE | E3: TOTAL | F3: HOURS | G3: TOTAL | H3: UNIT RATE | I3: MATERIAL/LABOR
A4: 043 - Exterior Doors | D4: $ | E4: $ | G4: $ | H4: $ | I4: $
E6: =B6*D6 -> 0 | G6: =B6*F6 -> 0 | H6: =D6+F6 -> 0 | I6: =SUM(E6,G6) -> 0
A7: 3'0"x7'0" hollow metal insulated door frame | B7: 8 | C7: EA | D7: 492 | E7: =B7*D7 -> 3936 | F7: 1.1 | G7: =B7*F7 -> 8.8
E8: =B8*D8 -> 0 | G8: =B8*F8 -> 0
A9: 6'0"x7'0" hollow metal insulated double door | E9: =B9*D9 -> 0 | G9: =B9*F9 -> 0
A10: frame | B10: 3 | C10: EA | D10: 829 | E10: =B10*D10 -> 2487 | F10: 1.75 | G10: =B10*F10 -> 5.25
E11: =B11*D11 -> 0 | G11: =B11*F11 -> 0
A12: 3'0"x7'0" hollow metal insulated single door | B12: 8 | C12: EA | D12: 1326 | E12: =B12*D12 -> 10608 | F12: 0.75 | G12: =B12*F12 -> 6
E13: =B13*D13 -> 0 | G13: =B13*F13 -> 0
A14: 3'0"x7'0" hollow metal insulated door with | E14: =B14*D14 -> 0 | G14: =B14*F14 -> 0
A15: vision panel (for double doors, each leaf
A16: counted separately) | B16: 6 | C16: EA | D16: 1872.5 | E16: =B16*D16 -> 11235 | F16: 1.25 | G16: =B16*F16 -> 7.5
E17: =B17*D17 -> 0 | G17: =B17*F17 -> 0
A18: Hardware for single exterior door | B18: 6 | C18: SETS | D18: 2675 | E18: =B18*D18 -> 16050 | F18: 3.66 | G18: =B18*F18 -> 21.96
A20: Hardware for single exterior door, including
A21: emergency lockdown provisions | B21: 2 | C21: SETS | D21: 5640 | E21: =B21*D21 -> 11280 | F21: 7.45 | G21: =B21*F21 -> 14.9
E22: =B22*D22 -> 0 | G22: =B22*F22 -> 0 | H22: =D22+F22 -> 0 | I22: =SUM(E22,G22) -> 0
A23: Hardware for double exterior doors | B23: 1 | C23: SETS | D23: 3188 | E23: =B23*D23 -> 3188 | F23: 6.15 | G23: =B23*F23 -> 6.15
E24: =B24*D24 -> 0 | G24: =B24*F24 -> 0
A25: Hardware for double exterior doors with panic | E25: =B25*D25 -> 0 | G25: =B25*F25 -> 0
A26: hardware, including emergency lockdown
A27: provisions | B27: 2 | C27: SETS | D27: 13144 | E27: =B27*D27 -> 26288 | F27: 14.9 | G27: =B27*F27 -> 29.8
A29: Motorized operable accessible door and push
A30: button actuator | B30: 1 | C30: LOT | D30: 8970 | E30: =B30*D30 -> 8970 | F30: 7.5 | G30: =B30*F30 -> 7.5
E31: =B31*D31 -> 0 | G31: =B31*F31 -> 0 | H31: =D31+F31 -> 0 | I31: =SUM(E31,G31) -> 0
A32: TOTAL LABOR HOURS: | E32: =B32*D32 -> 0 | G32: =SUM(G1:G31) -> 107.86 | H32: Hours
A34: Labor Rate | G34: ='Labor Rates'!F22 -> 89.17 | H34: /Hour
E35: =B35*D35 -> 0 | G35: =B35*F35 -> 0 | H35: =D35+F35 -> 0 | I35: =SUM(E35,G35) -> 0
A36: TOTAL ESTIMATED COST: | B36: 14 | C36: EDLF | E36: =SUM(E1:E35) -> 94042 | G36: =G32*G34 -> 9618 | I36: =G36+E36 -> 103660

Sheet 044
A2: 04 - EXTERIOR CLOSURE | D2: MATERIAL/EQUIPMENT | F2: LABOR | H2: TOTAL | I2: TOTAL
B3: QUANTITY | C3: UNIT | D3: RATE | E3: TOTAL | F3: HOURS | G3: TOTAL | H3: UNIT RATE | I3: MATERIAL/LABOR
A4: 044 - Exterior Accessories | D4: $ | E4: $ | G4: $ | H4: $ | I4: $
E6: =B6*D6 -> 0 | G6: =B6*F6 -> 0 | H6: =D6+F6 -> 0 | I6: =SUM(E6,G6) -> 0
E7: =B7*D7 -> 0 | G7: =B7*F7 -> 0 | H7: =D7+F7 -> 0 | I7: =SUM(E7,G7) -> 0
E8: =B8*D8 -> 0 | G8: =B8*F8 -> 0 | H8: =D8+F8 -> 0 | I8: =SUM(E8,G8) -> 0
E9: =B9*D9 -> 0 | G9: =B9*F9 -> 0 | H9: =D9+F9 -> 0 | I9: =SUM(E9,G9) -> 0
E10: =B10*D10 -> 0 | G10: =B10*F10 -> 0 | H10: =D10+F10 -> 0 | I10: =SUM(E10,G10) -> 0
E11: =B11*D11 -> 0 | G11: =B11*F11 -> 0 | H11: =D11+F11 -> 0 | I11: =SUM(E11,G11) -> 0
E12: =B12*D12 -> 0 | G12: =B12*F12 -> 0 | H12: =D12+F12 -> 0 | I12: =SUM(E12,G12) -> 0
E13: =B13*D13 -> 0 | G13: =B13*F13 -> 0 | H13: =D13+F13 -> 0 | I13: =SUM(E13,G13) -> 0
E14: =B14*D14 -> 0 | G14: =B14*F14 -> 0 | H14: =D14+F14 -> 0 | I14: =SUM(E14,G14) -> 0
E15: =B15*D15 -> 0 | G15: =B15*F15 -> 0 | H15: =D15+F15 -> 0 | I15: =SUM(E15,G15) -> 0
E16: =B16*D16 -> 0 | G16: =B16*F16 -> 0 | H16: =D16+F16 -> 0 | I16: =SUM(E16,G16) -> 0
E17: =B17*D17 -> 0 | G17: =B17*F17 -> 0 | H17: =D17+F17 -> 0 | I17: =SUM(E17,G17) -> 0
... E26: =B26*D26 -> 0 | G26: =B26*F26 -> 0 | H26: =D26+F26 -> 0 | I26: =SUM(E26,G26) -> 0
A27: SUBTOTAL: | E27: =SUM(E1:E26) -> 0 | G27: =SUM(G1:G26) -> 0 | I27: =SUM(I1:I26) -> 0
A29: Labor Premium Time | B29: ='Notes-GFA'!$C$14 -> 0 | G29: =G27*B29 -> 0 | I29: =G29 -> 0
E30: =B30*D30 -> 0 | G30: =B30*F30 -> 0 | H30: =D30+F30 -> 0 | I30: =SUM(E30,G30) -> 0
E31: =B31*D31 -> 0 | G31: =B31*F31 -> 0 | H31: =D31+F31 -> 0 | I31: =SUM(E31,G31) -> 0
E32: =B32*D32 -> 0 | G32: =B32*F32 -> 0 | H32: =D32+F32 -> 0 | I32: =SUM(E32,G32) -> 0
E33: =B33*D33 -> 0 | G33: =B33*F33 -> 0 | H33: =D33+F33 -> 0 | I33: =SUM(E33,G33) -> 0
E34: =B34*D34 -> 0 | G34: =B34*F34 -> 0 | H34: =D34+F34 -> 0 | I34: =SUM(E34,G34) -> 0
E35: =B35*D35 -> 0 | G35: =B35*F35 -> 0 | H35: =D35+F35 -> 0 | I35: =SUM(E35,G35) -> 0
A36: TOTAL ESTIMATED COST: | C36: EASF | E36: =SUM(E27:E35) -> 0 | G36: =SUM(G27:G35) -> 0 | I36: =SUM(I27:I35) -> 0

Sheet 051
A2: 05 - ROOF SYSTEMS | D2: MATERIAL/EQUIPMENT | F2: LABOR | H2: TOTAL | I2: TOTAL
B3: QUANTITY | C3: UNIT | D3: RATE | E3: TOTAL | F3: HOURS | G3: TOTAL | H3: UNIT RATE | I3: MATERIAL/LABOR
A4: 051 - Pitched Roof | D4: $ | E4: $ | G4: $ | H4: $ | I4: $
E6: =B6*D6 -> 0 | G6: =B6*F6 -> 0 | H6: =D6+F6 -> 0 | I6: =SUM(E6,G6) -> 0
A7: GENERAL CONTRACTOR
A9: 5/8" fire treated CDX plywood | B9: 44170 | C9: SF | D9: 2.35 | E9: =B9*D9 -> 103800 | F9: 0.015 | G9: =B9*F9 -> 662.55
E10: =B10*D10 -> 0 | G10: =B10*F10 -> 0
A11: 8" R-38 rigid insulation | B11: 44170 | C11: SF | D11: 7.8 | E11: =B11*D11 -> 344526 | F11: 0.023 | G11: =B11*F11 -> 1015.91
E12: =B12*D12 -> 0 | G12: =B12*F12 -> 0
A13: 5/8" gypboard sheathing | B13: 44170 | C13: SF | D13: 2.28 | E13: =B13*D13 -> 100708 | F13: 0.012 | G13: =B13*F13 -> 530.04
E14: =B14*D14 -> 0 | G14: =B14*F14 -> 0
A15: Vapor barrier | B15: 44170 | C15: SF | D15: 0.84 | E15: =B15*D15 -> 37103 | F15: 0.002 | G15: =B15*F15 -> 88.34
E16: =B16*D16 -> 0 | G16: =B16*F16 -> 0 | H16: =D16+F16 -> 0 | I16: =SUM(E16,G16) -> 0
A17: TOTAL LABOR HOURS: | E17: =B17*D17 -> 0 | G17: =SUM(G1:G16) -> 2296.84 | H17: Hours
A19: Labor Rate | G19: ='Labor Rates'!F22 -> 89.17 | H19: /Hour
A21: SUBTOTAL GENERAL CONTRACTOR: | E21: =SUM(E1:E20) -> 586137 | G21: =G17*G19 -> 204809 | I21: =SUM(E21:G21) -> 790946
E22: =B22*D22 -> 0 | G22: =B22*F22 -> 0 | H22: =D22+F22 -> 0 | I22: =SUM(E22,G22) -> 0
A23: SUBCONTRACTOR | E23: =B23*D23 -> 0 | G23: =B23*F23 -> 0 | H23: =D23+F23 -> 0 | I23: =SUM(E23,G23) -> 0
E24: =B24*D24 -> 0 | G24: =B24*F24 -> 0 | H24: =D24+F24 -> 0 | I24: =SUM(E24,G24) -> 0
A25: Klip Rib metal roofing including fasteners, etc. | B25: 44170 | C25: SF | D25: 12.78 | E25: =B25*D25 -> 564493 | F25: 0.125 | G25: =B25*F25 -> 5521.25
E26: =B26*D26 -> 0 | G26: =B26*F26 -> 0
A27: Ice and water shield at eaves | B27: 6000 | C27: SF | D27: 1.2 | E27: =B27*D27 -> 7200 | F27: 0.01 | G27: =B27*F27 -> 60
E28: =B28*D28 -> 0 | G28: =B28*F28 -> 0
A29: Ridge flashing | B29: 450 | C29: LF | D29: 8.8 | E29: =B29*D29 -> 3960 | F29: 0.042 | G29: =B29*F29 -> 18.9
E30: =B30*D30 -> 0 | G30: =B30*F30 -> 0
A31: Flashings | B31: 1600 | C31: LF | D31: 7.59 | E31: =B31*D31 -> 12144 | F31: 0.042 | G31: =B31*F31 -> 67.2
E32: =B32*D32 -> 0 | G32: =B32*F32 -> 0
A33: Fascia board and flashing | B33: 1450 | C33: LF | D33: 11.7 | E33: =B33*D33 -> 16965 | F33: 0.12 | G33: =B33*F33 -> 174
E34: =B34*D34 -> 0 | G34: =B34*F34 -> 0 | H34: =D34+F34 -> 0 | I34: =SUM(E34,G34) -> 0
A35: TOTAL LABOR HOURS: | E35: =B35*D35 -> 0 | G35: =SUM(G23:G34) -> 5841.35 | H35: Hours
A38: Labor Rate | G38: ='Labor Rates'!F46 -> 86.33 | H38: /Hour
A40: SUBTOTAL SUBCONTRACTOR: | E40: =SUM(E23:E39) -> 604762 | G40: =G35*G38 -> 504284 | I40: =SUM(E40:G40) -> 1109046
E41: =B41*D41 -> 0 | G41: =B41*F41 -> 0 | H41: =D41+F41 -> 0 | I41: =SUM(E41,G41) -> 0
A42: Subcontractor's Overhead and Profit on
A43: Material and Labor | B43: 0.2 | E43: =E40*B43 -> 120952 | G43: =G40*B43 -> 100857 | I43: =SUM(E43:G43) -> 221809
A45: TOTAL SUBCONTRACTOR: | E45: =SUM(E40:E44) -> 725714 | G45: =SUM(G40:G44) -> 605141 | I45: =SUM(I40:I44) -> 1330855
E46: =B46*D46 -> 0 | G46: =B46*F46 -> 0 | H46: =D46+F46 -> 0 | I46: =SUM(E46,G46) -> 0
E66: =B66*D66 -> 0 | G66: =B66*F66 -> 0 | H66: =D66+F66 -> 0 | I66: =SUM(E66,G66) -> 0
A67: TOTAL ESTIMATED COST: | B67: 44170 | C67: PRSF | E67: =E45+E21 -> 1311851 | G67: =G45+G21 -> 809950 | I67: =I45+I21 -> 2121801

Sheet 052
A2: 05 - ROOF SYSTEMS | D2: MATERIAL/EQUIPMENT | F2: LABOR | H2: TOTAL | I2: TOTAL
B3: QUANTITY | C3: UNIT | D3: RATE | E3: TOTAL | F3: HOURS | G3: TOTAL | H3: UNIT RATE | I3: MATERIAL/LABOR
A4: 052 - Flat Roof | D4: $ | E4: $ | G4: $ | H4: $ | I4: $
E6: =B6*D6 -> 0 | G6: =B6*F6 -> 0 | H6: =D6+F6 -> 0 | I6: =SUM(E6,G6) -> 0
E7: =B7*D7 -> 0 | G7: =B7*F7 -> 0 | H7: =D7+F7 -> 0 | I7: =SUM(E7,G7) -> 0
E8: =B8*D8 -> 0 | G8: =B8*F8 -> 0 | H8: =D8+F8 -> 0 | I8: =SUM(E8,G8) -> 0
E9: =B9*D9 -> 0 | G9: =B9*F9 -> 0 | H9: =D9+F9 -> 0 | I9: =SUM(E9,G9) -> 0
E10: =B10*D10 -> 0 | G10: =B10*F10 -> 0 | H10: =D10+F10 -> 0 | I10: =SUM(E10,G10) -> 0
E11: =B11*D11 -> 0 | G11: =B11*F11 -> 0 | H11: =D11+F11 -> 0 | I11: =SUM(E11,G11) -> 0
E12: =B12*D12 -> 0 | G12: =B12*F12 -> 0 | H12: =D12+F12 -> 0 | I12: =SUM(E12,G12) -> 0
E13: =B13*D13 -> 0 | G13: =B13*F13 -> 0 | H13: =D13+F13 -> 0 | I13: =SUM(E13,G13) -> 0
E14: =B14*D14 -> 0 | G14: =B14*F14 -> 0 | H14: =D14+F14 -> 0 | I14: =SUM(E14,G14) -> 0
E15: =B15*D15 -> 0 | G15: =B15*F15 -> 0 | H15: =D15+F15 -> 0 | I15: =SUM(E15,G15) -> 0
E16: =B16*D16 -> 0 | G16: =B16*F16 -> 0 | H16: =D16+F16 -> 0 | I16: =SUM(E16,G16) -> 0
E17: =B17*D17 -> 0 | G17: =B17*F17 -> 0 | H17: =D17+F17 -> 0 | I17: =SUM(E17,G17) -> 0
... E26: =B26*D26 -> 0 | G26: =B26*F26 -> 0 | H26: =D26+F26 -> 0 | I26: =SUM(E26,G26) -> 0
A27: SUBTOTAL: | E27: =SUM(E1:E26) -> 0 | G27: =SUM(G1:G26) -> 0 | I27: =SUM(I1:I26) -> 0
A29: Labor Premium Time | B29: ='Notes-GFA'!$C$14 -> 0 | G29: =G27*B29 -> 0 | I29: =G29 -> 0
E30: =B30*D30 -> 0 | G30: =B30*F30 -> 0 | H30: =D30+F30 -> 0 | I30: =SUM(E30,G30) -> 0
E31: =B31*D31 -> 0 | G31: =B31*F31 -> 0 | H31: =D31+F31 -> 0 | I31: =SUM(E31,G31) -> 0
E32: =B32*D32 -> 0 | G32: =B32*F32 -> 0 | H32: =D32+F32 -> 0 | I32: =SUM(E32,G32) -> 0
E33: =B33*D33 -> 0 | G33: =B33*F33 -> 0 | H33: =D33+F33 -> 0 | I33: =SUM(E33,G33) -> 0
E34: =B34*D34 -> 0 | G34: =B34*F34 -> 0 | H34: =D34+F34 -> 0 | I34: =SUM(E34,G34) -> 0
E35: =B35*D35 -> 0 | G35: =B35*F35 -> 0 | H35: =D35+F35 -> 0 | I35: =SUM(E35,G35) -> 0
A36: TOTAL ESTIMATED COST: | C36: FRSF | E36: =SUM(E27:E35) -> 0 | G36: =SUM(G27:G35) -> 0 | I36: =SUM(I27:I35) -> 0

Sheet 053
A2: 05 - ROOF SYSTEMS | D2: MATERIAL/EQUIPMENT | F2: LABOR | H2: TOTAL | I2: TOTAL
B3: QUANTITY | C3: UNIT | D3: RATE | E3: TOTAL | F3: HOURS | G3: TOTAL | H3: UNIT RATE | I3: MATERIAL/LABOR
A4: 053 - Roof Accessories | D4: $ | E4: $ | G4: $ | H4: $ | I4: $
E6: =B6*D6 -> 0 | G6: =B6*F6 -> 0 | H6: =D6+F6 -> 0 | I6: =SUM(E6,G6) -> 0
E7: =B7*D7 -> 0 | G7: =B7*F7 -> 0 | H7: =D7+F7 -> 0 | I7: =SUM(E7,G7) -> 0
E8: =B8*D8 -> 0 | G8: =B8*F8 -> 0 | H8: =D8+F8 -> 0 | I8: =SUM(E8,G8) -> 0
E9: =B9*D9 -> 0 | G9: =B9*F9 -> 0 | H9: =D9+F9 -> 0 | I9: =SUM(E9,G9) -> 0
E10: =B10*D10 -> 0 | G10: =B10*F10 -> 0 | H10: =D10+F10 -> 0 | I10: =SUM(E10,G10) -> 0
E11: =B11*D11 -> 0 | G11: =B11*F11 -> 0 | H11: =D11+F11 -> 0 | I11: =SUM(E11,G11) -> 0
E12: =B12*D12 -> 0 | G12: =B12*F12 -> 0 | H12: =D12+F12 -> 0 | I12: =SUM(E12,G12) -> 0
E13: =B13*D13 -> 0 | G13: =B13*F13 -> 0 | H13: =D13+F13 -> 0 | I13: =SUM(E13,G13) -> 0
E14: =B14*D14 -> 0 | G14: =B14*F14 -> 0 | H14: =D14+F14 -> 0 | I14: =SUM(E14,G14) -> 0
E15: =B15*D15 -> 0 | G15: =B15*F15 -> 0 | H15: =D15+F15 -> 0 | I15: =SUM(E15,G15) -> 0
E16: =B16*D16 -> 0 | G16: =B16*F16 -> 0 | H16: =D16+F16 -> 0 | I16: =SUM(E16,G16) -> 0
E17: =B17*D17 -> 0 | G17: =B17*F17 -> 0 | H17: =D17+F17 -> 0 | I17: =SUM(E17,G17) -> 0
... E26: =B26*D26 -> 0 | G26: =B26*F26 -> 0 | H26: =D26+F26 -> 0 | I26: =SUM(E26,G26) -> 0
A27: SUBTOTAL: | E27: =SUM(E1:E26) -> 0 | G27: =SUM(G1:G26) -> 0 | I27: =SUM(I1:I26) -> 0
A29: Labor Premium Time | B29: ='Notes-GFA'!$C$14 -> 0 | G29: =G27*B29 -> 0 | I29: =G29 -> 0
E30: =B30*D30 -> 0 | G30: =B30*F30 -> 0 | H30: =D30+F30 -> 0 | I30: =SUM(E30,G30) -> 0
E31: =B31*D31 -> 0 | G31: =B31*F31 -> 0 | H31: =D31+F31 -> 0 | I31: =SUM(E31,G31) -> 0
E32: =B32*D32 -> 0 | G32: =B32*F32 -> 0 | H32: =D32+F32 -> 0 | I32: =SUM(E32,G32) -> 0
E33: =B33*D33 -> 0 | G33: =B33*F33 -> 0 | H33: =D33+F33 -> 0 | I33: =SUM(E33,G33) -> 0
E34: =B34*D34 -> 0 | G34: =B34*F34 -> 0 | H34: =D34+F34 -> 0 | I34: =SUM(E34,G34) -> 0
E35: =B35*D35 -> 0 | G35: =B35*F35 -> 0 | H35: =D35+F35 -> 0 | I35: =SUM(E35,G35) -> 0
A36: TOTAL ESTIMATED COST: | C36: RASF | E36: =SUM(E27:E35) -> 0 | G36: =SUM(G27:G35) -> 0 | I36: =SUM(I27:I35) -> 0

Sheet 061
A2: 06 - INTERIORS | D2: MATERIAL/EQUIPMENT | F2: LABOR | H2: TOTAL | I2: TOTAL
B3: QUANTITY | C3: UNIT | D3: RATE | E3: TOTAL | F3: HOURS | G3: TOTAL | H3: UNIT RATE | I3: MATERIAL/LABOR
A4: 061 - Partitions and Soffits | D4: $ | E4: $ | G4: $ | H4: $ | I4: $
E6: =B6*D6 -> 0 | G6: =B6*F6 -> 0 | H6: =D6+F6 -> 0 | I6: =SUM(E6,G6) -> 0
A7: 3 5/8"x20 gauge metal studs, 16" o/c,
A8: including track | B8: 45045 | C8: SF | D8: 1.95 | E8: =B8*D8 -> 87838 | F8: 0.025 | G8: =B8*F8 -> 1126.13
E9: =B9*D9 -> 0 | G9: =B9*F9 -> 0
A10: 6"x20 gauge metal studs, 16" o/c, including
A11: track | B11: 4455 | C11: SF | D11: 2.55 | E11: =B11*D11 -> 11360 | F11: 0.031 | G11: =B11*F11 -> 138.11
E12: =B12*D12 -> 0 | G12: =B12*F12 -> 0
A13: 5/8" Type X gypboard | B13: 88320 | C13: SF | D13: 1.36 | E13: =B13*D13 -> 120115 | F13: 0.02 | G13: =B13*F13 -> 1766.4
A15: 7/16" Level 7 ballistic protection panel at
A16: reception | B16: 95 | C16: SF | D16: 73 | E16: =B16*D16 -> 6935 | F16: 0.15 | G16: =B16*F16 -> 14.25
A18: Tape and finish | B18: 88320 | C18: SF | D18: 0.2 | E18: =B18*D18 -> 17664 | F18: 0.007 | G18: =B18*F18 -> 618.24
E19: =B19*D19 -> 0 | G19: =B19*F19 -> 0
A20: 1/2" cement board | B20: 1680 | C20: SF | D20: 2.33 | E20: =B20*D20 -> 3914 | F20: 0.029 | G20: =B20*F20 -> 48.72
A22: 1/2" plywood backing | B22: 16000 | C22: SF | D22: 1 | E22: =B22*D22 -> 16000 | F22: 0.014 | G22: =B22*F22 -> 224
E23: =B23*D23 -> 0 | G23: =B23*F23 -> 0
A24: 2"x6" blockings | B24: 2500 | C24: LF | D24: 1.25 | E24: =B24*D24 -> 3125 | F24: 0.025 | G24: =B24*F24 -> 62.5
A26: Sound insulation | B26: 10000 | C26: SF | D26: 0.88 | E26: =B26*D26 -> 8800 | F26: 0.007 | G26: =B26*F26 -> 70
A28: Acoustical sealants | B28: 1667 | C28: LF | D28: 0.4 | E28: =B28*D28 -> 667 | F28: 0.009 | G28: =B28*F28 -> 15
E29: =B29*D29 -> 0 | G29: =B29*F29 -> 0 | H29: =D29+F29 -> 0 | I29: =SUM(E29,G29) -> 0
A30: TOTAL LABOR HOURS: | E30: =B30*D30 -> 0 | G30: =SUM(G1:G29) -> 4083.35 | H30: Hours
A32: Labor Rate | G32: ='Labor Rates'!F22 -> 89.17 | H32: /Hour
E33: =B33*D33 -> 0 | G33: =B33*F33 -> 0 | H33: =D33+F33 -> 0 | I33: =SUM(E33,G33) -> 0
E34: =B34*D34 -> 0 | G34: =B34*F34 -> 0 | H34: =D34+F34 -> 0 | I34: =SUM(E34,G34) -> 0
E35: =B35*D35 -> 0 | G35: =B35*F35 -> 0 | H35: =D35+F35 -> 0 | I35: =SUM(E35,G35) -> 0
A36: TOTAL ESTIMATED COST: | B36: 49500 | C36: PSSF | E36: =SUM(E1:E35) -> 276418 | G36: =G30*G32 -> 364112 | I36: =E36+G36 -> 640530

Sheet 062
A2: 06 - INTERIORS | D2: MATERIAL/EQUIPMENT | F2: LABOR | H2: TOTAL | I2: TOTAL
B3: QUANTITY | C3: UNIT | D3: RATE | E3: TOTAL | F3: HOURS | G3: TOTAL | H3: UNIT RATE | I3: MATERIAL/LABOR
A4: 062 - Special Partitions | D4: $ | E4: $ | G4: $ | H4: $ | I4: $
E6: =B6*D6 -> 0 | G6: =B6*F6 -> 0 | H6: =D6+F6 -> 0 | I6: =SUM(E6,G6) -> 0
E7: =B7*D7 -> 0 | G7: =B7*F7 -> 0 | H7: =D7+F7 -> 0 | I7: =SUM(E7,G7) -> 0
E8: =B8*D8 -> 0 | G8: =B8*F8 -> 0 | H8: =D8+F8 -> 0 | I8: =SUM(E8,G8) -> 0
E9: =B9*D9 -> 0 | G9: =B9*F9 -> 0 | H9: =D9+F9 -> 0 | I9: =SUM(E9,G9) -> 0
E10: =B10*D10 -> 0 | G10: =B10*F10 -> 0 | H10: =D10+F10 -> 0 | I10: =SUM(E10,G10) -> 0
E11: =B11*D11 -> 0 | G11: =B11*F11 -> 0 | H11: =D11+F11 -> 0 | I11: =SUM(E11,G11) -> 0
E12: =B12*D12 -> 0 | G12: =B12*F12 -> 0 | H12: =D12+F12 -> 0 | I12: =SUM(E12,G12) -> 0
E13: =B13*D13 -> 0 | G13: =B13*F13 -> 0 | H13: =D13+F13 -> 0 | I13: =SUM(E13,G13) -> 0
E14: =B14*D14 -> 0 | G14: =B14*F14 -> 0 | H14: =D14+F14 -> 0 | I14: =SUM(E14,G14) -> 0
E15: =B15*D15 -> 0 | G15: =B15*F15 -> 0 | H15: =D15+F15 -> 0 | I15: =SUM(E15,G15) -> 0
E16: =B16*D16 -> 0 | G16: =B16*F16 -> 0 | H16: =D16+F16 -> 0 | I16: =SUM(E16,G16) -> 0
E17: =B17*D17 -> 0 | G17: =B17*F17 -> 0 | H17: =D17+F17 -> 0 | I17: =SUM(E17,G17) -> 0
... E26: =B26*D26 -> 0 | G26: =B26*F26 -> 0 | H26: =D26+F26 -> 0 | I26: =SUM(E26,G26) -> 0
A27: SUBTOTAL: | E27: =SUM(E1:E26) -> 0 | G27: =SUM(G1:G26) -> 0 | I27: =SUM(I1:I26) -> 0
A29: Labor Premium Time | B29: ='Notes-GFA'!$C$14 -> 0 | G29: =G27*B29 -> 0 | I29: =G29 -> 0
E30: =B30*D30 -> 0 | G30: =B30*F30 -> 0 | H30: =D30+F30 -> 0 | I30: =SUM(E30,G30) -> 0
E31: =B31*D31 -> 0 | G31: =B31*F31 -> 0 | H31: =D31+F31 -> 0 | I31: =SUM(E31,G31) -> 0
E32: =B32*D32 -> 0 | G32: =B32*F32 -> 0 | H32: =D32+F32 -> 0 | I32: =SUM(E32,G32) -> 0
E33: =B33*D33 -> 0 | G33: =B33*F33 -> 0 | H33: =D33+F33 -> 0 | I33: =SUM(E33,G33) -> 0
E34: =B34*D34 -> 0 | G34: =B34*F34 -> 0 | H34: =D34+F34 -> 0 | I34: =SUM(E34,G34) -> 0
E35: =B35*D35 -> 0 | G35: =B35*F35 -> 0 | H35: =D35+F35 -> 0 | I35: =SUM(E35,G35) -> 0
A36: TOTAL ESTIMATED COST: | C36: SPSF | E36: =SUM(E27:E35) -> 0 | G36: =SUM(G27:G35) -> 0 | I36: =SUM(I27:I35) -> 0

Sheet 063
A2: 06 - INTERIORS | D2: MATERIAL/EQUIPMENT | F2: LABOR | H2: TOTAL | I2: TOTAL
B3: QUANTITY | C3: UNIT | D3: RATE | E3: TOTAL | F3: HOURS | G3: TOTAL | H3: UNIT RATE | I3: MATERIAL/LABOR
A4: 063 - Interior Openings | D4: $ | E4: $ | G4: $ | H4: $ | I4: $
E6: =B6*D6 -> 0 | G6: =B6*F6 -> 0 | H6: =D6+F6 -> 0 | I6: =SUM(E6,G6) -> 0
A7: GENERAL CONTRACTOR | E7: =B7*D7 -> 0 | G7: =B7*F7 -> 0 | H7: =D7+F7 -> 0 | I7: =SUM(E7,G7) -> 0
E8: =B8*D8 -> 0 | G8: =B8*F8 -> 0 | H8: =D8+F8 -> 0 | I8: =SUM(E8,G8) -> 0
A9: Personnel Doors | E9: =B9*D9 -> 0 | G9: =B9*F9 -> 0 | H9: =D9+F9 -> 0 | I9: =SUM(E9,G9) -> 0
E10: =B10*D10 -> 0 | G10: =B10*F10 -> 0 | H10: =D10+F10 -> 0 | I10: =SUM(E10,G10) -> 0
A11: 3'0"x7'0" hollow metal frame, welded | B11: 60 | C11: EA | D11: 513 | E11: =B11*D11 -> 30780 | F11: 1 | G11: =B11*F11 -> 60
E12: =B12*D12 -> 0 | G12: =B12*F12 -> 0
A13: 6'0"x7'0" hollow metal double door frame | B13: 8 | C13: PRS | D13: 829 | E13: =B13*D13 -> 6632 | F13: 1.65 | G13: =B13*F13 -> 13.2
E14: =B14*D14 -> 0 | G14: =B14*F14 -> 0 | H14: =D14+F14 -> 0 | I14: =SUM(E14,G14) -> 0
A15: 3'0"x7'0" solid core door | B15: 54 | C15: EA | D15: 781 | E15: =B15*D15 -> 42174 | F15: 0.75 | G15: =B15*F15 -> 40.5
E16: =B16*D16 -> 0 | G16: =B16*F16 -> 0
A17: 3'0"x7'0" solid core door with glazed opening | B17: 22 | C17: EA | D17: 1326 | E17: =B17*D17 -> 29172 | F17: 1.25 | G17: =B17*F17 -> 27.5
A19: Hardware for single door | B19: 60 | C19: SETS | D19: 1605 | E19: =B19*D19 -> 96300 | F19: 2.88 | G19: =B19*F19 -> 172.8
A21: Hardware for double doors | B21: 8 | C21: SETS | D21: 2626 | E21: =B21*D21 -> 21008 | F21: 5.75 | G21: =B21*F21 -> 46
E22: =B22*D22 -> 0 | G22: =B22*F22 -> 0 | H22: =D22+F22 -> 0 | I22: =SUM(E22,G22) -> 0
A23: Add for emergency lockdown hardware | B23: 16 | C23: EA | D23: 3380 | E23: =B23*D23 -> 54080 | F23: 7.45 | G23: =B23*F23 -> 119.2
E24: =B24*D24 -> 0 | G24: =B24*F24 -> 0 | H24: =D24+F24 -> 0 | I24: =SUM(E24,G24) -> 0
A25: Special Doors | E25: =B25*D25 -> 0 | G25: =B25*F25 -> 0 | H25: =D25+F25 -> 0 | I25: =SUM(E25,G25) -> 0
A27: Rolling grille at kitchen serving line | B27: 1 | C27: EA | D27: 6910 | E27: =B27*D27 -> 6910 | F27: 13.33 | G27: =B27*F27 -> 13.33
A29: Windows and Sidelites
E30: =B30*D30 -> 0 | G30: =B30*F30 -> 0 | H30: =D30+F30 -> 0 | I30: =SUM(E30,G30) -> 0
A31: Relights in hollow metal frame | B31: 180 | C31: SF | D31: 103 | E31: =B31*D31 -> 18540 | F31: 0.307 | G31: =B31*F31 -> 55.26
E32: =B32*D32 -> 0 | G32: =B32*F32 -> 0 | H32: =D32+F32 -> 0 | I32: =SUM(E32,G32) -> 0
A33: TOTAL LABOR HOURS: | E33: =B33*D33 -> 0 | G33: =SUM(G1:G32) -> 547.79 | H33: Hours
A35: Labor Rate | G35: ='Labor Rates'!F22 -> 89.17 | H35: /Hour
A37: SUBTOTAL GENERAL CONTRACTOR: | E37: =SUM(E1:E36) -> 305596 | G37: =G33*G35 -> 48846 | I37: =SUM(E37:G37) -> 354442
A38: SUBCONTRACTOR | E38: =B38*D38 -> 0 | G38: =B38*F38 -> 0 | H38: =D38+F38 -> 0 | I38: =SUM(E38,G38) -> 0
A40: Painting
A42: Interior trim and sills | B42: 4198 | C42: LF | D42: 1.15 | E42: =B42*D42 -> 4828 | F42: 0.02 | G42: =B42*F42 -> 83.96
A44: Single door frame | B44: 76 | C44: EA | D44: 17 | E44: =B44*D44 -> 1292 | F44: 0.45 | G44: =B44*F44 -> 34.2
A46: Double door frame | B46: 14 | C46: EA | D46: 33.6 | E46: =B46*D46 -> 470 | F46: 0.533 | G46: =B46*F46 -> 7.46
A48: Door | B48: 104 | C48: EA | D48: 42 | E48: =B48*D48 -> 4368 | F48: 0.93 | G48: =B48*F48 -> 96.72
E49: =B49*D49 -> 0 | G49: =B49*F49 -> 0 | H49: =D49+F49 -> 0 | I49: =SUM(E49,G49) -> 0
A50: TOTAL LABOR HOURS: | E50: =B50*D50 -> 0 | G50: =SUM(G40:G49) -> 222.34 | H50: Hours
A52: Labor Rate | G52: ='Labor Rates'!M46 -> 73.31 | H52: /Hour
A54: SUBTOTAL SUBCONTRACTOR: | E54: =SUM(E40:E53) -> 10958 | G54: =G50*G52 -> 16300 | I54: =SUM(E54:G54) -> 27258
E55: =B55*D55 -> 0 | G55: =B55*F55 -> 0 | H55: =D55+F55 -> 0 | I55: =SUM(E55,G55) -> 0
A56: Subcontractor's Overhead and Profit on
A57: Material and Labor | B57: 0.2 | E57: =E54*B57 -> 2192 | G57: =G54*B57 -> 3260 | I57: =SUM(E57:G57) -> 5452
A59: TOTAL SUBCONTRACTOR: | E59: =SUM(E54:E58) -> 13150 | G59: =SUM(G54:G58) -> 19560 | I59: =SUM(I54:I58) -> 32710
E64: =B64*D64 -> 0 | G64: =B64*F64 -> 0 | H64: =D64+F64 -> 0 | I64: =SUM(E64,G64) -> 0
E65: =B65*D65 -> 0 | G65: =B65*F65 -> 0 | H65: =D65+F65 -> 0 | I65: =SUM(E65,G65) -> 0
E66: =B66*D66 -> 0 | G66: =B66*F66 -> 0 | H66: =D66+F66 -> 0 | I66: =SUM(E66,G66) -> 0
A67: TOTAL ESTIMATED COST: | B67: 79 | C67: IOEA | E67: =E59+E37 -> 318746 | G67: =G59+G37 -> 68406 | I67: =I59+I37 -> 387152

Sheet 064
A2: 06 - INTERIORS | D2: MATERIAL/EQUIPMENT | F2: LABOR | H2: TOTAL | I2: TOTAL
B3: QUANTITY | C3: UNIT | D3: RATE | E3: TOTAL | F3: HOURS | G3: TOTAL | H3: UNIT RATE | I3: MATERIAL/LABOR
A4: 064 - Special Floors | D4: $ | E4: $ | G4: $ | H4: $ | I4: $
E6: =B6*D6 -> 0 | G6: =B6*F6 -> 0 | H6: =D6+F6 -> 0 | I6: =SUM(E6,G6) -> 0
E7: =B7*D7 -> 0 | G7: =B7*F7 -> 0 | H7: =D7+F7 -> 0 | I7: =SUM(E7,G7) -> 0
E8: =B8*D8 -> 0 | G8: =B8*F8 -> 0 | H8: =D8+F8 -> 0 | I8: =SUM(E8,G8) -> 0
E9: =B9*D9 -> 0 | G9: =B9*F9 -> 0 | H9: =D9+F9 -> 0 | I9: =SUM(E9,G9) -> 0
E10: =B10*D10 -> 0 | G10: =B10*F10 -> 0 | H10: =D10+F10 -> 0 | I10: =SUM(E10,G10) -> 0
E11: =B11*D11 -> 0 | G11: =B11*F11 -> 0 | H11: =D11+F11 -> 0 | I11: =SUM(E11,G11) -> 0
E12: =B12*D12 -> 0 | G12: =B12*F12 -> 0 | H12: =D12+F12 -> 0 | I12: =SUM(E12,G12) -> 0
E13: =B13*D13 -> 0 | G13: =B13*F13 -> 0 | H13: =D13+F13 -> 0 | I13: =SUM(E13,G13) -> 0
E14: =B14*D14 -> 0 | G14: =B14*F14 -> 0 | H14: =D14+F14 -> 0 | I14: =SUM(E14,G14) -> 0
E15: =B15*D15 -> 0 | G15: =B15*F15 -> 0 | H15: =D15+F15 -> 0 | I15: =SUM(E15,G15) -> 0
E16: =B16*D16 -> 0 | G16: =B16*F16 -> 0 | H16: =D16+F16 -> 0 | I16: =SUM(E16,G16) -> 0
E17: =B17*D17 -> 0 | G17: =B17*F17 -> 0 | H17: =D17+F17 -> 0 | I17: =SUM(E17,G17) -> 0
... E26: =B26*D26 -> 0 | G26: =B26*F26 -> 0 | H26: =D26+F26 -> 0 | I26: =SUM(E26,G26) -> 0
A27: SUBTOTAL: | E27: =SUM(E1:E26) -> 0 | G27: =SUM(G1:G26) -> 0 | I27: =SUM(I1:I26) -> 0
A29: Labor Premium Time | B29: ='Notes-GFA'!$C$14 -> 0 | G29: =G27*B29 -> 0 | I29: =G29 -> 0
E30: =B30*D30 -> 0 | G30: =B30*F30 -> 0 | H30: =D30+F30 -> 0 | I30: =SUM(E30,G30) -> 0
E31: =B31*D31 -> 0 | G31: =B31*F31 -> 0 | H31: =D31+F31 -> 0 | I31: =SUM(E31,G31) -> 0
E32: =B32*D32 -> 0 | G32: =B32*F32 -> 0 | H32: =D32+F32 -> 0 | I32: =SUM(E32,G32) -> 0
E33: =B33*D33 -> 0 | G33: =B33*F33 -> 0 | H33: =D33+F33 -> 0 | I33: =SUM(E33,G33) -> 0
E34: =B34*D34 -> 0 | G34: =B34*F34 -> 0 | H34: =D34+F34 -> 0 | I34: =SUM(E34,G34) -> 0
E35: =B35*D35 -> 0 | G35: =B35*F35 -> 0 | H35: =D35+F35 -> 0 | I35: =SUM(E35,G35) -> 0
A36: TOTAL ESTIMATED COST: | C36: RFSF | E36: =SUM(E27:E35) -> 0 | G36: =SUM(G27:G35) -> 0 | I36: =SUM(I27:I35) -> 0

Sheet 065
A2: 06 - INTERIORS | D2: MATERIAL/EQUIPMENT | F2: LABOR | H2: TOTAL | I2: TOTAL
B3: QUANTITY | C3: UNIT | D3: RATE | E3: TOTAL | F3: HOURS | G3: TOTAL | H3: UNIT RATE | I3: MATERIAL/LABOR
A4: 065 - Interior Finishes | D4: $ | E4: $ | G4: $ | H4: $ | I4: $
E6: =B6*D6 -> 0 | G6: =B6*F6 -> 0 | H6: =D6+F6 -> 0 | I6: =SUM(E6,G6) -> 0
A7: SUBCONTRACTOR
A9: Floor Finishes | E9: =B9*D9 -> 0
E10: =B10*D10 -> 0
A11: Carpet tile | B11: 3205 | C11: SY | D11: 47.25 | E11: =B11*D11 -> 151436 | F11: 0.175 | G11: =B11*F11 -> 560.88
E12: =B12*D12 -> 0 | G12: =B12*F12 -> 0
A13: Carpet inlays | B13: 1 | C13: LOT | D13: 1450 | E13: =B13*D13 -> 1450 | F13: 50 | G13: =B13*F13 -> 50
E14: =B14*D14 -> 0 | G14: =B14*F14 -> 0
A15: Resilient gym flooring | B15: 3500 | C15: SF | D15: 10.65 | E15: =B15*D15 -> 37275 | F15: 0.12 | G15: =B15*F15 -> 420
E16: =B16*D16 -> 0 | G16: =B16*F16 -> 0
A17: Mosaic ceramic tile | B17: 1400 | C17: SF | D17: 10.44 | E17: =B17*D17 -> 14616 | F17: 0.135 | G17: =B17*F17 -> 189
E18: =B18*D18 -> 0 | G18: =B18*F18 -> 0
A19: Vinyl tile | B19: 2000 | C19: SF | D19: 4.18 | E19: =B19*D19 -> 8360 | F19: 0.02 | G19: =B19*F19 -> 40
E20: =B20*D20 -> 0 | G20: =B20*F20 -> 0
A21: Sheet vinyl | B21: 1000 | C21: SF | D21: 6.85 | E21: =B21*D21 -> 6850 | F21: 0.04 | G21: =B21*F21 -> 40
E22: =B22*D22 -> 0 | G22: =B22*F22 -> 0
A23: Linoleum | B23: 2450 | C23: SF | D23: 4.75 | E23: =B23*D23 -> 11638 | F23: 0.031 | G23: =B23*F23 -> 75.95
E24: =B24*D24 -> 0
A25: Concrete sealer and hardener | B25: 2250 | C25: SF | D25: 0.4 | E25: =B25*D25 -> 900 | F25: 0.017 | G25: =B25*F25 -> 38.25
A27: 4" rubber | B27: 7660 | C27: LF | D27: 1.6 | E27: =B27*D27 -> 12256 | F27: 0.02 | G27: =B27*F27 -> 153.2
E28: =B28*D28 -> 0 | G28: =B28*F28 -> 0
A29: 6" coved | B29: 550 | C29: LF | D29: 2.8 | E29: =B29*D29 -> 1540 | F29: 0.06 | G29: =B29*F29 -> 33
E30: =B30*D30 -> 0 | G30: =B30*F30 -> 0
A31: Ceramic tile base | B31: 210 | C31: LF | D31: 10.54 | E31: =B31*D31 -> 2213 | F31: 0.12 | G31: =B31*F31 -> 25.2
E32: =B32*D32 -> 0 | G32: =B32*F32 -> 0
A33: Wood base | B33: 480 | C33: LF | D33: 4.05 | E33: =B33*D33 -> 1944 | F33: 0.035 | G33: =B33*F33 -> 16.8
A35: Wall Finishes
A37: Paint (three coats) | B37: 100000 | C37: SF | D37: 0.95 | E37: =B37*D37 -> 95000 | F37: 0.022 | G37: =B37*F37 -> 2200
A38: SUBCONTRACTOR (Continued)
A40: Wall Finishes (Continued)
E41: =B41*D41 -> 0 | G41: =B41*F41 -> 0
A42: Ceramic tile | B42: 1680 | C42: SF | D42: 12.72 | E42: =B42*D42 -> 21370 | F42: 0.14 | G42: =B42*F42 -> 235.2
E43: =B43*D43 -> 0
A44: 14 ounce vinyl wall covering | B44: 2000 | C44: SF | D44: 3.65 | E44: =B44*D44 -> 7300 | F44: 0.045 | G44: =B44*F44 -> 90
E45: =B45*D45 -> 0 | G45: =B45*F45 -> 0
A46: FRP board | B46: 2880 | C46: SF | D46: 7.47 | E46: =B46*D46 -> 21514 | F46: 0.05 | G46: =B46*F46 -> 144
E47: =B47*D47 -> 0 | G47: =B47*F47 -> 0
A48: MDO plywood wainscot at gym | B48: 4520 | C48: SF | D48: 3.4 | E48: =B48*D48 -> 15368 | F48: 0.025 | G48: =B48*F48 -> 113
E49: =B49*D49 -> 0 | G49: =B49*F49 -> 0
A50: Ceiling Finishes | E50: =B50*D50 -> 0 | G50: =B50*F50 -> 0
E51: =B51*D51 -> 0 | G51: =B51*F51 -> 0
A52: Acoustical ceiling tile glued to gypboard | B52: 6500 | C52: SF | D52: 3.8 | E52: =B52*D52 -> 24700 | F52: 0.025 | G52: =B52*F52 -> 162.5
E53: =B53*D53 -> 0
A54: Suspended acoustic ceiling | B54: 29550 | C54: SF | D54: 6.75 | E54: =B54*D54 -> 199463 | F54: 0.042 | G54: =B54*F54 -> 1241.1
E55: =B55*D55 -> 0 | G55: =B55*F55 -> 0
A56: Suspended gypboard taped and sanded | B56: 1750 | C56: SF | D56: 7 | E56: =B56*D56 -> 12250 | F56: 0.078 | G56: =B56*F56 -> 136.5
E57: =B57*D57 -> 0
A58: Paint gypboard ceiling | B58: 5350 | C58: SF | D58: 0.95 | E58: =B58*D58 -> 5083 | F58: 0.025 | G58: =B58*F58 -> 133.75
E59: =B59*D59 -> 0 | G59: =B59*F59 -> 0 | H59: =D59+F59 -> 0 | I59: =SUM(E59,G59) -> 0
A60: Other Finishes
A62: Paint miscellaneous metals | B62: 250 | C62: SF | D62: 0.95 | E62: =B62*D62 -> 238 | F62: 0.023 | G62: =B62*F62 -> 5.75
E63: =B63*D63 -> 0 | G63: =B63*F63 -> 0 | H63: =D63+F63 -> 0 | I63: =SUM(E63,G63) -> 0
A64: TOTAL LABOR HOURS: | E64: =B64*D64 -> 0 | G64: =SUM(G1:G63) -> 6104.08 | H64: Hours
A66: Labor Rate | G66: ='Labor Rates'!M46 -> 73.31 | H66: /Hour
A68: SUBTOTAL SUBCONTRACTOR: | E68: =SUM(E1:E67) -> 652764 | G68: =G64*G66 -> 447490 | I68: =SUM(E68:G68) -> 1100254
A69: Subcontractor's Overhead and Profit on
A70: Material and Labor | B70: 0.2 | E70: =E68*B70 -> 130553 | G70: =G68*B70 -> 89498 | I70: =SUM(E70:G70) -> 220051
E71: =B71*D71 -> 0 | G71: =B71*F71 -> 0 | H71: =D71+F71 -> 0 | I71: =SUM(E71,G71) -> 0
E72: =B72*D72 -> 0 | G72: =B72*F72 -> 0 | H72: =D72+F72 -> 0 | I72: =SUM(E72,G72) -> 0
E96: =B96*D96 -> 0 | G96: =B96*F96 -> 0 | H96: =D96+F96 -> 0 | I96: =SUM(E96,G96) -> 0
E97: =B97*D97 -> 0 | G97: =B97*F97 -> 0 | H97: =D97+F97 -> 0 | I97: =SUM(E97,G97) -> 0
A98: TOTAL ESTIMATED COST: | B98: 190540 | C98: IFSF | E98: =SUM(E68:E97) -> 783317 | G98: =SUM(G68:G97) -> 536988 | I98: =SUM(I68:I97) -> 1320305

Sheet 066
A2: 06 - INTERIORS | D2: MATERIAL/EQUIPMENT | F2: LABOR | H2: TOTAL | I2: TOTAL
B3: QUANTITY | C3: UNIT | D3: RATE | E3: TOTAL | F3: HOURS | G3: TOTAL | H3: UNIT RATE | I3: MATERIAL/LABOR
A4: 066 - Specialties | D4: $ | E4: $ | G4: $ | H4: $ | I4: $
E6: =B6*D6 -> 0 | G6: =B6*F6 -> 0 | H6: =D6+F6 -> 0 | I6: =SUM(E6,G6) -> 0
A7: INTERIOR SPECIALTIES | E7: =B7*D7 -> 0 | G7: =B7*F7 -> 0 | H7: =D7+F7 -> 0 | I7: =SUM(E7,G7) -> 0
E8: =B8*D8 -> 0 | G8: =B8*F8 -> 0 | H8: =D8+F8 -> 0 | I8: =SUM(E8,G8) -> 0
A9: HDPE toilet partition | B9: 5 | C9: EA | D9: 1465 | E9: =B9*D9 -> 7325 | F9: 3.2 | G9: =B9*F9 -> 16
E10: =B10*D10 -> 0 | G10: =B10*F10 -> 0
A11: Handicapped toilet partition | B11: 4 | C11: EA | D11: 1515 | E11: =B11*D11 -> 6060 | F11: 4.6 | G11: =B11*F11 -> 18.4
E12: =B12*D12 -> 0 | G12: =B12*F12 -> 0
A13: Toilet accessories | B13: 175 | C13: EA | D13: 135 | E13: =B13*D13 -> 23625 | F13: 0.75 | G13: =B13*F13 -> 131.25
E14: =B14*D14 -> 0 | G14: =B14*F14 -> 0
A15: Locker | B15: 50 | C15: EA | D15: 460 | E15: =B15*D15 -> 23000 | F15: 1 | G15: =B15*F15 -> 50
E16: =B16*D16 -> 0 | G16: =B16*F16 -> 0
A17: Chalkboard/white board | B17: 768 | C17: SF | D17: 28.4 | E17: =B17*D17 -> 21811 | F17: 0.025 | G17: =B17*F17 -> 19.2
E18: =B18*D18 -> 0 | G18: =B18*F18 -> 0 | H18: =D18+F18 -> 0 | I18: =SUM(E18,G18) -> 0
A19: Tack board | B19: 768 | C19: SF | D19: 10.85 | E19: =B19*D19 -> 8333 | F19: 0.02 | G19: =B19*F19 -> 15.36
E20: =B20*D20 -> 0 | G20: =B20*F20 -> 0
A21: Fire extinguisher and cabinet | B21: 8 | C21: EA | D21: 326 | E21: =B21*D21 -> 2608 | F21: 1.75 | G21: =B21*F21 -> 14
A23: Signage | B23: 55 | C23: EA | D23: 84.65 | E23: =B23*D23 -> 4656 | F23: 0.45 | G23: =B23*F23 -> 24.75
A25: CASEWORK/MILLWORK
A27: 9" deep x 12 3/4" high plastic laminated | E27: =B27*D27 -> 0 | G27: =B27*F27 -> 0
A28: boot cubbies with (2) open face compartments | E28: =B28*D28 -> 0 | G28: =B28*F28 -> 0
A29: with top shelf | B29: 168 | C29: LF | D29: 135 | E29: =B29*D29 -> 22680 | F29: 0.52 | G29: =B29*F29 -> 87.36
E30: =B30*D30 -> 0 | G30: =B30*F30 -> 0
A31: Overall 20'0" long x 2'6" deep x 3'0" high | E31: =B31*D31 -> 0 | G31: =B31*F31 -> 0
A32: (2) tier receptionist desk with doors, knee | E32: =B32*D32 -> 0 | G32: =B32*F32 -> 0
A33: space, drawers one side and plastic | E33: =B33*D33 -> 0 | G33: =B33*F33 -> 0
A34: laminated top | B34: 1 | C34: EA | D34: 8345 | E34: =B34*D34 -> 8345 | F34: 32 | G34: =B34*F34 -> 32
E35: =B35*D35 -> 0 | G35: =B35*F35 -> 0
A36: 3'0" high base cabinet, including plastic
A37: laminate top | B37: 196 | C37: LF | D37: 327 | E37: =B37*D37 -> 64092 | F37: 0.75 | G37: =B37*F37 -> 147
A38: CASEWORK/MILLWORK (Continued)
E39: =B39*D39 -> 0 | G39: =B39*F39 -> 0
A40: 36" wide x 2'6" high x 14'0" tub storage
A41: cabinet | B41: 16 | C41: EA | D41: 2760 | E41: =B41*D41 -> 44160 | F41: 11.5 | G41: =B41*F41 -> 184
E42: =B42*D42 -> 0 | G42: =B42*F42 -> 0
A43: 4'0" wide x 7'0" high storage cabinet with | E43: =B43*D43 -> 0 | G43: =B43*F43 -> 0
A44: adjustable shelves | B44: 16 | C44: EA | D44: 1070 | E44: =B44*D44 -> 17120 | F44: 3.3 | G44: =B44*F44 -> 52.8
A46: 3'0" wide x 7'0" high lockable cabinet with rod | E46: =B46*D46 -> 0 | G46: =B46*F46 -> 0
A47: and shelf | B47: 16 | C47: LF | D47: 450 | E47: =B47*D47 -> 7200 | F47: 3 | G47: =B47*F47 -> 48
E48: =B48*D48 -> 0 | G48: =B48*F48 -> 0 | H48: =D48+F48 -> 0 | I48: =SUM(E48,G48) -> 0
A49: 2'6" high wall unit | B49: 352 | C49: LF | D49: 240 | E49: =B49*D49 -> 84480 | F49: 0.52 | G49: =B49*F49 -> 183.04
A51: 1'6" high open shelf unit | B51: 96 | C51: LF | D51: 49.5 | E51: =B51*D51 -> 4752 | F51: 0.5 | G51: =B51*F51 -> 48
E52: =B52*D52 -> 0 | G52: =B52*F52 -> 0
A53: Kitchenette base unit, including plastic
A54: laminate top | B54: 12 | C54: LF | D54: 335 | E54: =B54*D54 -> 4020 | F54: 0.75 | G54: =B54*F54 -> 9
E55: =B55*D55 -> 0 | G55: =B55*F55 -> 0
A56: Wall mounted cabinet | B56: 12 | C56: LF | D56: 215 | E56: =B56*D56 -> 2580 | F56: 0.52 | G56: =B56*F56 -> 6.24
E57: =B57*D57 -> 0 | G57: =B57*F57 -> 0
A58: 3'0"x3'0" music room and waiting closets | B58: 4 | C58: EA | D58: 690 | E58: =B58*D58 -> 2760 | F58: 2 | G58: =B58*F58 -> 8
E59: =B59*D59 -> 0 | G59: =B59*F59 -> 0
A60: 12" high x 17'6" wide cubbies in kindergarten | B60: 4 | C60: EA | D60: 3295 | E60: =B60*D60 -> 13180 | F60: 12.5 | G60: =B60*F60 -> 50
A62: WINDOW COVERINGS | E62: =B62*D62 -> 0 | G62: =B62*F62 -> 0 | H62: =D62+F62 -> 0 | I62: =SUM(E62,G62) -> 0
E63: =B63*D63 -> 0 | G63: =B63*F63 -> 0 | H63: =D63+F63 -> 0 | I63: =SUM(E63,G63) -> 0
A64: Horizontal window blinds | B64: 3000 | C64: SF | D64: 26.5 | E64: =B64*D64 -> 79500 | F64: 0.106 | G64: =B64*F64 -> 318
E65: =B65*D65 -> 0 | G65: =B65*F65 -> 0 | H65: =D65+F65 -> 0 | I65: =SUM(E65,G65) -> 0
A66: TOTAL LABOR HOURS: | E66: =B66*D66 -> 0 | G66: =SUM(G1:G65) -> 1462.4 | H66: Hours
A69: Labor Rate | G69: ='Labor Rates'!F22 -> 89.17 | H69: /Hour
E97: =B97*D97 -> 0 | G97: =B97*F97 -> 0 | H97: =D97+F97 -> 0 | I97: =SUM(E97,G97) -> 0
A98: TOTAL ESTIMATED COST: | B98: 2255 | C98: SGSF | E98: =SUM(E1:E97) -> 452287 | G98: =G66*G69 -> 130402 | I98: =G98+E98 -> 582689

Sheet 071
A2: 07 - CONVEYORS | D2: MATERIAL/EQUIPMENT | F2: LABOR | H2: TOTAL | I2: TOTAL
B3: QUANTITY | C3: UNIT | D3: RATE | E3: TOTAL | F3: HOURS | G3: TOTAL | H3: UNIT RATE | I3: MATERIAL/LABOR
A4: 071 - Passenger Conveyors | D4: $ | E4: $ | G4: $ | H4: $ | I4: $
E6: =B6*D6 -> 0 | G6: =B6*F6 -> 0 | H6: =D6+F6 -> 0 | I6: =SUM(E6,G6) -> 0
E7: =B7*D7 -> 0 | G7: =B7*F7 -> 0 | H7: =D7+F7 -> 0 | I7: =SUM(E7,G7) -> 0
E8: =B8*D8 -> 0 | G8: =B8*F8 -> 0 | H8: =D8+F8 -> 0 | I8: =SUM(E8,G8) -> 0
E9: =B9*D9 -> 0 | G9: =B9*F9 -> 0 | H9: =D9+F9 -> 0 | I9: =SUM(E9,G9) -> 0
E10: =B10*D10 -> 0 | G10: =B10*F10 -> 0 | H10: =D10+F10 -> 0 | I10: =SUM(E10,G10) -> 0
E11: =B11*D11 -> 0 | G11: =B11*F11 -> 0 | H11: =D11+F11 -> 0 | I11: =SUM(E11,G11) -> 0
E12: =B12*D12 -> 0 | G12: =B12*F12 -> 0 | H12: =D12+F12 -> 0 | I12: =SUM(E12,G12) -> 0
E13: =B13*D13 -> 0 | G13: =B13*F13 -> 0 | H13: =D13+F13 -> 0 | I13: =SUM(E13,G13) -> 0
E14: =B14*D14 -> 0 | G14: =B14*F14 -> 0 | H14: =D14+F14 -> 0 | I14: =SUM(E14,G14) -> 0
E15: =B15*D15 -> 0 | G15: =B15*F15 -> 0 | H15: =D15+F15 -> 0 | I15: =SUM(E15,G15) -> 0
E16: =B16*D16 -> 0 | G16: =B16*F16 -> 0 | H16: =D16+F16 -> 0 | I16: =SUM(E16,G16) -> 0
E17: =B17*D17 -> 0 | G17: =B17*F17 -> 0 | H17: =D17+F17 -> 0 | I17: =SUM(E17,G17) -> 0
... E26: =B26*D26 -> 0 | G26: =B26*F26 -> 0 | H26: =D26+F26 -> 0 | I26: =SUM(E26,G26) -> 0
A27: SUBTOTAL: | E27: =SUM(E1:E26) -> 0 | G27: =SUM(G1:G26) -> 0 | I27: =SUM(I1:I26) -> 0
A29: Labor Premium Time | B29: ='Notes-GFA'!$C$14 -> 0 | G29: =G27*B29 -> 0 | I29: =G29 -> 0
A31: SUBTOTAL: | E31: =SUM(E27:E30) -> 0 | G31: =SUM(G27:G30) -> 0 | I31: =SUM(I27:I30) -> 0
A33: Subcontractor's Overhead and Profit on Material
A34: and Labor | B34: 0.2 | E34: =E31*B34 -> 0 | G34: =G31*B34 -> 0 | I34: =SUM(E34:G34) -> 0
E35: =B35*D35 -> 0 | G35: =B35*F35 -> 0 | H35: =D35+F35 -> 0 | I35: =SUM(E35,G35) -> 0
A36: TOTAL ESTIMATED COST: | C36: STOP | E36: =SUM(E31:E35) -> 0 | G36: =SUM(G31:G35) -> 0 | I36: =SUM(I31:I35) -> 0

Sheet 072
A2: 07 - CONVEYORS | D2: MATERIAL/EQUIPMENT | F2: LABOR | H2: TOTAL | I2: TOTAL
B3: QUANTITY | C3: UNIT | D3: RATE | E3: TOTAL | F3: HOURS | G3: TOTAL | H3: UNIT RATE | I3: MATERIAL/LABOR
A4: 072 - Material Handling Systems | D4: $ | E4: $ | G4: $ | H4: $ | I4: $
E6: =B6*D6 -> 0 | G6: =B6*F6 -> 0 | H6: =D6+F6 -> 0 | I6: =SUM(E6,G6) -> 0
E7: =B7*D7 -> 0 | G7: =B7*F7 -> 0 | H7: =D7+F7 -> 0 | I7: =SUM(E7,G7) -> 0
E8: =B8*D8 -> 0 | G8: =B8*F8 -> 0 | H8: =D8+F8 -> 0 | I8: =SUM(E8,G8) -> 0
E9: =B9*D9 -> 0 | G9: =B9*F9 -> 0 | H9: =D9+F9 -> 0 | I9: =SUM(E9,G9) -> 0
E10: =B10*D10 -> 0 | G10: =B10*F10 -> 0 | H10: =D10+F10 -> 0 | I10: =SUM(E10,G10) -> 0
E11: =B11*D11 -> 0 | G11: =B11*F11 -> 0 | H11: =D11+F11 -> 0 | I11: =SUM(E11,G11) -> 0
E12: =B12*D12 -> 0 | G12: =B12*F12 -> 0 | H12: =D12+F12 -> 0 | I12: =SUM(E12,G12) -> 0
E13: =B13*D13 -> 0 | G13: =B13*F13 -> 0 | H13: =D13+F13 -> 0 | I13: =SUM(E13,G13) -> 0
E14: =B14*D14 -> 0 | G14: =B14*F14 -> 0 | H14: =D14+F14 -> 0 | I14: =SUM(E14,G14) -> 0
E15: =B15*D15 -> 0 | G15: =B15*F15 -> 0 | H15: =D15+F15 -> 0 | I15: =SUM(E15,G15) -> 0
E16: =B16*D16 -> 0 | G16: =B16*F16 -> 0 | H16: =D16+F16 -> 0 | I16: =SUM(E16,G16) -> 0
E17: =B17*D17 -> 0 | G17: =B17*F17 -> 0 | H17: =D17+F17 -> 0 | I17: =SUM(E17,G17) -> 0
... E26: =B26*D26 -> 0 | G26: =B26*F26 -> 0 | H26: =D26+F26 -> 0 | I26: =SUM(E26,G26) -> 0
A27: SUBTOTAL: | E27: =SUM(E1:E26) -> 0 | G27: =SUM(G1:G26) -> 0 | I27: =SUM(I1:I26) -> 0
A29: Labor Premium Time | B29: ='Notes-GFA'!$C$14 -> 0 | G29: =G27*B29 -> 0 | I29: =G29 -> 0
A31: SUBTOTAL: | E31: =SUM(E27:E30) -> 0 | G31: =SUM(G27:G30) -> 0 | I31: =SUM(I27:I30) -> 0
A33: Subcontractor's Overhead and Profit on Material
A34: and Labor | B34: 0.2 | E34: =E31*B34 -> 0 | G34: =G31*B34 -> 0 | I34: =SUM(E34:G34) -> 0
E35: =B35*D35 -> 0 | G35: =B35*F35 -> 0 | H35: =D35+F35 -> 0 | I35: =SUM(E35,G35) -> 0
A36: TOTAL ESTIMATED COST: | C36: MHEA | E36: =SUM(E31:E35) -> 0 | G36: =SUM(G31:G35) -> 0 | I36: =SUM(I31:I35) -> 0

Sheet 081
A2: 08 - MECHANICAL | D2: MATERIAL/EQUIPMENT | F2: LABOR | H2: TOTAL | I2: TOTAL
B3: QUANTITY | C3: UNIT | D3: RATE | E3: TOTAL | F3: HOURS | G3: TOTAL | H3: UNIT RATE | I3: MATERIAL/LABOR
A4: 081 - Plumbing | D4: $ | E4: $ | G4: $ | H4: $ | I4: $
E6: =B6*D6 -> 0 | G6: =B6*F6 -> 0 | H6: =D6+F6 -> 0 | I6: =SUM(E6,G6) -> 0
A7: PLUMBING FIXTURES
A9: Standard wall mounted water closet with flush
A10: valve and carrier | B10: 13 | C10: EA | D10: 1140 | E10: =B10*D10 -> 14820 | F10: 4.1 | G10: =B10*F10 -> 53.3
A12: Standard water closet, ADA | B12: 6 | C12: EA | D12: 1030 | E12: =B12*D12 -> 6180 | F12: 4.5 | G12: =B12*F12 -> 27
A14: Urinal with flush valve and carrier | B14: 6 | C14: EA | D14: 1075 | E14: =B14*D14 -> 6450 | F14: 3.35 | G14: =B14*F14 -> 20.1
A16: Counter mounted lavatory basin | B16: 18 | C16: EA | D16: 504 | E16: =B16*D16 -> 9072 | F16: 3.026 | G16: =B16*F16 -> 54.47
E17: =B17*D17 -> 0 | G17: =B17*F17 -> 0
A18: Mop sink | B18: 2 | C18: EA | D18: 675 | E18: =B18*D18 -> 1350 | F18: 4.276 | G18: =B18*F18 -> 8.55
E19: =B19*D19 -> 0 | G19: =B19*F19 -> 0
A20: Stainless steel drinking fountain cooler with
A21: bottle refilling station | B21: 4 | C21: EA | D21: 1790 | E21: =B21*D21 -> 7160 | F21: 4 | G21: =B21*F21 -> 16
E22: =B22*D22 -> 0 | G22: =B22*F22 -> 0
A23: Stainless steel classroom sink | B23: 15 | C23: EA | D23: 510 | E23: =B23*D23 -> 7650 | F23: 4.276 | G23: =B23*F23 -> 64.14
E24: =B24*D24 -> 0 | G24: =B24*F24 -> 0
A25: Work room sink | B25: 1 | C25: EA | D25: 588 | E25: =B25*D25 -> 588 | F25: 4.276 | G25: =B25*F25 -> 4.28
E26: =B26*D26 -> 0 | G26: =B26*F26 -> 0
A27: Nurse's sink | B27: 1 | C27: EA | D27: 640 | E27: =B27*D27 -> 640 | F27: 4.276 | G27: =B27*F27 -> 4.28
E28: =B28*D28 -> 0 | G28: =B28*F28 -> 0
A29: Three-compartment sink | B29: 1 | C29: EA | D29: 2450 | E29: =B29*D29 -> 2450 | F29: 4.75 | G29: =B29*F29 -> 4.75
E30: =B30*D30 -> 0 | G30: =B30*F30 -> 0
A31: Hand sink | B31: 1 | C31: EA | D31: 530 | E31: =B31*D31 -> 530 | F31: 4.276 | G31: =B31*F31 -> 4.28
E32: =B32*D32 -> 0 | G32: =B32*F32 -> 0
A33: Shower stall and controls | B33: 2 | C33: EA | D33: 1985 | E33: =B33*D33 -> 3970 | F33: 4.75 | G33: =B33*F33 -> 9.5
E34: =B34*D34 -> 0 | G34: =B34*F34 -> 0
A35: Connection to kitchen equipment | B35: 1 | C35: LOT | D35: 1032 | E35: =B35*D35 -> 1032 | F35: 10 | G35: =B35*F35 -> 10
A38: PLUMBING PIPING | E38: =B38*D38 -> 0 | G38: =B38*F38 -> 0 | H38: =D38+F38 -> 0 | I38: =SUM(E38,G38) -> 0
E39: =B39*D39 -> 0 | G39: =B39*F39 -> 0 | H39: =D39+F39 -> 0 | I39: =SUM(E39,G39) -> 0
A40: 2" diameter copper pipe | B40: 180 | C40: LF | D40: 32.31 | E40: =B40*D40 -> 5816 | F40: 0.2 | G40: =B40*F40 -> 36
E41: =B41*D41 -> 0 | G41: =B41*F41 -> 0
A42: 1 1/2" diameter copper pipe | B42: 270 | C42: LF | D42: 20.65 | E42: =B42*D42 -> 5576 | F42: 0.16 | G42: =B42*F42 -> 43.2
E43: =B43*D43 -> 0 | G43: =B43*F43 -> 0
A44: 1 1/4" diameter copper pipe | B44: 100 | C44: LF | D44: 16.27 | E44: =B44*D44 -> 1627 | F44: 0.143 | G44: =B44*F44 -> 14.3
E45: =B45*D45 -> 0 | G45: =B45*F45 -> 0
A46: 1" diameter copper pipe | B46: 430 | C46: LF | D46: 9.07 | E46: =B46*D46 -> 3900 | F46: 0.121 | G46: =B46*F46 -> 52.03
E47: =B47*D47 -> 0 | G47: =B47*F47 -> 0
A48: 3/4" diameter copper pipe | B48: 500 | C48: LF | D48: 6.17 | E48: =B48*D48 -> 3085 | F48: 0.108 | G48: =B48*F48 -> 54
E49: =B49*D49 -> 0 | G49: =B49*F49 -> 0
A50: 1/2" diameter copper pipe | B50: 580 | C50: LF | D50: 3.77 | E50: =B50*D50 -> 2187 | F50: 0.103 | G50: =B50*F50 -> 59.74
A52: 2" diameter ProPress copper coupling | B52: 12 | C52: EA | D52: 32.04 | E52: =B52*D52 -> 384 | F52: 0.63 | G52: =B52*F52 -> 7.56
E53: =B53*D53 -> 0 | G53: =B53*F53 -> 0
A54: 1 1/2" diameter ProPress copper coupling | B54: 18 | C54: EA | D54: 26.17 | E54: =B54*D54 -> 471 | F54: 0.544 | G54: =B54*F54 -> 9.79
E55: =B55*D55 -> 0 | G55: =B55*F55 -> 0
A56: 1 1/4" diameter ProPress copper coupling | B56: 9 | C56: EA | D56: 24.3 | E56: =B56*D56 -> 219 | F56: 0.48 | G56: =B56*F56 -> 4.32
E57: =B57*D57 -> 0 | G57: =B57*F57 -> 0
A58: 1" diameter ProPress copper coupling | B58: 29 | C58: EA | D58: 16.77 | E58: =B58*D58 -> 486 | F58: 0.449 | G58: =B58*F58 -> 13.02
E59: =B59*D59 -> 0 | G59: =B59*F59 -> 0
A60: 3/4" diameter ProPress copper coupling | B60: 34 | C60: EA | D60: 5.93 | E60: =B60*D60 -> 202 | F60: 0.385 | G60: =B60*F60 -> 13.09
E61: =B61*D61 -> 0 | G61: =B61*F61 -> 0
A62: 1/2" diameter ProPress copper coupling | B62: 39 | C62: EA | D62: 3.82 | E62: =B62*D62 -> 149 | F62: 0.367 | G62: =B62*F62 -> 14.31
A64: 2" diameter ProPress copper fitting
A65: (tee/elbow) | B65: 9 | C65: EA | D65: 56.5 | E65: =B65*D65 -> 509 | F65: 0.742 | G65: =B65*F65 -> 6.68
A67: 1 1/2" diameter ProPress copper fitting
A68: (tee/elbow) | B68: 14 | C68: EA | D68: 31 | E68: =B68*D68 -> 434 | F68: 0.626 | G68: =B68*F68 -> 8.76
A69: PLUMBING PIPING (Continued)
E70: =B70*D70 -> 0 | G70: =B70*F70 -> 0
A71: 1 1/4" diameter ProPress copper fitting
A72: (tee/elbow) | B72: 5 | C72: EA | D72: 19.95 | E72: =B72*D72 -> 100 | F72: 0.541 | G72: =B72*F72 -> 2.71
E73: =B73*D73 -> 0 | G73: =B73*F73 -> 0
A74: 1" diameter ProPress copper fitting
A75: (tee/elbow) | B75: 22 | C75: EA | D75: 13.45 | E75: =B75*D75 -> 296 | F75: 0.505 | G75: =B75*F75 -> 11.11
E76: =B76*D76 -> 0 | G76: =B76*F76 -> 0
A77: 3/4" diameter ProPress copper fitting
A78: (tee/elbow) | B78: 25 | C78: EA | D78: 5.5 | E78: =B78*D78 -> 138 | F78: 0.425 | G78: =B78*F78 -> 10.63
E79: =B79*D79 -> 0 | G79: =B79*F79 -> 0
A80: 1/2" diameter ProPress copper fitting
A81: (tee/elbow) | B81: 29 | C81: EA | D81: 2.49 | E81: =B81*D81 -> 72 | F81: 0.404 | G81: =B81*F81 -> 11.72
E82: =B82*D82 -> 0 | G82: =B82*F82 -> 0
A83: Clips and hangers to support pipes | B83: 230 | C83: EA | D83: 17.64 | E83: =B83*D83 -> 4057 | F83: 0.533 | G83: =B83*F83 -> 122.59
A85: Valves and gauges for domestic water | B85: 1 | C85: LOT | D85: 5760 | E85: =B85*D85 -> 5760 | F85: 30 | G85: =B85*F85 -> 30
E86: =B86*D86 -> 0 | G86: =B86*F86 -> 0
A87: 1 1/2" insulation | B87: 2060 | C87: LF | D87: 6 | E87: =B87*D87 -> 12360 | F87: 0.079 | G87: =B87*F87 -> 162.74
A89: Drain trap insulation kit | B89: 19 | C89: EA | D89: 75 | E89: =B89*D89 -> 1425 | F89: 0.5 | G89: =B89*F89 -> 9.5
A91: PLUMBING EQUIPMENT
A93: 119 GPH hot water generator | B93: 1 | C93: EA | D93: 8350 | E93: =B93*D93 -> 8350 | F93: 16 | G93: =B93*F93 -> 16
A95: 2" to 3" diameter floor drain | B95: 8 | C95: EA | D95: 185 | E95: =B95*D95 -> 1480 | F95: 1.4 | G95: =B95*F95 -> 11.2
E96: =B96*D96 -> 0 | G96: =B96*F96 -> 0
A97: Non-freeze hose bib | B97: 4 | C97: EA | D97: 165 | E97: =B97*D97 -> 660 | F97: 0.75 | G97: =B97*F97 -> 3
A100: PLUMBING EQUIPMENT (Continued)
A102: Circulation pump | B102: 1 | C102: EA | D102: 1321 | E102: =B102*D102 -> 1321 | F102: 3.1 | G102: =B102*F102 -> 3.1
A104: 20 GPM grease interceptor | B104: 1 | C104: EA | D104: 4828 | E104: =B104*D104 -> 4828 | F104: 2.667 | G104: =B104*F104 -> 2.67
A106: WASTE AND VENT PIPING | E106: =B106*D106 -> 0 | G106: =B106*F106 -> 0 | H106: =D106+F106 -> 0 | I106: =SUM(E106,G106) -> 0
E107: =B107*D107 -> 0 | G107: =B107*F107 -> 0 | H107: =D107+F107 -> 0 | I107: =SUM(E107,G107) -> 0
A108: 4" diameter cast iron pipe | B108: 520 | C108: LF | D108: 25.2 | E108: =B108*D108 -> 13104 | F108: 0.291 | G108: =B108*F108 -> 151.32
E109: =B109*D109 -> 0 | G109: =B109*F109 -> 0
A110: 3" diameter cast iron pipe | B110: 690 | C110: LF | D110: 19.32 | E110: =B110*D110 -> 13331 | F110: 0.267 | G110: =B110*F110 -> 184.23
E111: =B111*D111 -> 0 | G111: =B111*F111 -> 0
A112: 2" diameter cast iron pipe | B112: 900 | C112: LF | D112: 13.32 | E112: =B112*D112 -> 11988 | F112: 0.254 | G112: =B112*F112 -> 228.6
E113: =B113*D113 -> 0 | G113: =B113*F113 -> 0
A114: 4" floor cleanout | B114: 6 | C114: EA | D114: 188 | E114: =B114*D114 -> 1128 | F114: 1.333 | G114: =B114*F114 -> 8
E115: =B115*D115 -> 0 | G115: =B115*F115 -> 0
A116: 3" VTR | B116: 4 | C116: EA | D116: 192 | E116: =B116*D116 -> 768 | F116: 1.7 | G116: =B116*F116 -> 6.8
E117: =B117*D117 -> 0 | G117: =B117*F117 -> 0
A118: 4" VTR | B118: 2 | C118: EA | D118: 255 | E118: =B118*D118 -> 510 | F118: 1.8 | G118: =B118*F118 -> 3.6
E119: =B119*D119 -> 0 | G119: =B119*F119 -> 0
A120: SUBTOTAL LABOR HOURS: | E120: =B120*D120 -> 0 | G120: =SUM(G1:G119) -> 1596.97 | H120: Hours
A122: Premium Time | B122: 0.1 | G122: =G120*B122 -> 159.7 | H122: Hours
...

Sheet 082
A2: 08 - MECHANICAL | D2: MATERIAL/EQUIPMENT | F2: LABOR | H2: TOTAL | I2: TOTAL
B3: QUANTITY | C3: UNIT | D3: RATE | E3: TOTAL | F3: HOURS | G3: TOTAL | H3: UNIT RATE | I3: MATERIAL/LABOR
A4: 082 - HVAC | D4: $ | E4: $ | G4: $ | H4: $ | I4: $
E6: =B6*D6 -> 0 | G6: =B6*F6 -> 0 | H6: =D6+F6 -> 0 | I6: =SUM(E6,G6) -> 0
A7: HEATING EQUIPMENT | E7: =B7*D7 -> 0 | G7: =B7*F7 -> 0 | H7: =D7+F7 -> 0 | I7: =SUM(E7,G7) -> 0
E8: =B8*D8 -> 0 | G8: =B8*F8 -> 0 | H8: =D8+F8 -> 0 | I8: =SUM(E8,G8) -> 0
A9: 1,600 MBH cast iron oil/gas fired boiler, hot
A10: water/glycol, complete with controls | B10: 2 | C10: EA | D10: 76000 | E10: =B10*D10 -> 152000 | F10: 115 | G10: =B10*F10 -> 230
E11: =B11*D11 -> 0 | G11: =B11*F11 -> 0
A12: 10" diameter stainless steel flue and
A13: breaching, double wall | B13: 28 | C13: LF | D13: 101 | E13: =B13*D13 -> 2828 | F13: 0.45 | G13: =B13*F13 -> 12.6
E14: =B14*D14 -> 0 | G14: =B14*F14 -> 0 | H14: =D14+F14 -> 0 | I14: =SUM(E14,G14) -> 0
A15: Flue cap | B15: 1 | C15: EA | D15: 485 | E15: =B15*D15 -> 485 | F15: 2 | G15: =B15*F15 -> 2
A17: 55 gallon expansion tank | B17: 1 | C17: EA | D17: 2426 | E17: =B17*D17 -> 2426 | F17: 3 | G17: =B17*F17 -> 3
A19: Air separator, 3" strainer | B19: 1 | C19: EA | D19: 3410 | E19: =B19*D19 -> 3410 | F19: 4 | G19: =B19*F19 -> 4
A21: Glycol make-up tank with feed pump | B21: 1 | C21: EA | D21: 1855 | E21: =B21*D21 -> 1855 | F21: 6.7 | G21: =B21*F21 -> 6.7
E22: =B22*D22 -> 0 | G22: =B22*F22 -> 0
A23: Glycol fluid | B23: 330 | C23: GALS | D23: 13.5 | E23: =B23*D23 -> 4455 | F23: 0.045 | G23: =B23*F23 -> 14.85
A25: Cabinet unit heater | B25: 6 | C25: EA | D25: 1895 | E25: =B25*D25 -> 11370 | F25: 4 | G25: =B25*F25 -> 24
E26: =B26*D26 -> 0 | G26: =B26*F26 -> 0
A27: Unit heater | B27: 6 | C27: EA | D27: 760 | E27: =B27*D27 -> 4560 | F27: 3.35 | G27: =B27*F27 -> 20.1
E28: =B28*D28 -> 0 | G28: =B28*F28 -> 0
A29: HEATING DISTRIBUTION SYSTEMS | E29: =B29*D29 -> 0 | G29: =B29*F29 -> 0 | H29: =D29+F29 -> 0 | I29: =SUM(E29,G29) -> 0
E30: =B30*D30 -> 0 | G30: =B30*F30 -> 0 | H30: =D30+F30 -> 0 | I30: =SUM(E30,G30) -> 0
A31: (2) rows fin tube and enclosure | B31: 880 | C31: LF | D31: 65 | E31: =B31*D31 -> 57200 | F31: 0.64 | G31: =B31*F31 -> 563.2
A33: 3" diameter circulation pump | B33: 2 | C33: EA | D33: 2975 | E33: =B33*D33 -> 5950 | F33: 4 | G33: =B33*F33 -> 8
A35: 3" diameter copper pipe | B35: 300 | C35: LF | D35: 73.32 | E35: =B35*D35 -> 21996 | F35: 0.296 | G35: =B35*F35 -> 88.8
A38: HEATING DISTRIBUTION SYSTEMS (Continued)
A40: 2 1/2" diameter copper pipe | B40: 200 | C40: LF | D40: 51.12 | E40: =B40*D40 -> 10224 | F40: 0.267 | G40: =B40*F40 -> 53.4
A42: 2" diameter copper pipe | B42: 500 | C42: LF | D42: 32.71 | E42: =B42*D42 -> 16355 | F42: 0.2 | G42: =B42*F42 -> 100
E43: =B43*D43 -> 0 | G43: =B43*F43 -> 0
A44: 1 1/2" diameter copper pipe | B44: 550 | C44: LF | D44: 20.65 | E44: =B44*D44 -> 11358 | F44: 0.16 | G44: =B44*F44 -> 88
E45: =B45*D45 -> 0 | G45: =B45*F45 -> 0
A46: 1 1/4" diameter copper pipe | B46: 250 | C46: LF | D46: 16.27 | E46: =B46*D46 -> 4068 | F46: 0.143 | G46: =B46*F46 -> 35.75
E47: =B47*D47 -> 0 | G47: =B47*F47 -> 0
A48: 1" diameter copper pipe | B48: 650 | C48: LF | D48: 9.78 | E48: =B48*D48 -> 6357 | F48: 0.121 | G48: =B48*F48 -> 78.65
E49: =B49*D49 -> 0 | G49: =B49*F49 -> 0
A50: 3/4" diameter copper pipe | B50: 800 | C50: LF | D50: 6.17 | E50: =B50*D50 -> 4936 | F50: 0.108 | G50: =B50*F50 -> 86.4
E51: =B51*D51 -> 0 | G51: =B51*F51 -> 0
A52: 3" diameter ProPress copper coupling | B52: 15 | C52: EA | D52: 120 | E52: =B52*D52 -> 1800 | F52: 1.265 | G52: =B52*F52 -> 18.98
E53: =B53*D53 -> 0 | G53: =B53*F53 -> 0 | H53: =D53+F53 -> 0 | I53: =SUM(E53,G53) -> 0
A54: 2 1/2" diameter ProPress copper coupling | B54: 10 | C54: EA | D54: 80 | E54: =B54*D54 -> 800 | F54: 1.08 | G54: =B54*F54 -> 10.8
G55: =B55*F55 -> 0
A56: 2" diameter ProPress copper coupling | B56: 25 | C56: EA | D56: 33.4 | E56: =B56*D56 -> 835 | F56: 0.63 | G56: =B56*F56 -> 15.75
E57: =B57*D57 -> 0 | G57: =B57*F57 -> 0
A58: 1 1/2" diameter ProPress copper coupling | B58: 28 | C58: EA | D58: 26.7 | E58: =B58*D58 -> 748 | F58: 0.544 | G58: =B58*F58 -> 15.23
G59: =B59*F59 -> 0
A60: 1 1/4" diameter ProPress copper coupling | B60: 13 | C60: EA | D60: 24.3 | E60: =B60*D60 -> 316 | F60: 0.48 | G60: =B60*F60 -> 6.24
E61: =B61*D61 -> 0 | G61: =B61*F61 -> 0
A62: 1" diameter ProPress copper coupling | B62: 33 | C62: EA | D62: 16.27 | E62: =B62*D62 -> 537 | F62: 0.449 | G62: =B62*F62 -> 14.82
E63: =B63*D63 -> 0 | G63: =B63*F63 -> 0
A64: 3/4" diameter ProPress copper coupling | B64: 40 | C64: EA | D64: 5.93 | E64: =B64*D64 -> 237 | F64: 0.385 | G64: =B64*F64 -> 15.4
E65: =B65*D65 -> 0 | G65: =B65*F65 -> 0
A66: 3" diameter ProPress copper fitting
A67: (tee/elbow) | B67: 14 | C67: EA | D67: 144 | E67: =B67*D67 -> 2016 | F67: 1.243 | G67: =B67*F67 -> 17.4
A69: HEATING DISTRIBUTION SYSTEMS (Continued)
G70: =B70*F70 -> 0
A71: 2 1/2" diameter ProPress copper fitting
A72: (tee/elbow) | B72: 8 | C72: EA | D72: 115 | E72: =B72*D72 -> 920 | F72: 1.24 | G72: =B72*F72 -> 9.92
A74: 2" diameter ProPress copper fitting
A75: (tee/elbow) | B75: 19 | C75: EA | D75: 56.5 | E75: =B75*D75 -> 1074 | F75: 0.742 | G75: =B75*F75 -> 14.1
E76: =B76*D76 -> 0 | G76: =B76*F76 -> 0
A77: 1 1/2" diameter ProPress copper fitting
A78: (tee/elbow) | B78: 21 | C78: EA | D78: 31 | E78: =B78*D78 -> 651 | F78: 0.626 | G78: =B78*F78 -> 13.15
A80: 1 1/4" diameter ProPress copper fitting | E80: =B80*D80 -> 0 | G80: =B80*F80 -> 0
A81: (tee/elbow) | B81: 10 | C81: EA | D81: 19.95 | E81: =B81*D81 -> 200 | F81: 0.541 | G81: =B81*F81 -> 5.41
A83: 1" diameter ProPress copper fitting | E83: =B83*D83 -> 0 | G83: =B83*F83 -> 0
A84: (tee/elbow) | B84: 25 | C84: EA | D84: 13.45 | E84: =B84*D84 -> 336 | F84: 0.505 | G84: =B84*F84 -> 12.63
A86: 3/4" diameter ProPress copper fitting | E86: =B86*D86 -> 0 | G86: =B86*F86 -> 0
A87: (tee/elbow) | B87: 30 | C87: EA | D87: 5.5 | E87: =B87*D87 -> 165 | F87: 0.425 | G87: =B87*F87 -> 12.75
E88: =B88*D88 -> 0 | G88: =B88*F88 -> 0
A89: Clips and hangers to support pipes | B89: 300 | C89: EA | D89: 14.7 | E89: =B89*D89 -> 4410 | F89: 0.533 | G89: =B89*F89 -> 159.9
E90: =B90*D90 -> 0 | G90: =B90*F90 -> 0 | H90: =D90+F90 -> 0 | I90: =SUM(E90,G90) -> 0
A91: Valves and gauges | B91: 1 | C91: LOT | D91: 10620 | E91: =B91*D91 -> 10620 | F91: 45 | G91: =B91*F91 -> 45
E92: =B92*D92 -> 0 | G92: =B92*F92 -> 0
A93: 2" insulation | B93: 3250 | C93: LF | D93: 12.7 | E93: =B93*D93 -> 41275 | F93: 0.089 | G93: =B93*F93 -> 289.25
E94: =B94*D94 -> 0 | G94: =B94*F94 -> 0 | H94: =D94+F94 -> 0 | I94: =SUM(E94,G94) -> 0
A95: VENTILATION EQUIPMENT
A97: 30,000 CFM outdoor air handling unit with
A98: economizer and heat recovery | B98: 2 | C98: EA | D98: 457938 | E98: =B98*D98 -> 915876 | F98: 100 | G98: =B98*F98 -> 200
A100: VENTILATION EQUIPMENT (Continued)
A102: 2,000 CFM to 3,000 CFM exhaust fan | B102: 2 | C102: EA | D102: 6950 | E102: =B102*D102 -> 13900 | F102: 8 | G102: =B102*F102 -> 16
A104: 750 to 1,500 CFM exhaust fan | B104: 3 | C104: EA | D104: 3475 | E104: =B104*D104 -> 10425 | F104: 6.5 | G104: =B104*F104 -> 19.5
E105: =B105*D105 -> 0 | G105: =B105*F105 -> 0
A106: 200 CFM to 750 CFM exhaust fan | B106: 1 | C106: EA | D106: 1740 | E106: =B106*D106 -> 1740 | F106: 4 | G106: =B106*F106 -> 4
A108: 500 CFM to 750 CFM VAV box | B108: 50 | C108: EA | D108: 960 | E108: =B108*D108 -> 48000 | F108: 2.25 | G108: =B108*F108 -> 112.5
E109: =B109*D109 -> 0 | G109: =B109*F109 -> 0
A110: 2 SF heating coil | B110: 50 | C110: EA | D110: 890 | E110: =B110*D110 -> 44500 | F110: 1.1 | G110: =B110*F110 -> 55
A112: VENTILATION DISTRIBUTION SYSTEMS
A114: Galvanized ductwork with hangers and | E114: =B114*D114 -> 0 | G114: =B114*F114 -> 0
A115: connections | B115: 31000 | C115: LBS | D115: 4.3 | E115: =B115*D115 -> 133300 | F115: 0.086 | G115: =B115*F115 -> 2666
E116: =B116*D116 -> 0 | G116: =B116*F116 -> 0
A117: 10" flexible duct | B117: 600 | C117: LF | D117: 10.5 | E117: =B117*D117 -> 6300 | F117: 0.15 | G117: =B117*F117 -> 90
E118: =B118*D118 -> 0 | G118: =B118*F118 -> 0
A119: Outside air/exhaust louver with bird screen | B119: 150 | C119: SF | D119: 93 | E119: =B119*D119 -> 13950 | F119: 0.1 | G119: =B119*F119 -> 15
E120: =B120*D120 -> 0 | G120: =B120*F120 -> 0
A121: Dampers under 1 SF | B121: 20 | C121: EA | D121: 135 | E121: =B121*D121 -> 2700 | F121: 0.4 | G121: =B121*F121 -> 8
E122: =B122*D122 -> 0 | G122: =B122*F122 -> 0
A123: 1 SF to 2 SF damper | B123: 4 | C123: EA | D123: 186 | E123: =B123*D123 -> 744 | F123: 0.65 | G123: =B123*F123 -> 2.6
E124: =B124*D124 -> 0 | G124: =B124*F124 -> 0
...

Sheet 083
A2: 08 - MECHANICAL | D2: MATERIAL/EQUIPMENT | F2: LABOR | H2: TOTAL | I2: TOTAL
B3: QUANTITY | C3: UNIT | D3: RATE | E3: TOTAL | F3: HOURS | G3: TOTAL | H3: UNIT RATE | I3: MATERIAL/LABOR
A4: 083 - Integrated Automation | D4: $ | E4: $ | G4: $ | H4: $ | I4: $
E6: =B6*D6 -> 0 | G6: =B6*F6 -> 0 | H6: =D6+F6 -> 0 | I6: =SUM(E6,G6) -> 0
A7: CONTROL SYSTEMS | E7: =B7*D7 -> 0 | G7: =B7*F7 -> 0 | H7: =D7+F7 -> 0 | I7: =SUM(E7,G7) -> 0
E8: =B8*D8 -> 0 | G8: =B8*F8 -> 0 | H8: =D8+F8 -> 0 | I8: =SUM(E8,G8) -> 0
A9: Microprocessor, digital equipment, software, | E9: =B9*D9 -> 0 | G9: =B9*F9 -> 0
A10: and programming | B10: 1 | C10: LOT | D10: 40950 | E10: =B10*D10 -> 40950 | F10: 280 | G10: =B10*F10 -> 280
E11: =B11*D11 -> 0 | G11: =B11*F11 -> 0
A12: DDC point | B12: 160 | C12: EA | D12: 1175 | E12: =B12*D12 -> 188000 | F12: 11.85 | G12: =B12*F12 -> 1896
E13: =B13*D13 -> 0 | G13: =B13*F13 -> 0 | H13: =D13+F13 -> 0 | I13: =SUM(E13,G13) -> 0
A14: OTHER AUTOMATION | E14: =B14*D14 -> 0 | G14: =B14*F14 -> 0 | H14: =D14+F14 -> 0 | I14: =SUM(E14,G14) -> 0
E15: =B15*D15 -> 0 | G15: =B15*F15 -> 0 | H15: =D15+F15 -> 0 | I15: =SUM(E15,G15) -> 0
A16: Thermostat | B16: 20 | C16: EA | D16: 112 | E16: =B16*D16 -> 2240 | F16: 2.65 | G16: =B16*F16 -> 53
E17: =B17*D17 -> 0 | G17: =B17*F17 -> 0
A18: Thermostat with guard | B18: 2 | C18: EA | D18: 138 | E18: =B18*D18 -> 276 | F18: 2.8 | G18: =B18*F18 -> 5.6
E19: =B19*D19 -> 0 | G19: =B19*F19 -> 0
A20: SUBTOTAL LABOR HOURS: | E20: =B20*D20 -> 0 | G20: =SUM(G1:G19) -> 2234.6 | H20: Hours
A22: Premium Time | B22: 0.1 | G22: =G20*B22 -> 223.46 | H22: Hours
A24: TOTAL LABOR HOURS: | G24: =SUM(G20:G23) -> 2458.06 | H24: Hours
A26: Labor Rate | G26: ='Labor Rates'!F56 -> 90.19 | H26: /Hour
A28: SUBTOTAL: | E28: =SUM(E1:E27) -> 231466 | G28: =G24*G26 -> 221692 | I28: =SUM(E28:G28) -> 453158
A30: Subcontractor's Overhead and Profit on
A31: Material and Labor | B31: 0.2 | E31: =E28*B31 -> 46293 | G31: =G28*B31 -> 44338 | I31: =SUM(E31:G31) -> 90631
A36: TOTAL ESTIMATED COST: | B36: 160 | C36: IAEA | E36: =SUM(E28:E35) -> 277759 | G36: =SUM(G28:G35) -> 266030 | I36: =SUM(I28:I35) -> 543789

Sheet 084
A2: 08 - MECHANICAL | D2: MATERIAL/EQUIPMENT | F2: LABOR | H2: TOTAL | I2: TOTAL
B3: QUANTITY | C3: UNIT | D3: RATE | E3: TOTAL | F3: HOURS | G3: TOTAL | H3: UNIT RATE | I3: MATERIAL/LABOR
A4: 084 - Fire Protection | D4: $ | E4: $ | G4: $ | H4: $ | I4: $
E6: =B6*D6 -> 0 | G6: =B6*F6 -> 0 | H6: =D6+F6 -> 0 | I6: =SUM(E6,G6) -> 0
A7: 4" diameter sprinkler riser and valves | B7: 1 | C7: EA | D7: 6185 | E7: =B7*D7 -> 6185 | F7: 32 | G7: =B7*F7 -> 32
E8: =B8*D8 -> 0 | G8: =B8*F8 -> 0 | H8: =D8+F8 -> 0 | I8: =SUM(E8,G8) -> 0
A9: Fire department connection | B9: 1 | C9: EA | D9: 710 | E9: =B9*D9 -> 710 | F9: 3.3 | G9: =B9*F9 -> 3.3
E10: =B10*D10 -> 0 | G10: =B10*F10 -> 0
A11: Wet sprinkler system throughout facility | B11: 41400 | C11: SF | D11: 2.43 | E11: =B11*D11 -> 100602 | F11: 0.028 | G11: =B11*F11 -> 1159.2
A13: Design fee and commissioning | B13: 1 | C13: LOT | D13: 5300 | E13: =B13*D13 -> 5300 | F13: 16 | G13: =B13*F13 -> 16
E14: =B14*D14 -> 0 | G14: =B14*F14 -> 0
A15: SUBTOTAL LABOR HOURS: | E15: =B15*D15 -> 0 | G15: =SUM(G1:G14) -> 1210.5 | H15: Hours
A17: Premium Time | B17: 0.1 | G17: =G15*B17 -> 121.05 | H17: Hours
A19: TOTAL LABOR HOURS: | G19: =SUM(G15:G18) -> 1331.55 | H19: Hours
A21: Labor Rate | G21: ='Labor Rates'!F56 -> 90.19 | H21: /Hour
A23: SUBTOTAL: | E23: =SUM(E1:E22) -> 112797 | G23: =G19*G21 -> 120092 | I23: =SUM(E23:G23) -> 232889
A25: Subcontractor's Overhead and Profit on
A26: Material and Labor | B26: 0.2 | E26: =E23*B26 -> 22559 | G26: =G23*B26 -> 24018 | I26: =SUM(E26:G26) -> 46577
A36: TOTAL ESTIMATED COST: | B36: 41400 | C36: FPSF | E36: =SUM(E23:E35) -> 135356 | G36: =SUM(G23:G35) -> 144110 | I36: =SUM(I23:I35) -> 279466

Sheet 085
A2: 08 - MECHANICAL | D2: MATERIAL/EQUIPMENT | F2: LABOR | H2: TOTAL | I2: TOTAL
B3: QUANTITY | C3: UNIT | D3: RATE | E3: TOTAL | F3: HOURS | G3: TOTAL | H3: UNIT RATE | I3: MATERIAL/LABOR
A4: 085 - Special Mechanical Systems | D4: $ | E4: $ | G4: $ | H4: $ | I4: $
E6: =B6*D6 -> 0 | G6: =B6*F6 -> 0 | H6: =D6+F6 -> 0 | I6: =SUM(E6,G6) -> 0
A7: FUEL SUPPLY (GAS AND OIL) | E7: =B7*D7 -> 0 | G7: =B7*F7 -> 0 | H7: =D7+F7 -> 0 | I7: =SUM(E7,G7) -> 0
E8: =B8*D8 -> 0 | G8: =B8*F8 -> 0 | H8: =D8+F8 -> 0 | I8: =SUM(E8,G8) -> 0
A9: 50 gallon day tank with duplex pumps | B9: 1 | C9: EA | D9: 12826 | E9: =B9*D9 -> 12826 | F9: 4.1 | G9: =B9*F9 -> 4.1
A11: 1" diameter black steel pipe supply line,
A12: including fittings | B12: 120 | C12: LF | D12: 5.05 | E12: =B12*D12 -> 606 | F12: 0.228 | G12: =B12*F12 -> 27.36
E13: =B13*D13 -> 0 | G13: =B13*F13 -> 0
A14: 3/4" diameter black steel pipe, including
A15: fittings | B15: 25 | C15: LF | D15: 3.48 | E15: =B15*D15 -> 87 | F15: 0.202 | G15: =B15*F15 -> 5.05
A17: Connection to equipment | B17: 5 | C17: EA | D17: 233 | E17: =B17*D17 -> 1165 | F17: 2 | G17: =B17*F17 -> 10
A19: Valves | B19: 1 | C19: LOT | D19: 471 | E19: =B19*D19 -> 471 | F19: 1.5 | G19: =B19*F19 -> 1.5
E20: =B20*D20 -> 0 | G20: =B20*F20 -> 0
A21: Testing, including fuel oil | B21: 1 | C21: LOT | D21: 1950 | E21: =B21*D21 -> 1950 | F21: 8 | G21: =B21*F21 -> 8
E22: =B22*D22 -> 0 | G22: =B22*F22 -> 0
A23: SUBTOTAL LABOR HOURS: | E23: =B23*D23 -> 0 | G23: =SUM(G1:G22) -> 56.01 | H23: Hours
A25: Premium Time | B25: 0.1 | G25: =G23*B25 -> 5.6 | H25: Hours
A27: TOTAL LABOR HOURS: | G27: =SUM(G23:G26) -> 61.61 | H27: Hours
A29: Labor Rate | G29: ='Labor Rates'!F56 -> 90.19 | H29: /Hour
A31: SUBTOTAL: | E31: =SUM(E1:E30) -> 17105 | G31: =G27*G29 -> 5557 | I31: =SUM(E31:G31) -> 22662
A33: Subcontractor's Overhead and Profit on
A34: Material and Labor | B34: 0.2 | E34: =E31*B34 -> 3421 | G34: =G31*B34 -> 1111 | I34: =SUM(E34:G34) -> 4532
A36: TOTAL ESTIMATED COST: | B36: 4 | C36: SMPT | E36: =SUM(E31:E35) -> 20526 | G36: =SUM(G31:G35) -> 6668 | I36: =SUM(I31:I35) -> 27194

Sheet 091
A2: 09 - ELECTRICAL | D2: MATERIAL/EQUIPMENT | F2: LABOR | H2: TOTAL | I2: TOTAL
B3: QUANTITY | C3: UNIT | D3: RATE | E3: TOTAL | F3: HOURS | G3: TOTAL | H3: UNIT RATE | I3: MATERIAL/LABOR
A4: 091 - Service and Distribution | D4: $ | E4: $ | G4: $ | H4: $ | I4: $
E6: =B6*D6 -> 0 | G6: =B6*F6 -> 0 | H6: =D6+F6 -> 0 | I6: =SUM(E6,G6) -> 0
A7: MAIN DISTRIBUTION PANELS AND SWITCHGEAR
A9: 1,600 amp main enclosed disconnect | B9: 1 | C9: EA | D9: 15619 | E9: =B9*D9 -> 15619 | F9: 29 | G9: =B9*F9 -> 29
E10: =B10*D10 -> 0 | G10: =B10*F10 -> 0
A11: Main distribution panel with 1,600 amp bus | E11: =B11*D11 -> 0 | G11: =B11*F11 -> 0
A12: and fused switches | B12: 1 | C12: EA | D12: 19212 | E12: =B12*D12 -> 19212 | F12: 32 | G12: =B12*F12 -> 32
E13: =B13*D13 -> 0 | G13: =B13*F13 -> 0
A14: PANELS AND MOTOR CONTROL CENTERS
A16: 225 amp, 120/208 volt, 4 wire, 3 phase, | E16: =B16*D16 -> 0 | G16: =B16*F16 -> 0
A17: 42 circuit MLO subpanel | B17: 2 | C17: EA | D17: 3392 | E17: =B17*D17 -> 6784 | F17: 24 | G17: =B17*F17 -> 48
E18: =B18*D18 -> 0 | G18: =B18*F18 -> 0
A19: 100 amp, 120/280 volt, 4 wire, 3 phase, | E19: =B19*D19 -> 0 | G19: =B19*F19 -> 0
A20: 30 circuit subpanel | B20: 4 | C20: EA | D20: 2280 | E20: =B20*D20 -> 9120 | F20: 16 | G20: =B20*F20 -> 64
A22: CONDUIT AND FEEDERS
E23: =B23*D23 -> 0 | G23: =B23*F23 -> 0
A24: 3 1/2" diameter rigid steel conduit and fittings | B24: 20 | C24: LF | D24: 41.78 | E24: =B24*D24 -> 836 | F24: 0.364 | G24: =B24*F24 -> 7.28
E25: =B25*D25 -> 0 | G25: =B25*F25 -> 0
A26: 3 1/2" diameter x 90° elbow | B26: 2 | C26: EA | D26: 136 | E26: =B26*D26 -> 272 | F26: 1.905 | G26: =B26*F26 -> 3.81
E27: =B27*D27 -> 0 | G27: =B27*F27 -> 0
A28: 2" diameter IMC conduit and fittings | B28: 50 | C28: LF | D28: 14.49 | E28: =B28*D28 -> 725 | F28: 0.16 | G28: =B28*F28 -> 8
E29: =B29*D29 -> 0 | G29: =B29*F29 -> 0
A30: 1 1/2" diameter IMC conduit and fittings | B30: 220 | C30: LF | D30: 11.58 | E30: =B30*D30 -> 2548 | F30: 0.133 | G30: =B30*F30 -> 29.26
E31: =B31*D31 -> 0 | G31: =B31*F31 -> 0
A32: 1 1/4" diameter IMC conduit and fittings | B32: 250 | C32: LF | D32: 9.22 | E32: =B32*D32 -> 2305 | F32: 0.123 | G32: =B32*F32 -> 30.75
E33: =B33*D33 -> 0 | G33: =B33*F33 -> 0
A34: 1" diameter IMC conduit and fittings | B34: 120 | C34: LF | D34: 6.64 | E34: =B34*D34 -> 797 | F34: 0.114 | G34: =B34*F34 -> 13.68
E35: =B35*D35 -> 0 | G35: =B35*F35 -> 0
A36: 500 KCMIL copper wire | B36: 150 | C36: LF | D36: 18.47 | E36: =B36*D36 -> 2771 | F36: 0.05 | G36: =B36*F36 -> 7.5
E37: =B37*D37 -> 0 | G37: =B37*F37 -> 0
A38: CONDUIT AND FEEDERS (Continued)
A40: #1/0 THHN copper wire | B40: 400 | C40: LF | D40: 5.12 | E40: =B40*D40 -> 2048 | F40: 0.025 | G40: =B40*F40 -> 10
E41: =B41*D41 -> 0 | G41: =B41*F41 -> 0
A42: #2 THHN copper wire | B42: 1150 | C42: LF | D42: 3.31 | E42: =B42*D42 -> 3807 | F42: 0.018 | G42: =B42*F42 -> 20.7
E43: =B43*D43 -> 0 | G43: =B43*F43 -> 0
A44: #4 THHN copper wire | B44: 1000 | C44: LF | D44: 2 | E44: =B44*D44 -> 2000 | F44: 0.016 | G44: =B44*F44 -> 16
E45: =B45*D45 -> 0 | G45: =B45*F45 -> 0
A46: #4 ground wire (10'0") and connect to building | B46: 2 | C46: EA | D46: 54 | E46: =B46*D46 -> 108 | F46: 1.04 | G46: =B46*F46 -> 2.08
E47: =B47*D47 -> 0 | G47: =B47*F47 -> 0
A48: Test and tag | B48: 1 | C48: LOT | D48: 530 | E48: =B48*D48 -> 530 | F48: 30 | G48: =B48*F48 -> 30
E49: =B49*D49 -> 0 | G49: =B49*F49 -> 0
A50: SUBTOTAL LABOR HOURS: | E50: =B50*D50 -> 0 | G50: =SUM(G1:G49) -> 352.06 | H50: Hours
A52: Premium Time | B52: 0.1 | G52: =G50*B52 -> 35.21 | H52: Hours
A54: TOTAL LABOR HOURS: | G54: =SUM(G50:G53) -> 387.27 | H54: Hours
A56: Labor Rate | G56: ='Labor Rates'!F66 -> 95.83 | H56: /Hour
A58: SUBTOTAL: | E58: =SUM(E1:E57) -> 69482 | G58: =G54*G56 -> 37112 | I58: =SUM(E58:G58) -> 106594
A60: Subcontractor's Overhead and Profit on
A61: Material and Labor | B61: 0.2 | E61: =E58*B61 -> 13896 | G61: =G58*B61 -> 7422 | I61: =SUM(E61:G61) -> 21318
A67: TOTAL ESTIMATED COST: | B67: 1600 | C67: SAMP | E67: =SUM(E58:E66) -> 83378 | G67: =SUM(G58:G66) -> 44534 | I67: =SUM(I58:I66) -> 127912

Sheet 092
A2: 09 - ELECTRICAL | D2: MATERIAL/EQUIPMENT | F2: LABOR | H2: TOTAL | I2: TOTAL
B3: QUANTITY | C3: UNIT | D3: RATE | E3: TOTAL | F3: HOURS | G3: TOTAL | H3: UNIT RATE | I3: MATERIAL/LABOR
A4: 092 - Lighting | D4: $ | E4: $ | G4: $ | H4: $ | I4: $
E6: =B6*D6 -> 0 | G6: =B6*F6 -> 0 | H6: =D6+F6 -> 0 | I6: =SUM(E6,G6) -> 0
A7: LIGHT FIXTURES
A9: 2'0"x4'0" LED troffer | B9: 486 | C9: EA | D9: 315 | E9: =B9*D9 -> 153090 | F9: 1.65 | G9: =B9*F9 -> 801.9
G10: =B10*F10 -> 0
A11: 1'0"x4'0" LED troffer | B11: 120 | C11: EA | D11: 186 | E11: =B11*D11 -> 22320 | F11: 1.2 | G11: =B11*F11 -> 144
E12: =B12*D12 -> 0 | G12: =B12*F12 -> 0
A13: 4'0" surface LED wraparound | B13: 12 | C13: EA | D13: 217 | E13: =B13*D13 -> 2604 | F13: 1.2 | G13: =B13*F13 -> 14.4
E14: =B14*D14 -> 0 | G14: =B14*F14 -> 0
A15: 6" diameter surface wet location LED
A16: downlight fixture | B16: 42 | C16: EA | D16: 310 | E16: =B16*D16 -> 13020 | F16: 1.3 | G16: =B16*F16 -> 54.6
E17: =B17*D17 -> 0 | G17: =B17*F17 -> 0
A18: LED high bay gym fixture | B18: 30 | C18: EA | D18: 617 | E18: =B18*D18 -> 18510 | F18: 2.1 | G18: =B18*F18 -> 63
E19: =B19*D19 -> 0 | G19: =B19*F19 -> 0
A20: LED exit sign with battery | B20: 20 | C20: EA | D20: 298.45 | E20: =B20*D20 -> 5969 | F20: 1 | G20: =B20*F20 -> 20
E21: =B21*D21 -> 0 | G21: =B21*F21 -> 0
A22: Self-contained dual head emergency light | B22: 6 | C22: EA | D22: 535 | E22: =B22*D22 -> 3210 | F22: 2 | G22: =B22*F22 -> 12
E23: =B23*D23 -> 0 | G23: =B23*F23 -> 0
A24: LED wall pack with cut off optics, building | E24: =B24*D24 -> 0 | G24: =B24*F24 -> 0
A25: mounted exterior light fixture | B25: 10 | C25: EA | D25: 659.75 | E25: =B25*D25 -> 6598 | F25: 2 | G25: =B25*F25 -> 20
E26: =B26*D26 -> 0 | G26: =B26*F26 -> 0
A27: Recessed soffit LED fixture with tempered | E27: =B27*D27 -> 0 | G27: =B27*F27 -> 0
A28: lens, tamperproof | B28: 6 | C28: EA | D28: 633.6 | E28: =B28*D28 -> 3802 | F28: 1.85 | G28: =B28*F28 -> 11.1
A30: LIGHTING CONTROLS
A32: Lighting control panel | B32: 2 | C32: EA | D32: 2305 | E32: =B32*D32 -> 4610 | F32: 16 | G32: =B32*F32 -> 32
A34: Single switch | B34: 60 | C34: EA | D34: 22 | E34: =B34*D34 -> 1320 | F34: 0.62 | G34: =B34*F34 -> 37.2
E35: =B35*D35 -> 0 | G35: =B35*F35 -> 0
A36: Three-way switch | B36: 8 | C36: EA | D36: 42 | E36: =B36*D36 -> 336 | F36: 1.1 | G36: =B36*F36 -> 8.8
G37: =B37*F37 -> 0
A38: LIGHTING CONTROLS (Continued)
A40: Keyed switch | B40: 4 | C40: EA | D40: 72 | E40: =B40*D40 -> 288 | F40: 0.78 | G40: =B40*F40 -> 3.12
E41: =B41*D41 -> 0 | G41: =B41*F41 -> 0
A42: Local lighting control | B42: 16 | C42: EA | D42: 44 | E42: =B42*D42 -> 704 | F42: 1.1 | G42: =B42*F42 -> 17.6
A44: Dual technology occupancy sensor | B44: 26 | C44: EA | D44: 254 | E44: =B44*D44 -> 6604 | F44: 1.6 | G44: =B44*F44 -> 41.6
E45: =B45*D45 -> 0 | G45: =B45*F45 -> 0
A46: Occupancy sensor/switch | B46: 30 | C46: EA | D46: 172.3 | E46: =B46*D46 -> 5169 | F46: 0.62 | G46: =B46*F46 -> 18.6
E47: =B47*D47 -> 0 | G47: =B47*F47 -> 0
A48: Wall switch with built-in motion sensor and | G48: =B48*F48 -> 0
A49: control switch | B49: 2 | C49: EA | D49: 193.6 | E49: =B49*D49 -> 387 | F49: 1.35 | G49: =B49*F49 -> 2.7
A51: Emergency light connection | B51: 40 | C51: EA | D51: 48 | E51: =B51*D51 -> 1920 | F51: 1 | G51: =B51*F51 -> 40
G52: =B52*F52 -> 0
A53: Night light connection | B53: 30 | C53: EA | D53: 17.8 | E53: =B53*D53 -> 534 | F53: 1 | G53: =B53*F53 -> 30
E54: =B54*D54 -> 0 | G54: =B54*F54 -> 0
A55: 100 amp, 4 pole electrical contactor | B55: 2 | C55: EA | D55: 1335 | E55: =B55*D55 -> 2670 | F55: 3.685 | G55: =B55*F55 -> 7.37
G56: =B56*F56 -> 0
A57: K-1900 photocell/time switch | B57: 2 | C57: EA | D57: 175 | E57: =B57*D57 -> 350 | F57: 0.85 | G57: =B57*F57 -> 1.7
A59: CONDUIT AND WIRING
A61: 1" diameter EMT conduit | B61: 2130 | C61: LF | D61: 2.03 | E61: =B61*D61 -> 4324 | F61: 0.07 | G61: =B61*F61 -> 149.1
G62: =B62*F62 -> 0
A63: 3/4" diameter EMT conduit | B63: 5665 | C63: LF | D63: 1.1 | E63: =B63*D63 -> 6232 | F63: 0.062 | G63: =B63*F63 -> 351.23
E64: =B64*D64 -> 0 | G64: =B64*F64 -> 0
A65: 1/2" diameter EMT conduit | B65: 3720 | C65: LF | D65: 0.63 | E65: =B65*D65 -> 2344 | F65: 0.047 | G65: =B65*F65 -> 174.84
G66: =B66*F66 -> 0
A67: #6 THHN | B67: 4745 | C67: LF | D67: 1.3 | E67: =B67*D67 -> 6169 | F67: 0.013 | G67: =B67*F67 -> 61.69
E68: =B68*D68 -> 0 | G68: =B68*F68 -> 0
A69: CONDUIT AND WIRING (Continued)
A71: #8 THHN | B71: 11317 | C71: LF | D71: 0.91 | E71: =B71*D71 -> 10298 | F71: 0.01 | G71: =B71*F71 -> 113.17
E72: =B72*D72 -> 0 | G72: =B72*F72 -> 0
A73: #10 THHN | B73: 15353 | C73: LF | D73: 0.64 | E73: =B73*D73 -> 9826 | F73: 0.008 | G73: =B73*F73 -> 122.82
A75: #12 THHN | B75: 26705 | C75: LF | D75: 0.36 | E75: =B75*D75 -> 9614 | F75: 0.007 | G75: =B75*F75 -> 186.94
A77: Test and tag | B77: 1 | C77: LOT | D77: 1650 | E77: =B77*D77 -> 1650 | F77: 50 | G77: =B77*F77 -> 50
E78: =B78*D78 -> 0 | G78: =B78*F78 -> 0
A79: SUBTOTAL LABOR HOURS: | E79: =B79*D79 -> 0 | G79: =SUM(G1:G78) -> 2591.48 | H79: Hours
A81: Premium Time | B81: 0.1 | G81: =G79*B81 -> 259.15 | H81: Hours
A83: TOTAL LABOR HOURS: | G83: =SUM(G79:G82) -> 2850.63 | H83: Hours
A85: Labor Rate | G85: ='Labor Rates'!F66 -> 95.83 | H85: /Hour
A87: SUBTOTAL: | E87: =SUM(E1:E86) -> 304472 | G87: =G83*G85 -> 273176 | I87: =SUM(E87:G87) -> 577648
A89: Subcontractor's Overhead and Profit on
A90: Material and Labor | B90: 0.2 | E90: =E87*B90 -> 60894 | G90: =G87*B90 -> 54635 | I90: =SUM(E90:G90) -> 115529
A98: TOTAL ESTIMATED COST: | B98: 732 | C98: LFXT | E98: =SUM(E87:E97) -> 365366 | G98: =SUM(G87:G97) -> 327811 | I98: =SUM(I87:I97) -> 693177

Sheet 093
A2: 09 - ELECTRICAL | D2: MATERIAL/EQUIPMENT | F2: LABOR | H2: TOTAL | I2: TOTAL
B3: QUANTITY | C3: UNIT | D3: RATE | E3: TOTAL | F3: HOURS | G3: TOTAL | H3: UNIT RATE | I3: MATERIAL/LABOR
A4: 093 - Power | D4: $ | E4: $ | G4: $ | H4: $ | I4: $
E6: =B6*D6 -> 0 | G6: =B6*F6 -> 0 | H6: =D6+F6 -> 0 | I6: =SUM(E6,G6) -> 0
A7: DEVICES AND CONNECTIONS
A9: 20 amp duplex outlet | B9: 320 | C9: EA | D9: 14 | E9: =B9*D9 -> 4480 | F9: 0.9 | G9: =B9*F9 -> 288
E10: =B10*D10 -> 0 | G10: =B10*F10 -> 0
A11: GFI duplex outlet | B11: 48 | C11: EA | D11: 21 | E11: =B11*D11 -> 1008 | F11: 1.125 | G11: =B11*F11 -> 54
E12: =B12*D12 -> 0 | G12: =B12*F12 -> 0
A13: Quadraplex floor outlet | B13: 16 | C13: EA | D13: 188 | E13: =B13*D13 -> 3008 | F13: 1.3 | G13: =B13*F13 -> 20.8
E14: =B14*D14 -> 0 | G14: =B14*F14 -> 0
A15: GFI 15 amp duplex outlet, weatherproof | B15: 3 | C15: EA | D15: 53 | E15: =B15*D15 -> 159 | F15: 1.25 | G15: =B15*F15 -> 3.75
E16: =B16*D16 -> 0 | G16: =B16*F16 -> 0
A17: 50 amp special outlet | B17: 3 | C17: EA | D17: 58 | E17: =B17*D17 -> 174 | F17: 0.727 | G17: =B17*F17 -> 2.18
E18: =B18*D18 -> 0 | G18: =B18*F18 -> 0 | H18: =D18+F18 -> 0 | I18: =SUM(E18,G18) -> 0
A19: 30 amp special outlet | B19: 2 | C19: EA | D19: 46 | E19: =B19*D19 -> 92 | F19: 1.125 | G19: =B19*F19 -> 2.25
E20: =B20*D20 -> 0 | G20: =B20*F20 -> 0
A21: Junction box with cover | B21: 29 | C21: EA | D21: 15 | E21: =B21*D21 -> 435 | F21: 0.2 | G21: =B21*F21 -> 5.8
E22: =B22*D22 -> 0 | G22: =B22*F22 -> 0 | H22: =D22+F22 -> 0 | I22: =SUM(E22,G22) -> 0
A23: 30 HP, 3 phase, 208 volt motor connection | B23: 3 | C23: EA | D23: 350 | E23: =B23*D23 -> 1050 | F23: 5.5 | G23: =B23*F23 -> 16.5
G24: =B24*F24 -> 0
A25: 10 HP to 7 1/2 HP, 3 phase, 208 volt motor | E25: =B25*D25 -> 0 | G25: =B25*F25 -> 0
A26: connection | B26: 2 | C26: EA | D26: 175 | E26: =B26*D26 -> 350 | F26: 2.775 | G26: =B26*F26 -> 5.55
E27: =B27*D27 -> 0 | G27: =B27*F27 -> 0
A28: 5 HP to 1 HP, 3 phase, 208 volt motor | G28: =B28*F28 -> 0
A29: connection | B29: 11 | C29: EA | D29: 110 | E29: =B29*D29 -> 1210 | F29: 1.8 | G29: =B29*F29 -> 19.8
A31: 30 HP variable frequency drive | B31: 3 | C31: EA | D31: 7768.35 | E31: =B31*D31 -> 23305 | F31: 34 | G31: =B31*F31 -> 102
A33: 10 HP variable frequency drive | B33: 2 | C33: EA | D33: 3321.45 | E33: =B33*D33 -> 6643 | F33: 17 | G33: =B33*F33 -> 34
E34: =B34*D34 -> 0 | G34: =B34*F34 -> 0
A35: Fractional motor connection | B35: 13 | C35: EA | D35: 75 | E35: =B35*D35 -> 975 | F35: 1.75 | G35: =B35*F35 -> 22.75
E36: =B36*D36 -> 0 | G36: =B36*F36 -> 0
A38: DEVICES AND CONNECTIONS (Continued)
A40: Thermal switch | B40: 19 | C40: EA | D40: 54 | E40: =B40*D40 -> 1026 | F40: 0.6 | G40: =B40*F40 -> 11.4
A42: 60 amp, 3 pole fused disconnect switch | B42: 4 | C42: EA | D42: 920 | E42: =B42*D42 -> 3680 | F42: 2.46 | G42: =B42*F42 -> 9.84
E43: =B43*D43 -> 0 | G43: =B43*F43 -> 0
A44: Fused disconnect switch, weatherproof | B44: 1 | C44: EA | D44: 550 | E44: =B44*D44 -> 550 | F44: 2.83 | G44: =B44*F44 -> 2.83
E45: =B45*D45 -> 0 | G45: =B45*F45 -> 0
A46: 10 HP combination motor starter/disconnect | G46: =B46*F46 -> 0
A47: switch | B47: 11 | C47: EA | D47: 730 | E47: =B47*D47 -> 8030 | F47: 2.52 | G47: =B47*F47 -> 27.72
A49: CONDUIT AND WIRING
A51: 1" diameter EMT conduit | B51: 1250 | C51: LF | D51: 2.03 | E51: =B51*D51 -> 2538 | F51: 0.07 | G51: =B51*F51 -> 87.5
G52: =B52*F52 -> 0
A53: 3/4" diameter EMT conduit | B53: 3685 | C53: LF | D53: 1.1 | E53: =B53*D53 -> 4054 | F53: 0.062 | G53: =B53*F53 -> 228.47
E54: =B54*D54 -> 0 | G54: =B54*F54 -> 0
A55: 1/2" diameter EMT conduit | B55: 2180 | C55: LF | D55: 0.63 | E55: =B55*D55 -> 1373 | F55: 0.047 | G55: =B55*F55 -> 102.46
G56: =B56*F56 -> 0
A57: #6 THHN | B57: 4255 | C57: LF | D57: 1.3 | E57: =B57*D57 -> 5532 | F57: 0.013 | G57: =B57*F57 -> 55.32
E58: =B58*D58 -> 0 | G58: =B58*F58 -> 0
A59: #8 THHN | B59: 6912 | C59: LF | D59: 0.91 | E59: =B59*D59 -> 6290 | F59: 0.01 | G59: =B59*F59 -> 69.12
E60: =B60*D60 -> 0 | G60: =B60*F60 -> 0
A61: #10 THHN | B61: 7648 | C61: LF | D61: 0.64 | E61: =B61*D61 -> 4895 | F61: 0.008 | G61: =B61*F61 -> 61.18
E62: =B62*D62 -> 0 | G62: =B62*F62 -> 0
A63: #12 THHN | B63: 16795 | C63: LF | D63: 0.36 | E63: =B63*D63 -> 6046 | F63: 0.007 | G63: =B63*F63 -> 117.57
A65: Test and tag | B65: 1 | C65: LOT | D65: 1650 | E65: =B65*D65 -> 1650 | F65: 50 | G65: =B65*F65 -> 50
E66: =B66*D66 -> 0 | G66: =B66*F66 -> 0
A67: SUBTOTAL LABOR HOURS: | E67: =B67*D67 -> 0 | G67: =SUM(G1:G66) -> 1400.79 | H67: Hours
A69: Premium Time | B69: 0.1 | G69: =G67*B69 -> 140.08 | H69: Hours
A71: TOTAL LABOR HOURS: | G71: =SUM(G67:G70) -> 1540.87 | H71: Hours
A73: Labor Rate | G73: ='Labor Rates'!F66 -> 95.83 | H73: /Hour
A75: SUBTOTAL: | E75: =SUM(E1:E74) -> 88553 | G75: =G71*G73 -> 147662 | I75: =SUM(E75:G75) -> 236215
A77: Subcontractor's Overhead and Profit on
A78: Material and Labor | B78: 0.2 | E78: =E75*B78 -> 17711 | G78: =G75*B78 -> 29532 | I78: =SUM(E78:G78) -> 47243
A98: TOTAL ESTIMATED COST: | B98: 461 | C98: PDEA | E98: =SUM(E75:E97) -> 106264 | G98: =SUM(G75:G97) -> 177194 | I98: =SUM(I75:I97) -> 283458

Sheet 094
A2: 09 - ELECTRICAL | D2: MATERIAL/EQUIPMENT | F2: LABOR | H2: TOTAL | I2: TOTAL
B3: QUANTITY | C3: UNIT | D3: RATE | E3: TOTAL | F3: HOURS | G3: TOTAL | H3: UNIT RATE | I3: MATERIAL/LABOR
A4: 094 - Special Systems | D4: $ | E4: $ | G4: $ | H4: $ | I4: $
E6: =B6*D6 -> 0 | G6: =B6*F6 -> 0 | H6: =D6+F6 -> 0 | I6: =SUM(E6,G6) -> 0
A7: FIRE ALARM SYSTEM | E7: =B7*D7 -> 0 | G7: =B7*F7 -> 0 | H7: =D7+F7 -> 0 | I7: =SUM(E7,G7) -> 0
E8: =B8*D8 -> 0 | G8: =B8*F8 -> 0 | H8: =D8+F8 -> 0 | I8: =SUM(E8,G8) -> 0
A9: 16-zone fire alarm control panel, including | E9: =B9*D9 -> 0 | G9: =B9*F9 -> 0
A10: standby batteries and charger | B10: 1 | C10: EA | D10: 6750 | E10: =B10*D10 -> 6750 | F10: 22 | G10: =B10*F10 -> 22
E11: =B11*D11 -> 0 | G11: =B11*F11 -> 0 | H11: =D11+F11 -> 0 | I11: =SUM(E11,G11) -> 0
A12: Fire alarm graphic annunciator | B12: 1 | C12: EA | D12: 1370 | E12: =B12*D12 -> 1370 | F12: 15 | G12: =B12*F12 -> 15
E13: =B13*D13 -> 0 | G13: =B13*F13 -> 0
A14: Manual pull station (break glass type) | B14: 12 | C14: EA | D14: 97 | E14: =B14*D14 -> 1164 | F14: 1.5 | G14: =B14*F14 -> 18
E15: =B15*D15 -> 0 | G15: =B15*F15 -> 0
A16: Combination horn/strobe | B16: 59 | C16: EA | D16: 180 | E16: =B16*D16 -> 10620 | F16: 1.65 | G16: =B16*F16 -> 97.35
E17: =B17*D17 -> 0 | G17: =B17*F17 -> 0
A18: Combination horn/strobe, weatherproof | B18: 11 | C18: EA | D18: 201 | E18: =B18*D18 -> 2211 | F18: 1.88 | G18: =B18*F18 -> 20.68
A20: Strobe only | B20: 15 | C20: EA | D20: 95 | E20: =B20*D20 -> 1425 | F20: 1.5 | G20: =B20*F20 -> 22.5
G21: =B21*F21 -> 0
A22: Magnetic door hold release | B22: 30 | C22: EA | D22: 128 | E22: =B22*D22 -> 3840 | F22: 2 | G22: =B22*F22 -> 60
E23: =B23*D23 -> 0 | G23: =B23*F23 -> 0
A24: Smoke detectors ionization | B24: 78 | C24: EA | D24: 145 | E24: =B24*D24 -> 11310 | F24: 1.25 | G24: =B24*F24 -> 97.5
G25: =B25*F25 -> 0
A26: Heat detector | B26: 28 | C26: EA | D26: 111 | E26: =B26*D26 -> 3108 | F26: 0.7 | G26: =B26*F26 -> 19.6
E27: =B27*D27 -> 0 | G27: =B27*F27 -> 0
A28: Duct detector | B28: 6 | C28: EA | D28: 360 | E28: =B28*D28 -> 2160 | F28: 2.45 | G28: =B28*F28 -> 14.7
E29: =B29*D29 -> 0 | G29: =B29*F29 -> 0
A30: Connect to trip circuit | B30: 1 | C30: EA | D30: 115 | E30: =B30*D30 -> 115 | F30: 1.15 | G30: =B30*F30 -> 1.15
E31: =B31*D31 -> 0 | G31: =B31*F31 -> 0
A32: Connect to TTB | B32: 1 | C32: EA | D32: 118 | E32: =B32*D32 -> 118 | F32: 1.15 | G32: =B32*F32 -> 1.15
E33: =B33*D33 -> 0 | G33: =B33*F33 -> 0
A34: Connect to intercom system | B34: 1 | C34: EA | D34: 85 | E34: =B34*D34 -> 85 | F34: 1.15 | G34: =B34*F34 -> 1.15
E35: =B35*D35 -> 0 | G35: =B35*F35 -> 0
A36: Tamper switch and connection | B36: 1 | C36: EA | D36: 275 | E36: =B36*D36 -> 275 | F36: 1.22 | G36: =B36*F36 -> 1.22
A38: FIRE ALARM SYSTEM (Continued)
E39: =B39*D39 -> 0 | G39: =B39*F39 -> 0
A40: Flow switch and connection | B40: 1 | C40: EA | D40: 278 | E40: =B40*D40 -> 278 | F40: 1.22 | G40: =B40*F40 -> 1.22
E41: =B41*D41 -> 0 | G41: =B41*F41 -> 0 | H41: =D41+F41 -> 0 | I41: =SUM(E41,G41) -> 0
A42: Junction box | B42: 20 | C42: EA | D42: 15 | E42: =B42*D42 -> 300 | F42: 0.2 | G42: =B42*F42 -> 4
G43: =B43*F43 -> 0
A44: 1" diameter EMT conduit | B44: 4400 | C44: LF | D44: 2.03 | E44: =B44*D44 -> 8932 | F44: 0.07 | G44: =B44*F44 -> 308
G45: =B45*F45 -> 0
A46: Fire alarm wiring | B46: 4400 | C46: LF | D46: 0.8 | E46: =B46*D46 -> 3520 | F46: 0.015 | G46: =B46*F46 -> 66
E47: =B47*D47 -> 0 | G47: =B47*F47 -> 0 | H47: =D47+F47 -> 0 | I47: =SUM(E47,G47) -> 0
A48: DATA AND COMMUNICATIONS | E48: =B48*D48 -> 0 | G48: =B48*F48 -> 0
E49: =B49*D49 -> 0 | G49: =B49*F49 -> 0
A50: 4'0"x8'0"x3/4" AC grade plywood backboard | B50: 576 | C50: SF | D50: 3.28 | E50: =B50*D50 -> 1889 | F50: 0.038 | G50: =B50*F50 -> 21.89
A52: 48-pair telecom termination block | B52: 2 | C52: EA | D52: 130 | E52: =B52*D52 -> 260 | F52: 0.43 | G52: =B52*F52 -> 0.86
E53: =B53*D53 -> 0 | G53: =B53*F53 -> 0
A54: Free-standing data equipment rack | B54: 5 | C54: EA | D54: 1750 | E54: =B54*D54 -> 8750 | F54: 4.8 | G54: =B54*F54 -> 24
E55: =B55*D55 -> 0 | G55: =B55*F55 -> 0
A56: Plug strip | B56: 5 | C56: EA | D56: 137 | E56: =B56*D56 -> 685 | F56: 0.72 | G56: =B56*F56 -> 3.6
E57: =B57*D57 -> 0 | G57: =B57*F57 -> 0
A58: 48-port patch panel | B58: 13 | C58: EA | D58: 305 | E58: =B58*D58 -> 3965 | F58: 2.14 | G58: =B58*F58 -> 27.82
E59: =B59*D59 -> 0 | G59: =B59*F59 -> 0
A60: Cable management panel | B60: 10 | C60: EA | D60: 310 | E60: =B60*D60 -> 3100 | F60: 2.43 | G60: =B60*F60 -> 24.3
A62: Fiber optic patch panel | B62: 3 | C62: EA | D62: 350 | E62: =B62*D62 -> 1050 | F62: 1.1 | G62: =B62*F62 -> 3.3
E63: =B63*D63 -> 0 | G63: =B63*F63 -> 0
A64: Connection to fire alarm system | B64: 1 | C64: EA | D64: 201 | E64: =B64*D64 -> 201 | F64: 2.5 | G64: =B64*F64 -> 2.5
E65: =B65*D65 -> 0 | G65: =B65*F65 -> 0
A66: Single jack data/telephone outlet | B66: 10 | C66: EA | D66: 25 | E66: =B66*D66 -> 250 | F66: 0.57 | G66: =B66*F66 -> 5.7
A69: DATA AND COMMUNICATIONS (Continued)
E70: =B70*D70 -> 0 | G70: =B70*F70 -> 0
A71: Two-jack data/telephone outlet | B71: 122 | C71: EA | D71: 35 | E71: =B71*D71 -> 4270 | F71: 0.72 | G71: =B71*F71 -> 87.84
E72: =B72*D72 -> 0 | G72: =B72*F72 -> 0 | H72: =D72+F72 -> 0 | I72: =SUM(E72,G72) -> 0
A73: Three-jack data/telephone outlet | B73: 1 | C73: EA | D73: 45 | E73: =B73*D73 -> 45 | F73: 0.86 | G73: =B73*F73 -> 0.86
E74: =B74*D74 -> 0 | G74: =B74*F74 -> 0
A75: Four-jack data/telephone outlet | B75: 1 | C75: EA | D75: 60 | E75: =B75*D75 -> 60 | F75: 0.89 | G75: =B75*F75 -> 0.89
E76: =B76*D76 -> 0 | G76: =B76*F76 -> 0
A77: Two-jack data/telephone outlet, floor mounted | B77: 3 | C77: EA | D77: 156 | E77: =B77*D77 -> 468 | F77: 1.5 | G77: =B77*F77 -> 4.5
E78: =B78*D78 -> 0 | G78: =B78*F78 -> 0
A79: Four-jack data/telephone outlet, floor mounted | B79: 4 | C79: EA | D79: 174 | E79: =B79*D79 -> 696 | F79: 2.14 | G79: =B79*F79 -> 8.56
A81: Three-jack data/telephone outlet, ceiling | E81: =B81*D81 -> 0 | G81: =B81*F81 -> 0
A82: mounted | B82: 1 | C82: EA | D82: 55 | E82: =B82*D82 -> 55 | F82: 1 | G82: =B82*F82 -> 1
E83: =B83*D83 -> 0 | G83: =B83*F83 -> 0
A84: Wireless access point | B84: 11 | C84: EA | D84: 250 | E84: =B84*D84 -> 2750 | F84: 1.1 | G84: =B84*F84 -> 12.1
A86: Smart board interface | B86: 20 | C86: EA | D86: 1812 | E86: =B86*D86 -> 36240 | F86: 17.7 | G86: =B86*F86 -> 354
E87: =B87*D87 -> 0 | G87: =B87*F87 -> 0
A88: Junction box | B88: 20 | C88: EA | D88: 15 | E88: =B88*D88 -> 300 | F88: 0.2 | G88: =B88*F88 -> 4
E89: =B89*D89 -> 0 | G89: =B89*F89 -> 0
A90: 12" cable tray | B90: 450 | C90: LF | D90: 37 | E90: =B90*D90 -> 16650 | F90: 0.112 | G90: =B90*F90 -> 50.4
E91: =B91*D91 -> 0 | G91: =B91*F91 -> 0
A92: 4" diameter EMT conduit | B92: 150 | C92: LF | D92: 12.24 | E92: =B92*D92 -> 1836 | F92: 0.2 | G92: =B92*F92 -> 30
E93: =B93*D93 -> 0 | G93: =B93*F93 -> 0
A94: 3" diameter EMT conduit | B94: 40 | C94: LF | D94: 9.06 | E94: =B94*D94 -> 362 | F94: 0.16 | G94: =B94*F94 -> 6.4
E95: =B95*D95 -> 0 | G95: =B95*F95 -> 0
A96: 1" diameter EMT conduit | B96: 300 | C96: LF | D96: 2.03 | E96: =B96*D96 -> 609 | F96: 0.07 | G96: =B96*F96 -> 21
E97: =B97*D97 -> 0 | G97: =B97*F97 -> 0
A98: 3/4" diameter EMT conduit | B98: 1420 | C98: LF | D98: 1.1 | E98: =B98*D98 -> 1562 | F98: 0.062 | G98: =B98*F98 -> 88.04
A100: DATA AND COMMUNICATIONS (Continued)
E101: =B101*D101 -> 0 | G101: =B101*F101 -> 0
A102: Cat 6 cable | B102: 15050 | C102: LF | D102: 1 | E102: =B102*D102 -> 15050 | F102: 0.015 | G102: =B102*F102 -> 225.75
E103: =B103*D103 -> 0 | G103: =B103*F103 -> 0 | H103: =D103+F103 -> 0 | I103: =SUM(E103,G103) -> 0
A104: 100 pair Cat 3 copper voice backbone | B104: 200 | C104: LF | D104: 20.14 | E104: =B104*D104 -> 4028 | F104: 0.033 | G104: =B104*F104 -> 6.6
E105: =B105*D105 -> 0 | G105: =B105*F105 -> 0
A106: 50 pair Cat 3 copper voice backbone | B106: 200 | C106: LF | D106: 12.93 | E106: =B106*D106 -> 2586 | F106: 0.018 | G106: =B106*F106 -> 3.6
E107: =B107*D107 -> 0 | G107: =B107*F107 -> 0
A108: 12-strand fiber | B108: 100 | C108: LF | D108: 2.85 | E108: =B108*D108 -> 285 | F108: 0.012 | G108: =B108*F108 -> 1.2
E109: =B109*D109 -> 0 | G109: =B109*F109 -> 0
A110: Single mode fiber | B110: 1000 | C110: LF | D110: 1.9 | E110: =B110*D110 -> 1900 | F110: 0.008 | G110: =B110*F110 -> 8
A112: Ground bar | B112: 1 | C112: EA | D112: 117 | E112: =B112*D112 -> 117 | F112: 0.6 | G112: =B112*F112 -> 0.6
...

Sheet 095
A2: 09 - ELECTRICAL | D2: MATERIAL/EQUIPMENT | F2: LABOR | H2: TOTAL | I2: TOTAL
B3: QUANTITY | C3: UNIT | D3: RATE | E3: TOTAL | F3: HOURS | G3: TOTAL | H3: UNIT RATE | I3: MATERIAL/LABOR
A4: 095 - Other Electrical Systems | D4: $ | E4: $ | G4: $ | H4: $ | I4: $
E6: =B6*D6 -> 0 | G6: =B6*F6 -> 0 | H6: =D6+F6 -> 0 | I6: =SUM(E6,G6) -> 0
A7: POWER GENERATION AND DISTRIBUTION | E7: =B7*D7 -> 0 | G7: =B7*F7 -> 0 | H7: =D7+F7 -> 0 | I7: =SUM(E7,G7) -> 0
E8: =B8*D8 -> 0 | G8: =B8*F8 -> 0 | H8: =D8+F8 -> 0 | I8: =SUM(E8,G8) -> 0
A9: 150 KW oil-fired emergency diesel generator | E9: =B9*D9 -> 0 | G9: =B9*F9 -> 0
A10: including accessories and fuel tank | B10: 1 | C10: EA | D10: 92198 | E10: =B10*D10 -> 92198 | F10: 81.8 | G10: =B10*F10 -> 81.8
E11: =B11*D11 -> 0 | G11: =B11*F11 -> 0
A12: Connection to leak detection system | B12: 1 | C12: EA | D12: 85 | E12: =B12*D12 -> 85 | F12: 1.666 | G12: =B12*F12 -> 1.67
E13: =B13*D13 -> 0 | G13: =B13*F13 -> 0
A14: Connection to level indicator | B14: 1 | C14: EA | D14: 85 | E14: =B14*D14 -> 85 | F14: 1.666 | G14: =B14*F14 -> 1.67
A16: 600 amp automatic transfer switch | B16: 1 | C16: EA | D16: 8701.65 | E16: =B16*D16 -> 8702 | F16: 17.7 | G16: =B16*F16 -> 17.7
E17: =B17*D17 -> 0 | G17: =B17*F17 -> 0
A18: 600 amp emergency distribution panel | B18: 1 | C18: EA | D18: 11968.2 | E18: =B18*D18 -> 11968 | F18: 18.6 | G18: =B18*F18 -> 18.6
E19: =B19*D19 -> 0 | G19: =B19*F19 -> 0 | H19: =D19+F19 -> 0 | I19: =SUM(E19,G19) -> 0
A20: 100 amp, 120/208 volt, 30 circuits MLO | E20: =B20*D20 -> 0 | G20: =B20*F20 -> 0
A21: emergency panel | B21: 4 | C21: EA | D21: 2280 | E21: =B21*D21 -> 9120 | F21: 16 | G21: =B21*F21 -> 64
A23: 225 amp, 120/208 volt, 42 circuits, 4 wire, | G23: =B23*F23 -> 0
A24: 3 phase MLO standby panel | B24: 2 | C24: EA | D24: 3392 | E24: =B24*D24 -> 6784 | F24: 24 | G24: =B24*F24 -> 48
A26: 2 1/2" diameter rigid steel conduit with fittings | B26: 15 | C26: LF | D26: 28.07 | E26: =B26*D26 -> 421 | F26: 0.229 | G26: =B26*F26 -> 3.44
A28: 2" diameter EMT conduit | B28: 100 | C28: LF | D28: 4.7 | E28: =B28*D28 -> 470 | F28: 0.1 | G28: =B28*F28 -> 10
A30: 1 1/4" diameter EMT conduit | B30: 175 | C30: LF | D30: 3.28 | E30: =B30*D30 -> 574 | F30: 0.08 | G30: =B30*F30 -> 14
A32: #2 THHN copper | B32: 350 | C32: LF | D32: 3.31 | E32: =B32*D32 -> 1159 | F32: 0.018 | G32: =B32*F32 -> 6.3
E33: =B33*D33 -> 0 | G33: =B33*F33 -> 0
A34: #1/0 THHN copper | B34: 600 | C34: LF | D34: 5.12 | E34: =B34*D34 -> 3072 | F34: 0.025 | G34: =B34*F34 -> 15
E37: =B37*D37 -> 0 | G37: =B37*F37 -> 0
A38: POWER GENERATION AND DISTRIBUTION (Continued)
A40: #3/0 THHN copper | B40: 350 | C40: LF | D40: 8.2 | E40: =B40*D40 -> 2870 | F40: 0.033 | G40: =B40*F40 -> 11.55
E41: =B41*D41 -> 0 | G41: =B41*F41 -> 0
A42: #4/0 THHN copper | B42: 80 | C42: LF | D42: 10.19 | E42: =B42*D42 -> 815 | F42: 0.037 | G42: =B42*F42 -> 2.96
E43: =B43*D43 -> 0 | G43: =B43*F43 -> 0 | H43: =D43+F43 -> 0 | I43: =SUM(E43,G43) -> 0
A44: Test and tag | B44: 1 | C44: LOT | D44: 1650 | E44: =B44*D44 -> 1650 | F44: 20 | G44: =B44*F44 -> 20
E45: =B45*D45 -> 0 | G45: =B45*F45 -> 0
A46: SUBTOTAL LABOR HOURS: | E46: =B46*D46 -> 0 | G46: =SUM(G1:G45) -> 316.69 | H46: Hours
A48: Premium Time | B48: 0.1 | G48: =G46*B48 -> 31.67 | H48: Hours
A50: TOTAL LABOR HOURS: | G50: =SUM(G46:G49) -> 348.36 | H50: Hours
A52: Labor Rate | G52: ='Labor Rates'!F66 -> 95.83 | H52: /Hour
A54: SUBTOTAL: | E54: =SUM(E1:E53) -> 139973 | G54: =G50*G52 -> 33383 | I54: =SUM(E54:G54) -> 173356
A56: Subcontractor's Overhead and Profit on
A57: Material and Labor | B57: 0.2 | E57: =E54*B57 -> 27995 | G57: =G54*B57 -> 6677 | I57: =SUM(E57:G57) -> 34672
A67: TOTAL ESTIMATED COST: | B67: 600 | C67: EAMP | E67: =SUM(E54:E66) -> 167968 | G67: =SUM(G54:G66) -> 40060 | I67: =SUM(I54:I66) -> 208028

Sheet 101
A2: 10 - EQUIPMENT AND FURNISHINGS | D2: MATERIAL/EQUIPMENT | F2: LABOR | H2: TOTAL | I2: TOTAL
B3: QUANTITY | C3: UNIT | D3: RATE | E3: TOTAL | F3: HOURS | G3: TOTAL | H3: UNIT RATE | I3: MATERIAL/LABOR
A4: 101 - Equipment | D4: $ | E4: $ | G4: $ | H4: $ | I4: $
E6: =B6*D6 -> 0 | G6: =B6*F6 -> 0 | H6: =D6+F6 -> 0 | I6: =SUM(E6,G6) -> 0
A7: ATHLETIC EQUIPMENT | E7: =B7*D7 -> 0 | G7: =B7*F7 -> 0
E8: =B8*D8 -> 0 | G8: =B8*F8 -> 0
A9: Practice basketball goal, wall mounted
A10: (height adjustable) | B10: 4 | C10: EA | D10: 3590 | E10: =B10*D10 -> 14360 | F10: 16.06 | G10: =B10*F10 -> 64.24
E11: =B11*D11 -> 0 | G11: =B11*F11 -> 0
A12: Retractable basketball goal | B12: 2 | C12: EA | D12: 6640 | E12: =B12*D12 -> 13280 | F12: 21.5 | G12: =B12*F12 -> 43
E13: =B13*D13 -> 0 | G13: =B13*F13 -> 0
A14: Floor markings (subcontractor) | B14: 1 | C14: LOT | D14: 1669 | E14: =B14*D14 -> 1669 | F14: 24 | G14: =B14*F14 -> 24
E15: =B15*D15 -> 0 | G15: =B15*F15 -> 0
A16: Floor insert | B16: 4 | C16: EA | D16: 267.5 | E16: =B16*D16 -> 1070 | F16: 0.6 | G16: =B16*F16 -> 2.4
E17: =B17*D17 -> 0 | G17: =B17*F17 -> 0
A18: Chinning bar | B18: 2 | C18: EA | D18: 465 | E18: =B18*D18 -> 930 | F18: 2.85 | G18: =B18*F18 -> 5.7
E19: =B19*D19 -> 0 | G19: =B19*F19 -> 0
A20: Climbing pegboard | B20: 2 | C20: EA | D20: 700 | E20: =B20*D20 -> 1400 | F20: 2.85 | G20: =B20*F20 -> 5.7
E21: =B21*D21 -> 0 | G21: =B21*F21 -> 0 | H21: =D21+F21 -> 0 | I21: =SUM(E21,G21) -> 0
A22: FOOD SERVICE AND KITCHEN EQUIPMENT | E22: =B22*D22 -> 0 | G22: =B22*F22 -> 0
E23: =B23*D23 -> 0 | G23: =B23*F23 -> 0
A24: Reach-in refrigerator | B24: 1 | C24: EA | D24: 6908 | E24: =B24*D24 -> 6908 | F24: 1 | G24: =B24*F24 -> 1
E25: =B25*D25 -> 0 | G25: =B25*F25 -> 0
A26: Reach-in freezer | B26: 1 | C26: EA | D26: 5975 | E26: =B26*D26 -> 5975 | F26: 1 | G26: =B26*F26 -> 1
E27: =B27*D27 -> 0 | G27: =B27*F27 -> 0
A28: Commercial convection oven | B28: 1 | C28: EA | D28: 13180 | E28: =B28*D28 -> 13180 | F28: 3 | G28: =B28*F28 -> 3
E29: =B29*D29 -> 0 | G29: =B29*F29 -> 0
A30: Commercial stacked washer and dryer | B30: 1 | C30: EA | D30: 4750 | E30: =B30*D30 -> 4750 | F30: 1.75 | G30: =B30*F30 -> 1.75
E31: =B31*D31 -> 0 | G31: =B31*F31 -> 0
A32: Commercial range with hood | B32: 6 | C32: EA | D32: 10418 | E32: =B32*D32 -> 62508 | F32: 1.75 | G32: =B32*F32 -> 10.5
E33: =B33*D33 -> 0 | G33: =B33*F33 -> 0
A34: Commercial under counter refrigerator | B34: 5 | C34: EA | D34: 2690 | E34: =B34*D34 -> 13450 | F34: 1 | G34: =B34*F34 -> 5
A38: LIBRARY EQUIPMENT
A40: IMC stack | B40: 6 | C40: EA | D40: 1985 | E40: =B40*D40 -> 11910 | F40: 12 | G40: =B40*F40 -> 72
A42: OTHER EQUIPMENT | E42: =B42*D42 -> 0 | G42: =B42*F42 -> 0
E43: =B43*D43 -> 0 | G43: =B43*F43 -> 0
A44: Swing arm TV bracket | B44: 20 | C44: EA | D44: 255 | E44: =B44*D44 -> 5100 | F44: 1.22 | G44: =B44*F44 -> 24.4
A46: 65" flat panel television | B46: 20 | C46: EA | D46: 1900 | E46: =B46*D46 -> 38000 | F46: 1.15 | G46: =B46*F46 -> 23
E47: =B47*D47 -> 0 | G47: =B47*F47 -> 0 | H47: =D47+F47 -> 0 | I47: =SUM(E47,G47) -> 0
A48: TOTAL LABOR HOURS: | E48: =B48*D48 -> 0 | G48: =SUM(G1:G47) -> 286.69 | H48: Hours
A50: Labor Rate | G50: ='Labor Rates'!F22 -> 89.17 | H50: /Hour
E66: =B66*D66 -> 0 | G66: =B66*F66 -> 0 | H66: =D66+F66 -> 0 | I66: =SUM(E66,G66) -> 0
A67: TOTAL ESTIMATED COST: | B67: 65 | C67: EQEA | E67: =SUM(E1:E66) -> 194490 | G67: =G48*G50 -> 25564 | I67: =E67+G67 -> 220054

Sheet 102
A2: 10 - EQUIPMENT AND FURNISHINGS | D2: MATERIAL/EQUIPMENT | F2: LABOR | H2: TOTAL | I2: TOTAL
B3: QUANTITY | C3: UNIT | D3: RATE | E3: TOTAL | F3: HOURS | G3: TOTAL | H3: UNIT RATE | I3: MATERIAL/LABOR
A4: 102 - Furnishings | D4: $ | E4: $ | G4: $ | H4: $ | I4: $
E6: =B6*D6 -> 0 | G6: =B6*F6 -> 0 | H6: =D6+F6 -> 0 | I6: =SUM(E6,G6) -> 0
A7: MATS | E7: =B7*D7 -> 0 | G7: =B7*F7 -> 0 | H7: =D7+F7 -> 0 | I7: =SUM(E7,G7) -> 0
E8: =B8*D8 -> 0 | G8: =B8*F8 -> 0 | H8: =D8+F8 -> 0 | I8: =SUM(E8,G8) -> 0
A9: Rubber entry mat | B9: 200 | C9: SF | D9: 23.85 | E9: =B9*D9 -> 4770 | F9: 0.035 | G9: =B9*F9 -> 7
E10: =B10*D10 -> 0 | G10: =B10*F10 -> 0 | H10: =D10+F10 -> 0 | I10: =SUM(E10,G10) -> 0
A11: TOTAL LABOR HOURS: | E11: =B11*D11 -> 0 | G11: =SUM(G1:G10) -> 7 | H11: Hours
A13: Labor Rate | G13: ='Labor Rates'!F22 -> 89.17 | H13: /Hour
E14: =B14*D14 -> 0 | G14: =B14*F14 -> 0 | H14: =D14+F14 -> 0 | I14: =SUM(E14,G14) -> 0
E15: =B15*D15 -> 0 | G15: =B15*F15 -> 0 | H15: =D15+F15 -> 0 | I15: =SUM(E15,G15) -> 0
E32: =B32*D32 -> 0 | G32: =B32*F32 -> 0 | H32: =D32+F32 -> 0 | I32: =SUM(E32,G32) -> 0
E33: =B33*D33 -> 0 | G33: =B33*F33 -> 0 | H33: =D33+F33 -> 0 | I33: =SUM(E33,G33) -> 0
E34: =B34*D34 -> 0 | G34: =B34*F34 -> 0 | H34: =D34+F34 -> 0 | I34: =SUM(E34,G34) -> 0
E35: =B35*D35 -> 0 | G35: =B35*F35 -> 0 | H35: =D35+F35 -> 0 | I35: =SUM(E35,G35) -> 0
A36: TOTAL ESTIMATED COST: | B36: 112 | C36: FUEA | E36: =SUM(E1:E35) -> 4770 | G36: =G11*G13 -> 624 | I36: =G36+E36 -> 5394

Sheet 111
A2: 11 - SPECIAL CONDITIONS | D2: MATERIAL/EQUIPMENT | F2: LABOR | H2: TOTAL | I2: TOTAL
B3: QUANTITY | C3: UNIT | D3: RATE | E3: TOTAL | F3: HOURS | G3: TOTAL | H3: UNIT RATE | I3: MATERIAL/LABOR
A4: 111 - Special Construction | D4: $ | E4: $ | G4: $ | H4: $ | I4: $
E6: =B6*D6 -> 0 | G6: =B6*F6 -> 0 | H6: =D6+F6 -> 0 | I6: =SUM(E6,G6) -> 0
E7: =B7*D7 -> 0 | G7: =B7*F7 -> 0 | H7: =D7+F7 -> 0 | I7: =SUM(E7,G7) -> 0
E8: =B8*D8 -> 0 | G8: =B8*F8 -> 0 | H8: =D8+F8 -> 0 | I8: =SUM(E8,G8) -> 0
E9: =B9*D9 -> 0 | G9: =B9*F9 -> 0 | H9: =D9+F9 -> 0 | I9: =SUM(E9,G9) -> 0
E10: =B10*D10 -> 0 | G10: =B10*F10 -> 0 | H10: =D10+F10 -> 0 | I10: =SUM(E10,G10) -> 0
E11: =B11*D11 -> 0 | G11: =B11*F11 -> 0 | H11: =D11+F11 -> 0 | I11: =SUM(E11,G11) -> 0
E12: =B12*D12 -> 0 | G12: =B12*F12 -> 0 | H12: =D12+F12 -> 0 | I12: =SUM(E12,G12) -> 0
E13: =B13*D13 -> 0 | G13: =B13*F13 -> 0 | H13: =D13+F13 -> 0 | I13: =SUM(E13,G13) -> 0
E14: =B14*D14 -> 0 | G14: =B14*F14 -> 0 | H14: =D14+F14 -> 0 | I14: =SUM(E14,G14) -> 0
E15: =B15*D15 -> 0 | G15: =B15*F15 -> 0 | H15: =D15+F15 -> 0 | I15: =SUM(E15,G15) -> 0
E16: =B16*D16 -> 0 | G16: =B16*F16 -> 0 | H16: =D16+F16 -> 0 | I16: =SUM(E16,G16) -> 0
E17: =B17*D17 -> 0 | G17: =B17*F17 -> 0 | H17: =D17+F17 -> 0 | I17: =SUM(E17,G17) -> 0
... E26: =B26*D26 -> 0 | G26: =B26*F26 -> 0 | H26: =D26+F26 -> 0 | I26: =SUM(E26,G26) -> 0
A27: SUBTOTAL: | E27: =SUM(E1:E26) -> 0 | G27: =SUM(G1:G26) -> 0 | I27: =SUM(I1:I26) -> 0
A29: Labor Premium Time | B29: ='Notes-GFA'!$C$14 -> 0 | G29: =G27*B29 -> 0 | I29: =G29 -> 0
E30: =B30*D30 -> 0 | G30: =B30*F30 -> 0 | H30: =D30+F30 -> 0 | I30: =SUM(E30,G30) -> 0
E31: =B31*D31 -> 0 | G31: =B31*F31 -> 0 | H31: =D31+F31 -> 0 | I31: =SUM(E31,G31) -> 0
E32: =B32*D32 -> 0 | G32: =B32*F32 -> 0 | H32: =D32+F32 -> 0 | I32: =SUM(E32,G32) -> 0
E33: =B33*D33 -> 0 | G33: =B33*F33 -> 0 | H33: =D33+F33 -> 0 | I33: =SUM(E33,G33) -> 0
E34: =B34*D34 -> 0 | G34: =B34*F34 -> 0 | H34: =D34+F34 -> 0 | I34: =SUM(E34,G34) -> 0
E35: =B35*D35 -> 0 | G35: =B35*F35 -> 0 | H35: =D35+F35 -> 0 | I35: =SUM(E35,G35) -> 0
A36: TOTAL ESTIMATED COST: | C36: SCSF | E36: =SUM(E27:E35) -> 0 | G36: =SUM(G27:G35) -> 0 | I36: =SUM(I27:I35) -> 0

Sheet 112
A2: 11 - SPECIAL CONDITIONS | D2: MATERIAL/EQUIPMENT | F2: LABOR | H2: TOTAL | I2: TOTAL
B3: QUANTITY | C3: UNIT | D3: RATE | E3: TOTAL | F3: HOURS | G3: TOTAL | H3: UNIT RATE | I3: MATERIAL/LABOR
A4: 112 - Special Demolition | D4: $ | E4: $ | G4: $ | H4: $ | I4: $
E6: =B6*D6 -> 0 | G6: =B6*F6 -> 0 | H6: =D6+F6 -> 0 | I6: =SUM(E6,G6) -> 0
E7: =B7*D7 -> 0 | G7: =B7*F7 -> 0 | H7: =D7+F7 -> 0 | I7: =SUM(E7,G7) -> 0
E8: =B8*D8 -> 0 | G8: =B8*F8 -> 0 | H8: =D8+F8 -> 0 | I8: =SUM(E8,G8) -> 0
E9: =B9*D9 -> 0 | G9: =B9*F9 -> 0 | H9: =D9+F9 -> 0 | I9: =SUM(E9,G9) -> 0
E10: =B10*D10 -> 0 | G10: =B10*F10 -> 0 | H10: =D10+F10 -> 0 | I10: =SUM(E10,G10) -> 0
E11: =B11*D11 -> 0 | G11: =B11*F11 -> 0 | H11: =D11+F11 -> 0 | I11: =SUM(E11,G11) -> 0
E12: =B12*D12 -> 0 | G12: =B12*F12 -> 0 | H12: =D12+F12 -> 0 | I12: =SUM(E12,G12) -> 0
E13: =B13*D13 -> 0 | G13: =B13*F13 -> 0 | H13: =D13+F13 -> 0 | I13: =SUM(E13,G13) -> 0
E14: =B14*D14 -> 0 | G14: =B14*F14 -> 0 | H14: =D14+F14 -> 0 | I14: =SUM(E14,G14) -> 0
E15: =B15*D15 -> 0 | G15: =B15*F15 -> 0 | H15: =D15+F15 -> 0 | I15: =SUM(E15,G15) -> 0
E16: =B16*D16 -> 0 | G16: =B16*F16 -> 0 | H16: =D16+F16 -> 0 | I16: =SUM(E16,G16) -> 0
E17: =B17*D17 -> 0 | G17: =B17*F17 -> 0 | H17: =D17+F17 -> 0 | I17: =SUM(E17,G17) -> 0
... E26: =B26*D26 -> 0 | G26: =B26*F26 -> 0 | H26: =D26+F26 -> 0 | I26: =SUM(E26,G26) -> 0
A27: SUBTOTAL: | E27: =SUM(E1:E26) -> 0 | G27: =SUM(G1:G26) -> 0 | I27: =SUM(I1:I26) -> 0
A29: Labor Premium Time | B29: ='Notes-GFA'!$C$14 -> 0 | G29: =G27*B29 -> 0 | I29: =G29 -> 0
E30: =B30*D30 -> 0 | G30: =B30*F30 -> 0 | H30: =D30+F30 -> 0 | I30: =SUM(E30,G30) -> 0
E31: =B31*D31 -> 0 | G31: =B31*F31 -> 0 | H31: =D31+F31 -> 0 | I31: =SUM(E31,G31) -> 0
E32: =B32*D32 -> 0 | G32: =B32*F32 -> 0 | H32: =D32+F32 -> 0 | I32: =SUM(E32,G32) -> 0
E33: =B33*D33 -> 0 | G33: =B33*F33 -> 0 | H33: =D33+F33 -> 0 | I33: =SUM(E33,G33) -> 0
E34: =B34*D34 -> 0 | G34: =B34*F34 -> 0 | H34: =D34+F34 -> 0 | I34: =SUM(E34,G34) -> 0
E35: =B35*D35 -> 0 | G35: =B35*F35 -> 0 | H35: =D35+F35 -> 0 | I35: =SUM(E35,G35) -> 0
A36: TOTAL ESTIMATED COST: | C36: SCSF | E36: =SUM(E27:E35) -> 0 | G36: =SUM(G27:G35) -> 0 | I36: =SUM(I27:I35) -> 0

Sheet 113
A2: 11 - SPECIAL CONDITIONS | D2: MATERIAL/EQUIPMENT | F2: LABOR | H2: TOTAL | I2: TOTAL
B3: QUANTITY | C3: UNIT | D3: RATE | E3: TOTAL | F3: HOURS | G3: TOTAL | H3: UNIT RATE | I3: MATERIAL/LABOR
A4: 113 - Special Site Conditions | D4: $ | E4: $ | G4: $ | H4: $ | I4: $
E6: =B6*D6 -> 0 | G6: =B6*F6 -> 0 | H6: =D6+F6 -> 0 | I6: =SUM(E6,G6) -> 0
E7: =B7*D7 -> 0 | G7: =B7*F7 -> 0 | H7: =D7+F7 -> 0 | I7: =SUM(E7,G7) -> 0
E8: =B8*D8 -> 0 | G8: =B8*F8 -> 0 | H8: =D8+F8 -> 0 | I8: =SUM(E8,G8) -> 0
E9: =B9*D9 -> 0 | G9: =B9*F9 -> 0 | H9: =D9+F9 -> 0 | I9: =SUM(E9,G9) -> 0
E10: =B10*D10 -> 0 | G10: =B10*F10 -> 0 | H10: =D10+F10 -> 0 | I10: =SUM(E10,G10) -> 0
E11: =B11*D11 -> 0 | G11: =B11*F11 -> 0 | H11: =D11+F11 -> 0 | I11: =SUM(E11,G11) -> 0
E12: =B12*D12 -> 0 | G12: =B12*F12 -> 0 | H12: =D12+F12 -> 0 | I12: =SUM(E12,G12) -> 0
E13: =B13*D13 -> 0 | G13: =B13*F13 -> 0 | H13: =D13+F13 -> 0 | I13: =SUM(E13,G13) -> 0
E14: =B14*D14 -> 0 | G14: =B14*F14 -> 0 | H14: =D14+F14 -> 0 | I14: =SUM(E14,G14) -> 0
E15: =B15*D15 -> 0 | G15: =B15*F15 -> 0 | H15: =D15+F15 -> 0 | I15: =SUM(E15,G15) -> 0
E16: =B16*D16 -> 0 | G16: =B16*F16 -> 0 | H16: =D16+F16 -> 0 | I16: =SUM(E16,G16) -> 0
E17: =B17*D17 -> 0 | G17: =B17*F17 -> 0 | H17: =D17+F17 -> 0 | I17: =SUM(E17,G17) -> 0
... E26: =B26*D26 -> 0 | G26: =B26*F26 -> 0 | H26: =D26+F26 -> 0 | I26: =SUM(E26,G26) -> 0
A27: SUBTOTAL: | E27: =SUM(E1:E26) -> 0 | G27: =SUM(G1:G26) -> 0 | I27: =SUM(I1:I26) -> 0
A29: Labor Premium Time | B29: ='Notes-GFA'!$C$14 -> 0 | G29: =G27*B29 -> 0 | I29: =G29 -> 0
E30: =B30*D30 -> 0 | G30: =B30*F30 -> 0 | H30: =D30+F30 -> 0 | I30: =SUM(E30,G30) -> 0
E31: =B31*D31 -> 0 | G31: =B31*F31 -> 0 | H31: =D31+F31 -> 0 | I31: =SUM(E31,G31) -> 0
E32: =B32*D32 -> 0 | G32: =B32*F32 -> 0 | H32: =D32+F32 -> 0 | I32: =SUM(E32,G32) -> 0
E33: =B33*D33 -> 0 | G33: =B33*F33 -> 0 | H33: =D33+F33 -> 0 | I33: =SUM(E33,G33) -> 0
E34: =B34*D34 -> 0 | G34: =B34*F34 -> 0 | H34: =D34+F34 -> 0 | I34: =SUM(E34,G34) -> 0
E35: =B35*D35 -> 0 | G35: =B35*F35 -> 0 | H35: =D35+F35 -> 0 | I35: =SUM(E35,G35) -> 0
A36: TOTAL ESTIMATED COST: | C36: EWCY | E36: =SUM(E27:E35) -> 0 | G36: =SUM(G27:G35) -> 0 | I36: =SUM(I27:I35) -> 0

Sheet 121
A2: 12 - GENERAL CONDITIONS | D2: MATERIAL/EQUIPMENT | F2: LABOR | H2: TOTAL | I2: TOTAL
B3: QUANTITY | C3: UNIT | D3: RATE | E3: TOTAL | F3: HOURS | G3: TOTAL | H3: UNIT RATE | I3: MATERIAL/LABOR
A4: 121 - Mobilization/Demobilization | D4: $ | E4: $ | G4: $ | H4: $ | I4: $
E6: =B6*D6 -> 0 | G6: =B6*F6 -> 0 | H6: =D6+F6 -> 0 | I6: =SUM(E6,G6) -> 0
A7: Mobilization (temporary facilities) | B7: 1 | C7: LOT | D7: 4875 | E7: =B7*D7 -> 4875 | F7: 100 | G7: =B7*F7 -> 100
E8: =B8*D8 -> 0 | G8: =B8*F8 -> 0
A9: Construction fence | B9: 500 | C9: LF | D9: 12 | E9: =B9*D9 -> 6000 | F9: 0.185 | G9: =B9*F9 -> 92.5
A11: Incidental freight | B11: 50 | C11: TONS | D11: 1000 | E11: =B11*D11 -> 50000 | F11: 0.75 | G11: =B11*F11 -> 37.5
A13: Final clean-up and demobilize | B13: 1 | C13: LOT | D13: 3000 | E13: =B13*D13 -> 3000 | F13: 100 | G13: =B13*F13 -> 100
E14: =B14*D14 -> 0 | G14: =B14*F14 -> 0 | H14: =D14+F14 -> 0 | I14: =SUM(E14,G14) -> 0
A15: TOTAL LABOR HOURS: | E15: =B15*D15 -> 0 | G15: =SUM(G1:G14) -> 330 | H15: Hours
A17: Labor Rate | G17: ='Labor Rates'!F31 -> 85.47 | H17: /Hour
E18: =B18*D18 -> 0 | G18: =B18*F18 -> 0 | H18: =D18+F18 -> 0 | I18: =SUM(E18,G18) -> 0
E19: =B19*D19 -> 0 | G19: =B19*F19 -> 0 | H19: =D19+F19 -> 0 | I19: =SUM(E19,G19) -> 0
E20: =B20*D20 -> 0 | G20: =B20*F20 -> 0 | H20: =D20+F20 -> 0 | I20: =SUM(E20,G20) -> 0
E21: =B21*D21 -> 0 | G21: =B21*F21 -> 0 | H21: =D21+F21 -> 0 | I21: =SUM(E21,G21) -> 0
E22: =B22*D22 -> 0 | G22: =B22*F22 -> 0 | H22: =D22+F22 -> 0 | I22: =SUM(E22,G22) -> 0
E23: =B23*D23 -> 0 | G23: =B23*F23 -> 0 | H23: =D23+F23 -> 0 | I23: =SUM(E23,G23) -> 0
E24: =B24*D24 -> 0 | G24: =B24*F24 -> 0 | H24: =D24+F24 -> 0 | I24: =SUM(E24,G24) -> 0
E25: =B25*D25 -> 0 | G25: =B25*F25 -> 0 | H25: =D25+F25 -> 0 | I25: =SUM(E25,G25) -> 0
E30: =B30*D30 -> 0 | G30: =B30*F30 -> 0 | H30: =D30+F30 -> 0 | I30: =SUM(E30,G30) -> 0
E31: =B31*D31 -> 0 | G31: =B31*F31 -> 0 | H31: =D31+F31 -> 0 | I31: =SUM(E31,G31) -> 0
E32: =B32*D32 -> 0 | G32: =B32*F32 -> 0 | H32: =D32+F32 -> 0 | I32: =SUM(E32,G32) -> 0
E33: =B33*D33 -> 0 | G33: =B33*F33 -> 0 | H33: =D33+F33 -> 0 | I33: =SUM(E33,G33) -> 0
... E35: =B35*D35 -> 0 | G35: =B35*F35 -> 0 | H35: =D35+F35 -> 0 | I35: =SUM(E35,G35) -> 0
A36: TOTAL ESTIMATED COST: | B36: 50 | C36: TONS | E36: =SUM(E1:E35) -> 63875 | G36: =G15*G17 -> 28205 | I36: =G36+E36 -> 92080

Sheet 122
A2: 12 - GENERAL CONDITIONS | D2: MATERIAL/EQUIPMENT | F2: LABOR | H2: TOTAL | I2: TOTAL
B3: QUANTITY | C3: UNIT | D3: RATE | E3: TOTAL | F3: HOURS | G3: TOTAL | H3: UNIT RATE | I3: MATERIAL/LABOR
A4: 122 - Site Staff | D4: $ | E4: $ | G4: $ | H4: $ | I4: $
E6: =B6*D6 -> 0 | G6: =B6*F6 -> 0 | H6: =D6+F6 -> 0 | I6: =SUM(E6,G6) -> 0
A7: Project manager | I7: Included in Mark-Up
G8: =B8*F8 -> 0 | H8: =D8+F8 -> 0 | I8: =E8+G8 -> 0
A9: Superintendent | B9: 14 | C9: MOS | E9: =B9*D9 -> 0 | F9: 14400 | G9: =B9*F9 -> 201600 | H9: =D9+F9 -> 14400 | I9: =E9+G9 -> 201600
A11: Engineer | B11: 300 | C11: HRS | E11: =B11*D11 -> 0 | F11: 165 | G11: =B11*F11 -> 49500 | H11: =D11+F11 -> 165 | I11: =E11+G11 -> 49500
A13: Scheduler and estimator | B13: 12 | C13: MOS | E13: =B13*D13 -> 0 | F13: 5000 | G13: =B13*F13 -> 60000 | H13: =D13+F13 -> 5000 | I13: =E13+G13 -> 60000
E14: =B14*D14 -> 0 | G14: =B14*F14 -> 0 | H14: =D14+F14 -> 0
A15: Expediting | B15: 1000 | C15: HRS | D15: 25 | E15: =B15*D15 -> 25000 | F15: 66 | G15: =B15*F15 -> 66000 | H15: =D15+F15 -> 91 | I15: =E15+G15 -> 91000
G16: =B16*F16 -> 0 | H16: =D16+F16 -> 0 | I16: =E16+G16 -> 0
A17: Quality control | B17: 1000 | C17: HRS | F17: 85 | G17: =B17*F17 -> 85000 | H17: =D17+F17 -> 85 | I17: =E17+G17 -> 85000
E18: =B18*D18 -> 0 | G18: =B18*F18 -> 0 | H18: =D18+F18 -> 0
A19: Site staff/clerk | B19: 12 | C19: MOS | E19: =B19*D19 -> 0 | F19: 3750 | G19: =B19*F19 -> 45000 | H19: =D19+F19 -> 3750 | I19: =E19+G19 -> 45000
E24: =B24*D24 -> 0 | G24: =B24*F24 -> 0 | H24: =D24+F24 -> 0 | I24: =SUM(E24,G24) -> 0
E25: =B25*D25 -> 0 | G25: =B25*F25 -> 0 | H25: =D25+F25 -> 0 | I25: =SUM(E25,G25) -> 0
E30: =B30*D30 -> 0 | G30: =B30*F30 -> 0 | H30: =D30+F30 -> 0 | I30: =SUM(E30,G30) -> 0
E31: =B31*D31 -> 0 | G31: =B31*F31 -> 0 | H31: =D31+F31 -> 0 | I31: =SUM(E31,G31) -> 0
E32: =B32*D32 -> 0 | G32: =B32*F32 -> 0 | H32: =D32+F32 -> 0 | I32: =SUM(E32,G32) -> 0
E33: =B33*D33 -> 0 | G33: =B33*F33 -> 0 | H33: =D33+F33 -> 0 | I33: =SUM(E33,G33) -> 0
E34: =B34*D34 -> 0 | G34: =B34*F34 -> 0 | H34: =D34+F34 -> 0 | I34: =SUM(E34,G34) -> 0
E35: =B35*D35 -> 0 | G35: =B35*F35 -> 0 | H35: =D35+F35 -> 0 | I35: =SUM(E35,G35) -> 0
A36: TOTAL ESTIMATED COST: | B36: 14 | C36: MOS | E36: =SUM(E1:E35) -> 25000 | G36: =SUM(G1:G35) -> 507100 | I36: =SUM(I1:I35) -> 532100

Sheet 123
A2: 12 - GENERAL CONDITIONS | D2: MATERIAL/EQUIPMENT | F2: LABOR | H2: TOTAL | I2: TOTAL
B3: QUANTITY | C3: UNIT | D3: RATE | E3: TOTAL | F3: HOURS | G3: TOTAL | H3: UNIT RATE | I3: MATERIAL/LABOR
A4: 123 - Temporary Construction | D4: $ | E4: $ | G4: $ | H4: $ | I4: $
E6: =B6*D6 -> 0 | G6: =B6*F6 -> 0 | H6: =D6+F6 -> 0 | I6: =SUM(E6,G6) -> 0
A7: Site office and temporary facilities | B7: 14 | C7: MOS | D7: 1700 | E7: =B7*D7 -> 23800 | F7: 25 | G7: =B7*F7 -> 350
E8: =B8*D8 -> 0 | G8: =B8*F8 -> 0 | H8: =D8+F8 -> 0 | I8: =SUM(E8,G8) -> 0
A9: Utilities, lighting, power and communications | B9: 14 | C9: MOS | D9: 4685 | E9: =B9*D9 -> 65590 | F9: 10 | G9: =B9*F9 -> 140
E10: =B10*D10 -> 0 | G10: =B10*F10 -> 0 | H10: =D10+F10 -> 0 | I10: =SUM(E10,G10) -> 0
A11: Protection building/barriers | B11: 1 | C11: LOT | D11: 2250 | E11: =B11*D11 -> 2250 | F11: 135 | G11: =B11*F11 -> 135
E12: =B12*D12 -> 0 | G12: =B12*F12 -> 0 | H12: =D12+F12 -> 0 | I12: =SUM(E12,G12) -> 0
A13: TOTAL LABOR HOURS: | E13: =B13*D13 -> 0 | G13: =SUM(G1:G12) -> 625 | H13: Hours
A15: Labor Rate | G15: ='Labor Rates'!F31 -> 85.47 | H15: /Hour
E16: =B16*D16 -> 0 | G16: =B16*F16 -> 0 | H16: =D16+F16 -> 0 | I16: =SUM(E16,G16) -> 0
E17: =B17*D17 -> 0 | G17: =B17*F17 -> 0 | H17: =D17+F17 -> 0 | I17: =SUM(E17,G17) -> 0
E18: =B18*D18 -> 0 | G18: =B18*F18 -> 0 | H18: =D18+F18 -> 0 | I18: =SUM(E18,G18) -> 0
E19: =B19*D19 -> 0 | G19: =B19*F19 -> 0 | H19: =D19+F19 -> 0 | I19: =SUM(E19,G19) -> 0
E20: =B20*D20 -> 0 | G20: =B20*F20 -> 0 | H20: =D20+F20 -> 0 | I20: =SUM(E20,G20) -> 0
E21: =B21*D21 -> 0 | G21: =B21*F21 -> 0 | H21: =D21+F21 -> 0 | I21: =SUM(E21,G21) -> 0
E22: =B22*D22 -> 0 | G22: =B22*F22 -> 0 | H22: =D22+F22 -> 0 | I22: =SUM(E22,G22) -> 0
E23: =B23*D23 -> 0 | G23: =B23*F23 -> 0 | H23: =D23+F23 -> 0 | I23: =SUM(E23,G23) -> 0
E30: =B30*D30 -> 0 | G30: =B30*F30 -> 0 | H30: =D30+F30 -> 0 | I30: =SUM(E30,G30) -> 0
E31: =B31*D31 -> 0 | G31: =B31*F31 -> 0 | H31: =D31+F31 -> 0 | I31: =SUM(E31,G31) -> 0
E32: =B32*D32 -> 0 | G32: =B32*F32 -> 0 | H32: =D32+F32 -> 0 | I32: =SUM(E32,G32) -> 0
E33: =B33*D33 -> 0 | G33: =B33*F33 -> 0 | H33: =D33+F33 -> 0 | I33: =SUM(E33,G33) -> 0
... E35: =B35*D35 -> 0 | G35: =B35*F35 -> 0 | H35: =D35+F35 -> 0 | I35: =SUM(E35,G35) -> 0
A36: TOTAL ESTIMATED COST: | B36: 14 | C36: MOS | E36: =SUM(E1:E35) -> 91640 | G36: =G13*G15 -> 53419 | I36: =G36+E36 -> 145059

Sheet 124
A2: 12 - GENERAL CONDITIONS | D2: MATERIAL/EQUIPMENT | F2: LABOR | H2: TOTAL | I2: TOTAL
B3: QUANTITY | C3: UNIT | D3: RATE | E3: TOTAL | F3: HOURS | G3: TOTAL | H3: UNIT RATE | I3: MATERIAL/LABOR
A4: 124 - Equipment and Tools | D4: $ | E4: $ | G4: $ | H4: $ | I4: $
E6: =B6*D6 -> 0 | G6: =B6*F6 -> 0 | H6: =D6+F6 -> 0 | I6: =SUM(E6,G6) -> 0
A7: Equipment, including part-time mechanic | B7: 14 | C7: MOS | D7: 5500 | E7: =B7*D7 -> 77000 | F7: 50 | G7: =B7*F7 -> 700
E8: =B8*D8 -> 0 | G8: =B8*F8 -> 0
A9: Tools, consumables, scaffolding, etc. | B9: 14 | C9: MOS | D9: 1755 | E9: =B9*D9 -> 24570 | F9: 5 | G9: =B9*F9 -> 70
E10: =B10*D10 -> 0 | G10: =B10*F10 -> 0 | H10: =D10+F10 -> 0 | I10: =SUM(E10,G10) -> 0
A11: Fuel for equipment | B11: 14 | C11: MOS | D11: 1450 | E11: =B11*D11 -> 20300 | F11: 0 | G11: =B11*F11 -> 0
E12: =B12*D12 -> 0 | G12: =B12*F12 -> 0 | H12: =D12+F12 -> 0 | I12: =SUM(E12,G12) -> 0
A13: TOTAL LABOR HOURS: | E13: =B13*D13 -> 0 | G13: =SUM(G1:G12) -> 770 | H13: Hours
A15: Labor Rate | G15: ='Labor Rates'!F31 -> 85.47 | H15: /Hour
E16: =B16*D16 -> 0 | G16: =B16*F16 -> 0 | H16: =D16+F16 -> 0 | I16: =SUM(E16,G16) -> 0
E17: =B17*D17 -> 0 | G17: =B17*F17 -> 0 | H17: =D17+F17 -> 0 | I17: =SUM(E17,G17) -> 0
E18: =B18*D18 -> 0 | G18: =B18*F18 -> 0 | H18: =D18+F18 -> 0 | I18: =SUM(E18,G18) -> 0
E19: =B19*D19 -> 0 | G19: =B19*F19 -> 0 | H19: =D19+F19 -> 0 | I19: =SUM(E19,G19) -> 0
E20: =B20*D20 -> 0 | G20: =B20*F20 -> 0 | H20: =D20+F20 -> 0 | I20: =SUM(E20,G20) -> 0
E21: =B21*D21 -> 0 | G21: =B21*F21 -> 0 | H21: =D21+F21 -> 0 | I21: =SUM(E21,G21) -> 0
E22: =B22*D22 -> 0 | G22: =B22*F22 -> 0 | H22: =D22+F22 -> 0 | I22: =SUM(E22,G22) -> 0
E23: =B23*D23 -> 0 | G23: =B23*F23 -> 0 | H23: =D23+F23 -> 0 | I23: =SUM(E23,G23) -> 0
E24: =B24*D24 -> 0 | G24: =B24*F24 -> 0 | H24: =D24+F24 -> 0 | I24: =SUM(E24,G24) -> 0
E25: =B25*D25 -> 0 | G25: =B25*F25 -> 0 | H25: =D25+F25 -> 0 | I25: =SUM(E25,G25) -> 0
E30: =B30*D30 -> 0 | G30: =B30*F30 -> 0 | H30: =D30+F30 -> 0 | I30: =SUM(E30,G30) -> 0
E31: =B31*D31 -> 0 | G31: =B31*F31 -> 0 | H31: =D31+F31 -> 0 | I31: =SUM(E31,G31) -> 0
... E35: =B35*D35 -> 0 | G35: =B35*F35 -> 0 | H35: =D35+F35 -> 0 | I35: =SUM(E35,G35) -> 0
A36: TOTAL ESTIMATED COST: | B36: 14 | C36: MOS | E36: =SUM(E1:E35) -> 121870 | G36: =G13*G15 -> 65812 | I36: =G36+E36 -> 187682

Sheet 125
A2: 12 - GENERAL CONDITIONS | D2: MATERIAL/EQUIPMENT | F2: LABOR | H2: TOTAL | I2: TOTAL
B3: QUANTITY | C3: UNIT | D3: RATE | E3: TOTAL | F3: HOURS | G3: TOTAL | H3: UNIT RATE | I3: MATERIAL/LABOR
A4: 125 - Miscellaneous | D4: $ | E4: $ | G4: $ | H4: $ | I4: $
E6: =B6*D6 -> 0 | G6: =B6*F6 -> 0 | H6: =D6+F6 -> 0 | I6: =SUM(E6,G6) -> 0
A7: Cleaning site/snow removal | B7: 14 | C7: MOS | D7: 500 | E7: =B7*D7 -> 7000 | F7: 22 | G7: =B7*F7 -> 308
E8: =B8*D8 -> 0 | G8: =B8*F8 -> 0
A9: Weather protection | B9: 8 | C9: MOS | D9: 750 | E9: =B9*D9 -> 6000 | F9: 20 | G9: =B9*F9 -> 160
E10: =B10*D10 -> 0 | G10: =B10*F10 -> 0 | H10: =D10+F10 -> 0 | I10: =SUM(E10,G10) -> 0
A11: Testing, submittals, as-builts | B11: 1 | C11: LOT | D11: 27500 | E11: =B11*D11 -> 27500 | F11: 0 | G11: =B11*F11 -> 0
E12: =B12*D12 -> 0 | G12: =B12*F12 -> 0
A13: Labor contract filing fee | B13: 1 | C13: LOT | D13: 5000 | E13: =B13*D13 -> 5000 | F13: 0 | G13: =B13*F13 -> 0
E14: =B14*D14 -> 0 | G14: =B14*F14 -> 0 | H14: =D14+F14 -> 0 | I14: =SUM(E14,G14) -> 0
A15: Remove construction debris | B15: 14 | C15: MOS | D15: 750 | E15: =B15*D15 -> 10500 | F15: 10 | G15: =B15*F15 -> 140
E16: =B16*D16 -> 0 | G16: =B16*F16 -> 0 | H16: =D16+F16 -> 0 | I16: =SUM(E16,G16) -> 0
A17: Printing, photographs, videos | B17: 1 | C17: LOT | D17: 1500 | E17: =B17*D17 -> 1500 | F17: 0 | G17: =B17*F17 -> 0
A19: Permits | F19: 0 | I19: By Owner
A21: Plan check and inspection fees | B21: 1 | C21: LOT | D21: 7500 | E21: =B21*D21 -> 7500 | F21: 0 | G21: =B21*F21 -> 0
E22: =B22*D22 -> 0 | G22: =B22*F22 -> 0 | H22: =D22+F22 -> 0 | I22: =SUM(E22,G22) -> 0
A23: Shop and as-built drawings | B23: 1 | C23: LOT | D23: 21000 | E23: =B23*D23 -> 21000 | G23: =B23*F23 -> 0
E24: =B24*D24 -> 0 | G24: =B24*F24 -> 0 | H24: =D24+F24 -> 0 | I24: =SUM(E24,G24) -> 0
A25: TOTAL LABOR HOURS: | E25: =B25*D25 -> 0 | G25: =SUM(G1:G24) -> 608 | H25: Hours
A27: Labor Rate | G27: ='Labor Rates'!F31 -> 85.47 | H27: /Hour
E30: =B30*D30 -> 0 | G30: =B30*F30 -> 0 | H30: =D30+F30 -> 0 | I30: =SUM(E30,G30) -> 0
E31: =B31*D31 -> 0 | G31: =B31*F31 -> 0 | H31: =D31+F31 -> 0 | I31: =SUM(E31,G31) -> 0
E32: =B32*D32 -> 0 | G32: =B32*F32 -> 0 | H32: =D32+F32 -> 0 | I32: =SUM(E32,G32) -> 0
E33: =B33*D33 -> 0 | G33: =B33*F33 -> 0 | H33: =D33+F33 -> 0 | I33: =SUM(E33,G33) -> 0
E34: =B34*D34 -> 0 | G34: =B34*F34 -> 0 | H34: =D34+F34 -> 0 | I34: =SUM(E34,G34) -> 0
E35: =B35*D35 -> 0 | G35: =B35*F35 -> 0 | H35: =D35+F35 -> 0 | I35: =SUM(E35,G35) -> 0
A36: TOTAL ESTIMATED COST: | B36: 14 | C36: MOS | E36: =SUM(E1:E35) -> 86000 | G36: =G25*G27 -> 51966 | I36: =G36+E36 -> 137966

Sheet 126
A2: 12 - GENERAL CONDITIONS | D2: MATERIAL/EQUIPMENT | F2: LABOR | H2: TOTAL | I2: TOTAL
B3: QUANTITY | C3: UNIT | D3: RATE | E3: TOTAL | F3: HOURS | G3: TOTAL | H3: UNIT RATE | I3: MATERIAL/LABOR
A4: 126 - Labor Employment Costs | D4: $ | E4: $ | G4: $ | H4: $ | I4: $
E6: =B6*D6 -> 0 | G6: =B6*F6 -> 0 | H6: =D6+F6 -> 0 | I6: =SUM(E6,G6) -> 0
E7: =B7*D7 -> 0 | G7: =B7*F7 -> 0 | H7: =D7+F7 -> 0 | I7: =SUM(E7,G7) -> 0
E8: =B8*D8 -> 0 | G8: =B8*F8 -> 0 | H8: =D8+F8 -> 0 | I8: =SUM(E8,G8) -> 0
E9: =B9*D9 -> 0 | G9: =B9*F9 -> 0 | H9: =D9+F9 -> 0 | I9: =SUM(E9,G9) -> 0
E10: =B10*D10 -> 0 | G10: =B10*F10 -> 0 | H10: =D10+F10 -> 0 | I10: =SUM(E10,G10) -> 0
E11: =B11*D11 -> 0 | G11: =B11*F11 -> 0 | H11: =D11+F11 -> 0 | I11: =SUM(E11,G11) -> 0
E12: =B12*D12 -> 0 | G12: =B12*F12 -> 0 | H12: =D12+F12 -> 0 | I12: =SUM(E12,G12) -> 0
E13: =B13*D13 -> 0 | G13: =B13*F13 -> 0 | H13: =D13+F13 -> 0 | I13: =SUM(E13,G13) -> 0
E14: =B14*D14 -> 0 | G14: =B14*F14 -> 0 | H14: =D14+F14 -> 0 | I14: =SUM(E14,G14) -> 0
E15: =B15*D15 -> 0 | G15: =B15*F15 -> 0 | H15: =D15+F15 -> 0 | I15: =SUM(E15,G15) -> 0
E16: =B16*D16 -> 0 | G16: =B16*F16 -> 0 | H16: =D16+F16 -> 0 | I16: =SUM(E16,G16) -> 0
E17: =B17*D17 -> 0 | G17: =B17*F17 -> 0 | H17: =D17+F17 -> 0 | I17: =SUM(E17,G17) -> 0
... E35: =B35*D35 -> 0 | G35: =B35*F35 -> 0 | H35: =D35+F35 -> 0 | I35: =SUM(E35,G35) -> 0
A36: TOTAL ESTIMATED COST: | B36: 0 | C36: DAYS | E36: =SUM(E1:E35) -> 0 | G36: =SUM(G1:G35) -> 0 | I36: =SUM(I1:I35) -> 0

Sheet 127
A2: 12 - GENERAL CONDITIONS | D2: MATERIAL/EQUIPMENT | F2: LABOR | H2: TOTAL | I2: TOTAL
B3: QUANTITY | C3: UNIT | D3: RATE | E3: TOTAL | F3: HOURS | G3: TOTAL | H3: UNIT RATE | I3: MATERIAL/LABOR
A4: 127 - Mark-Ups | D4: $ | E4: $ | G4: $ | H4: $ | I4: $
E6: =B6*D6 -> 0 | G6: =B6*F6 -> 0 | H6: =D6+F6 -> 0 | I6: =SUM(E6,G6) -> 0
A7: Home office | B7: 0.035 | I7: =K7*B7 -> 762362 | K7: =SUM(Check!G68:G73)+Check!H65 -> 21781764
A9: Contractor's mark-up | B9: 0.09 | I9: =SUM(I7:K8)*B9 -> 2028971
A11: Bonds and insurances | B11: 0.0245 | I11: =SUM(I7:K10)*B11 -> 602041
A36: TOTAL ESTIMATED COST: | B36: =SUM(B6:B35) -> 0.1495 | C36: MU% | I36: =SUM(I1:I35) -> 3393374

Sheet 131
A2: 13 - CONTINGENCIES | D2: MATERIAL/EQUIPMENT | F2: LABOR | H2: TOTAL | I2: TOTAL
B3: QUANTITY | C3: UNIT | D3: RATE | E3: TOTAL | F3: HOURS | G3: TOTAL | H3: UNIT RATE | I3: MATERIAL/LABOR
A4: 131 - Estimate Contingency | D4: $ | E4: $ | G4: $ | H4: $ | I4: $
E6: =B6*D6 -> 0 | G6: =B6*F6 -> 0 | H6: =D6+F6 -> 0 | I6: =B6*H6 -> 0
A7: The estimator's allowance for architectural and
A8: engineering requirements that are not apparent
A9: at an early level of design documentation | B9: 0.1 | I9: =K9*B9 -> 2517514 | K9: =SUM(Check!H65:H67) -> 25175138
H13: =D13+F13 -> 0 | I13: =B13*H13 -> 0
I19: =SUM(I9:K18)*B19 -> 0
A36: TOTAL ESTIMATED COST: | B36: =SUM(B6:B35) -> 0.1 | C36: EST | E36: =SUM(E5:E35) -> 0 | G36: =SUM(G5:G35) -> 0 | I36: =SUM(I1:I35) -> 2517514

Sheet 132
A2: 13 - CONTINGENCIES | D2: MATERIAL/EQUIPMENT | F2: LABOR | H2: TOTAL | I2: TOTAL
B3: QUANTITY | C3: UNIT | D3: RATE | E3: TOTAL | F3: HOURS | G3: TOTAL | H3: UNIT RATE | I3: MATERIAL/LABOR
A4: 131 - Escalation Contingency | D4: $ | E4: $ | G4: $ | H4: $ | I4: $
E6: =B6*D6 -> 0 | G6: =B6*F6 -> 0 | H6: =D6+F6 -> 0 | I6: =B6*H6 -> 0
A7: The allowance for escalation from the date of
A8: estimate to the proposed bid date at the rate
A9: of 4% per annum | I9: N/A | K9: =SUM(Check!H65:H67)+Check!G77 -> 27692652
H13: =D13+F13 -> 0 | I13: =B13*H13 -> 0
I17: =SUM(I9:K16)*B17 -> 0
A36: TOTAL ESTIMATED COST: | B36: =SUM(B6:B35) -> 0 | C36: ESC | E36: =SUM(E5:E35) -> 0 | G36: =SUM(G5:G35) -> 0 | I36: =SUM(I1:I35) -> 0

Sheet Labor Rates
A2: APRIL 2026 LABOR RATES
B5: TAXES AND INSURANCE BREAKDOWN
B7: FICA and Medicare | D7: 0.0765
B8: FUTA | D8: 0.006
B9: ESC | D9: 0.015
B11: SUBTOTAL: | D11: =SUM(D7:D9) -> 0.0975
B13: Plus Workers' Comp
B15: CARPENTER (S0301) | K15: SITE WORK
B17: Workers' Comp. | D17: 0.0628 | K17: Equipment Operator (A1601) | M17: =M66 -> 96.83
B18: Base Hourly Rate | F18: 52.54 | K18: Laborer (S1202) | M18: =F31 -> 85.47
B19: Taxes and Insurance | D19: =D11+D17 -> 0.1603 | F19: =F18*D19 -> 8.42 | K19: Carpenter (S0301) | M19: =F22 -> 89.17
B20: Fringes | F20: =80.75-F18 -> 28.21
M21: / 3
B22: TOTAL RATE: | F22: =SUM(F18:F20) -> 89.17 | G22: /Hour
M23: =AVERAGE(M17:M19) -> 90.49 | N23: /Hour
B24: LABORER (S1202) | I24: Combine
B26: Workers' Comp. | D26: 0.0611 | I26: =AVERAGE(F31,F22)+0.01 -> 87.33 | J26: /Hour
B27: Base Hourly Rate | F27: 43.25
B28: Taxes and Insurance | D28: =D11+D26 -> 0.1586 | F28: =F27*D28 -> 6.86
B29: Fringes | F29: =78.61-F27 -> 35.36
B31: TOTAL RATE: | F31: =SUM(F27:F29) -> 85.47 | G31: /Hour
B39: ROOFING (A1701) | I39: FINISHES (PAINTERS) (S1301)
B41: Workers' Comp. | D41: 0.1705 | I41: Workers' Comp. | K41: 0.0559
B42: Base Hourly Rate | F42: 52.07 | I42: Base Hourly Rate | M42: 37.29
B43: Taxes and Insurance | D43: =D11+D41 -> 0.268 | F43: =F42*D43 -> 13.95 | I43: Taxes and Insurance | K43: =K41+D11 -> 0.1534 | M43: =M42*K43 -> 5.72
B44: Fringes | F44: =72.38-F42 -> 20.31 | I44: Fringes | M44: =67.59-M42 -> 30.3
B46: TOTAL RATE: | F46: =SUM(F42:F44) -> 86.33 | G46: /Hour | I46: TOTAL RATE: | M46: =SUM(M42:M44) -> 73.31 | N46: /Hour
B49: PLUMBER (S1501) | I49: IRON WORKERS (A1101)
B51: Workers' Comp. | D51: 0.0383 | I51: Workers' Comp. | K51: 0.1201
B52: Base Hourly Rate | F52: 50 | I52: Base Hourly Rate | M52: 48.48
B53: Taxes and Insurance | D53: =D11+D51 -> 0.1358 | F53: =F52*D53 -> 6.79 | I53: Taxes and Insurance | K53: =D11+K51 -> 0.2176 | M53: =M52*K53 -> 10.55
B54: Fringes | F54: =83.4-F52 -> 33.4 | I54: Fringes | M54: =86.66-M52 -> 38.18
B56: TOTAL RATE: | F56: =SUM(F52:F54) -> 90.19 | G56: /Hour | I56: TOTAL RATE: | M56: =SUM(M52:M54) -> 97.21 | N56: /Hour
B59: ELECTRICIAN (A0702) | I59: POWER EQUIPMENT OPERATORS (A1601)
B61: Workers' Comp. | D61: 0.0237 | I61: Workers' Comp. | K61: 0.0886
B62: Base Hourly Rate | F62: 57.44 | I62: Base Hourly Rate | M62: 55.75
B63: Taxes and Insurance | D63: =D61+D11 -> 0.1212 | F63: =F62*D63 -> 6.96 | I63: Taxes and Insurance | K63: =D11+K61 -> 0.1861 | M63: =M62*K63 -> 10.38
B64: Fringes | F64: =88.87-F62 -> 31.43 | I64: Fringes | M64: =86.45-M62 -> 30.7
B66: TOTAL RATE: | F66: =SUM(F62:F64) -> 95.83 | G66: /Hour | I66: TOTAL RATE: | M66: =SUM(M62:M64) -> 96.83 | N66: /Hour
B73: ELEVATOR MECHANIC (A0803)
B75: Workers' Comp. | D75: 0.0201
B76: Base Hourly Rate | F76: 74.44
B77: Taxes and Insurance | D77: =D11+D75 -> 0.1176 | F77: =F76*D77 -> 8.75
B78: Fringes | F78: =123.59-F76 -> 49.15
B80: TOTAL RATE: | F80: =SUM(F76:F78) -> 132.34 | G80: /Hour
B83: DEMOLITION LABORER (S1201)
B85: Workers' Comp. | D85: 0.201
B86: Base Hourly Rate | F86: 42.25
B87: Taxes and Insurance | D87: =D11+D85 -> 0.2985 | F87: =F86*D87 -> 12.61
B88: Fringes | F88: =77.61-F86 -> 35.36
B90: TOTAL RATE: | F90: =SUM(F86:F88) -> 90.22 | G90: /Hour
B93: HAZARDOUS MATERIAL HANDLER (S0902)
B95: Workers' Comp. | D95: 0.201
B96: Base Hourly Rate | F96: 45.85
B97: Taxes and Insurance | D97: =D11+D95 -> 0.2985 | F97: =F96*D97 -> 13.69
B98: Fringes | F98: =67.95-F96 -> 22.1
B100: TOTAL RATE: | F100: =SUM(F96:F98) -> 81.64 | G100: /Hour
